Workbook
Name Actual_Group_Cash_Flow_Model_CY: 'How to use the Kiwi Park Model'!$C$72
Name Authority: [1]Inputs!$F$2
Name Authority: #REF!
Name Authority: 'Sch Parent Inputs'!$F$2
Name CY_Roll: 'Group Inputs'!#REF!
Name Donations_Scheme: #REF!
Name Donations_Scheme: 'Sch Parent Inputs'!$D$3
Name FY: [1]Inputs!$B$3
Name FY: #REF!
Name FY: 'Group Inputs'!$B$3
Name PY: 'Annual Report Index'!FY-1
Name PY: 'Guidance - Cyclical Main Calc'!FY-1
Name PY: FY-1
Name PY_Roll: 'Group Inputs'!#REF!
Name SchoolName: 'Group Inputs'!$B$2
Name SchoolNm: #REF!
Name SchoolNm: [1]Inputs!$B$2
Name SchParentTBConverter: 'Sch Parent TB Converter'!$A$13:$D$249
Name SubsidiaryTBConverter: 'Subsidiary TB Converter'!$A$13:$D$249
Name TblTBConverter: '[1]Trial Balance Converter'!$A$13:$D$255
Name TblTBConverter: #REF!
Name TblTBConverter: #REF!

Sheet Changes for the 2026 model
A1: Change # | B1: Details - Worksheet Amended
A2: 1 | B2: How to use the Kiwi Park Model
A5: =A2+1 -> 2 | B5: School Trial Balance Input
A6: 2.1 | B6: Change to cyclical maintenance figures highlighted for clarity (see Guidance - Cyclical Maintenance Calculation)
A9: =A5+1 -> 3 | B9: Trial Balance Converter
A12: =A9+1 -> 4 | B12: Inputs
A15: =A12+1 -> 5 | B15: Title Page
A18: =A15+1 -> 6 | B18: Index Page
A21: =A18+1 -> 7 | B21: Statement of Responsibility
A24: =A21+1 -> 8 | B24: Statement of Comprehensive Revenue and Expense
A27: =A24+1 -> 9 | B27: Statement of Changes in Net Assets/Equity
A30: =A27+1 -> 10 | B30: Statement of Financial Position
A33: =A30+1 -> 11 | B33: Statement of Cash Flows
A36: =A33+1 -> 12 | B36: Statement of Accounting Policies
A39: =A36+1 -> 13 | B39: Notes and Disclosures
A42: =A39+1 -> 14 | B42: Guidance - General
A45: =A42+1 -> 15 | B45: Guidance - Specific Disclosures
A46: 15.1 | B46: Cell B128: The word "Ministry" replaced with "NZSPA" throughout.
A49: =A45+1 -> 16 | B49: Guidance - Cyclical Maintenance Calculation
A50: 16.1 | B50: Changed guidance in cell D6.
A51: 16.2 | B51: Changed calculation to reflect a present value adjustment to an estimated future cost, per the accounting standards.
A52: 16.3 | B52: Inflation calculated per the table in cells R27:T47.
A53: 16.4 | B53: Column M: Inflation adjusted estimated cost figures changed according to new calculation method.
A56: =A49+1 -> 17 | B56: Guidance - RTLB (Lead Schools only)
A59: =A56+1 -> 18 | B59: Revenue Types
A62: =A59+1 -> 19 | B62: Actual Cash Flow Model Current Year
A65: =A62+1 -> 20 | B65: Budget Cash Flow Model Current Year
A68: =A65+1 -> 21 | B68: Kiwi Park Data

Sheet How to use the Kiwi Park Model
B2: Kiwi Park School Model Group Accounts Programme
B4: Note: This model assumes you do not have the "Allow editing directly in cells" option enabled in Excel. If this option is enabled, you will not be able to double click on links to take you directly to their source. To change this option to use the links, click File (Or the large windows button in the top left of Excel)>Options>Advanced>Unselect the “Allow editing directly in cells” box.
A9: A | B9: About the model
B11: Schools in New Zealand are required to comply with the financial reporting standards applicable to Public Benefit Entities (PBE IPSAS). The Kiwi Park model has been put together to try and make compliance simple. It has also given the Ministry of Education an opportunity to clarify what information is required to be provided and in what format.
A16: B | B16: Mandatory sheets that make up your school's Audited Financial Statements
C19: Red sheets form your financial statements and need to be presented for audit.
A21: 1 | B21: The mandatory sheets that must be submitted as part of the complete Audited Financial statements are:
B22: click here for: | C22: Statement of Responsibility
B23: click here for: | C23: Statement of Comprehensive Revenue and Expense
B24: click here for: | C24: Statement of Change in Net Assets / Equity
B25: click here for: | C25: Statement of Financial Position
B26: click here for: | C26: Statement of Cash Flows
B27: click here for: | C27: Statement of Accounting Policies
B28: click here for: | C28: Notes and Disclosures
A33: C | B33: How to use the workbook
B34: Note: Guidance is located throughout the model. To go to the specific guidance 'double-click' the Guidance located next to specific sections of the model, or go to the sheets Guidance - General and Guidance - Specific Disclosures.
A37: 1 | B37: The Group Inputs sheet populates all other sheets in the workbook, including the Cash Flow worksheets. This Group Model consolidates the parent (Parent Inputs sheet) and subsidiary inputs (Subsidiary Inputs sheets), and accounts for any eliminations in the Eliminations sheet. If you are inserting a row (adding another account), please ensure the same is done in the other sheets.
A40: 2 | B40: All updates for this year are HIGHLIGHTED IN BLUE
A43: 3 | B43: ="The "&FY&" Kiwi Park set of accounts also includes a Statement of Cash Flows for the "&FY-1&" year as comparative figures." -> The 2026 Kiwi Park set of accounts also includes a Statement of Cash Flows for the 2025 year as comparative figures.
A45: 4 | B45: The Inputs and Cash Flow Model sheets are not mandatory but if used, should be submitted to your auditor as part of the supporting working papers for your financial statements.
A47: 4 | B47: The sheets are populated as follows:
C48: Sch Parent Trial Balance Input | F48: - is populated by the user using the schools trial balance. There are balancing checks in Row 1, please ensure that these are showing "Balances". Ensure all accounts are matched to "MOE Account Description" column I.
C49: Sch Parent TB Converter | F49: - is populated by the Sch Parent Trial Balance Input based on the coding in Sch Parent TB Converter sheet, columns G onwards.
C50: Sch PARENT Inputs | F50: - cells requiring manual input are highlighted in GREY. The rest is populated by the SCH Parent TB Converter. Where you change or insert a new account you will need to ensure it is changed in the other sheets.
C51: Subsidiary Trial Balance Input | F51: - is populated by the user using the subsidiary trial balance. There are balancing checks in Row 1, please ensure that these are showing "Balances". Ensure all accounts are matched to "MOE Account Description" column I.
C52: Subsidiary TB Converter | F52: - is populated by the Subsidiary TB Converter based on the coding in sheet Sch Parent TB Converter columns G onwards.
C53: Subsidiary Inputs | F53: - is populated by the Subsidiary TB Converter. Where you change or insert a new account, you will need to ensure it is changed in the other sheets.
C54: Eliminations | F54: - is populated by the user. Where you change or insert a new account you will need to ensure it is changed in the other sheets.
C55: Group Inputs | F55: - is populated by the user. Where you change or insert a new account, you will need to ensure it is changed in the other sheets.
C56: Subsidiary Inputs | F56: - is populated by the user. Where you change or insert a new account, you will need to ensure it is changed in the other sheets.
C57: Parent Actual Cash Flow Model CY | F57: - is automatically populated from the Inputs sheet. | K57: - cells requiring manual input have been highlighted in GREY. - cells highlighted PURPLE should equal zero.
C58: Parent Budget Cash Flow Model CY | F58: - is automatically populated from the Inputs sheet. | K58: - cells requiring manual input have been highlighted in GREY. - cells highlighted PURPLE should equal zero.
C59: Group Budget Cash Flow Model CY | F59: - is automatically populated from the Inputs sheet. | K59: - cells requiring manual input have been highlighted in GREY. - cells highlighted PURPLE should equal zero.
C60: Group Actual Cash Flow Model CY | F60: - is automatically populated from the Inputs sheet. | K60: - cells requiring manual input have been highlighted in GREY. - cells highlighted PURPLE should equal zero.
C61: Notes & Disclosures | F61: - is automatically populated from the Inputs sheet. | K61: - cells requiring manual input are highlighted in GREY.
C62: Statement of Responsibility | F62: - is not populated automatically and will need to be completed by the Presiding Member and Principal.
C63: Statement of Comprehensive Revenue and Expense | F63: - is automatically populated from the Notes and Disclosure sheet and the Inputs sheet. | K63: - check cells where information is drawn from the Inputs sheet by looking at the formula in the cell.
C64: Statement of Change in Net Assets / Equity | F64: - is automatically populated from the Inputs sheet. | K64: - cells requiring manual input are highlighted in GREY.
C65: Statement of Financial Position | F65: - is automatically populated from the Notes and Disclosure sheet and the Inputs sheet. | K65: - check cells where information is drawn from the Inputs sheet by looking at the formula in the cell.
C66: Statement of Cash Flows | F66: - is automatically populated from the Cash Flow sheets. | K66: - check cells where information is drawn from the Inputs sheet by looking at the formula in the cell.
A68: 5 | B68: Users can also choose to manually input data into the Actual Cash Flow Model CY / Budget Cash Flow Model CY sheets or the Notes and Disclosures sheet.
B69: click here for: | C69: Sch Parent Trial Balance Input
B70: click here for: | C70: Parent Trial Balance Converter
B71: click here for: | C71: Sch Parent Inputs
B72: click here for: | C72: Actual Group Cash Flow Model CY
B73: click here for: | C73: Budget Group Cash Flow Model CY
B74: click here for: | C74: Notes & Disclosures
B75: click here for: | C75: Guidance - Cyclical Maintenance Calculation
A77: 6 | B77: The recommended method of completing the financial statements would be to:
B78: a) | C78: In the Group Inputs sheet, enter the school's name and financial year. Use the drop-down menus to select whether it is in the donations scheme, what authority it is and whether it has a Teen Parent Unit.
B79: b) | C79: Enter the school trial balance and the subsidiary trial balance on the Sch Parent Trial Balance Input sheet and the Subsidiary Trial Balance Input sheet respectively. Ensure it all balances as per Row 1.
B80: c) | C80: Map the school trial balance and the subsidiary trial balance on to the respective Sch Parent TB Converter sheet and the Subsidiary TB Converter sheet. Once completed, ensure that column I of the Sch Parent Trial Balance Input sheet and the Subsidiary Trial Balance Input sheet has an MOE account mapped. If not you will need to complete the mapping in the respective Trial Balance Converter sheets.
B81: d) | C81: In the Inputs sheets, check that the numbers have pulled through correctly by checking totals balance in row 4.
B82: e) | C82: The Group Inputs sheet sums both the parent and subsidiary balances and transactions for the period. For financial reporting purposes, however, inter-entity transactions need to be eliminated. The use of the Eliminations sheet is the mechanism which accounts for this. You will need to identify balances at year end (if any) or transactions during the period (if any) which have occurred. You will then need to enter these into the Eliminations sheet as either a positive or negative figure depending on whether the transaction is a credit or debit entry.
B83: f) | C83: If you have a material amount that is not included on the Inputs sheet, then insert another line in the appropriate section and ensure you assign it the most relevant FIDS code. | O83: ='St of Accounting Policies'!D13 -> 0
B84: g) | C84: If you add an account to the Inputs sheet, please ensure you repeat it by adding the account to the Actual Cash Flow CY and Budget Cash Flow CY. Ensure the account is also added to the Notes and Disclosure sheet under the applicable account category.
B85: h) | C85: Manually enter items into the grey shaded boxes in the Statement of Change in Net Assets & Equity, Statement of Cash Flows and Notes and Disclosures sheets.
B86: i) | C86: If a specific note or line on the face of the statements is not relevant for the school and does not contain any figures, it can be hidden by hiding all rows of the note from the Notes and Disclosures sheet and the associated lines on the face of the financial statements using the filters in column B.
A88: 7 | B88: Please remove all highlights from cells, arrows and wording that provides guidance from all financial statements before submitting your school's accounts
A90: 8 | B90: When printing the financial statements, and specifically the notes, check the print preview first to ensure all of the data is being printed correctly. If a note spans over one page, you can insert a "page break" above the note to move it to the start of the next page. The "page break" tool is found on the "Page Layout" tab of excel. To ensure the page numbers print correctly, select and print all the relevant sheets at the same time rather than individually.
A95: D | B95: Things of note
A97: 1 | B97: The consolidated financial statements are required to be prepared using this format, but accounting policies and notes should be adapted where necessary to fit the circumstances of the school. The model has been prepared to apply to most schools, but if your school has additional disclosures, such as a controlled entity which has not been consolidated, breaches of legislation or financial difficulties, additional notes can be added.
A101: 2 | B101: This model is not a 'catch all' and if you have balances that are unusual you should consult with your local School Finance Advisor or Financial Services Provider.
A103: 3 | B103: This model allows you to consolidate multiple entities and school accounts into a group format.
A105: 4 | B105: The model is merely a working example so you will need to edit the model and replace it with the financial information relevant to your school.
A107: 5 | B107: The Statement of Cash Flows and associated cash flow models apply the direct method of accounting. Schools are required to prepare their cash flow statements using this method.
A109: 6 | B109: Each Consolidated Statement clearly shows the applicable notes for ease of reference.
A111: 7 | B111: Please contact the School Finance Advisor in your region if you are experiencing problems using the model. | Q111: School Finance Advisor contact details
A114: E | B114: Kiwi Park Data Sheet
B115: The Inputs sheet automatically flows through to the Kiwi Park Data sheet. This can be used to provide information to the Ministry of Education (MOE) directly. Please hard code the numbers before sending (by moving to a new sheet or workbook and pasting the values) to ensure there are no formula errors. You can upload the whole excel file via the school data portal. If you need further help, contact your Financial Service Provider or School Finance Advisor.
A121: F | B121: How to Hide and Unhide lines
A123: 1 | B123: On the financial statements (sheets St of Comprehensive Rev. & Exp., St of Changes in net Assets & Equity, Statement of Financial Position, and Statement of Cash Flows) and the St of Accounting Policies sheet, select “Yes” in the filter on column B “Required” before printing. These automatically update based on the input values so do not need any manual input.
A126: 2 | B126: On the Notes & Disclosures sheet, there are multiple steps:
B127: a) | C127: In column C filter on "Check" as these are the parts that need to be customised for your school.
B129: b) | C129: {=" In column B, manually select 'Yes' or 'No' in the yellow highlighted cells if your school needs this disclosure. For example, if the prior year comparatives were restated, change cell "&ADDRESS(CELL("row",'Notes & Disclosures'!$B$758),CELL("col",'Notes & Disclosures'!$B$758),4)&" from 'No' to 'Yes'."} -> In column B, manually select 'Yes' or 'No' in the yellow highlighted cells if your school needs this disclosure. For example, if the prior year comparatives were restated, change cell B758 from 'No' to 'Yes'.
B132: c) | C132: Ensure that every “Yes” in column B has updated narrative.
B134: d) | C134: Clear filter from column C.
B136: e) | C136: Select “Yes” in the filter on column B “Required” before printing.

Sheet Data Input ->

Sheet Sch Parent Trial Balance Input
C1: =IF(ROUND(SUM(C3:C822),0)=0,"Balances","Does Not Balance") -> Balances | D1: =IF(ROUND(SUM(D3:D822),0)=0,"Balances","Does Not Balance") -> Balances | E1: =IF(ROUND(SUM(E3:E822),0)=0,"Balances","Does Not Balance") -> Balances | F1: =IF(ROUND(SUM(F3:F822),0)=0,"Balances","Does Not Balance") -> Balances | G1: hide columns G+H before publishing
A2: Code | B2: Description | C2: ="Actual "&FY&" Amount" -> Actual 2026 Amount | D2: ="Budget "&FY&" Amount" -> Budget 2026 Amount | E2: ="Actual "&PY&" Amount" -> Actual 2025 Amount | F2: ="Opening B/S for Budget "&FY -> Opening B/S for Budget 2026 | I2: MOE Account Description | J2: Referencing Worksheet:
G3: =IF($A3="","",IFERROR(ROW(INDEX('Sch Parent TB Converter'!$ED$1:$ED$247,MATCH(TRUE,INDEX(ISNUMBER(SEARCH("x"&A3&"x",'Sch Parent TB Converter'!$ED$1:$ED$247)),0),0))),"")) | I3: =IF(AND($G3="",$A3=""),"",IF(AND($G3="",$A3<>""),"Missing from Converter Sheet",INDIRECT("'"&$J$3&"'!B"&G3))) | J3: =RIGHT(CELL("filename",'Sch Parent TB Converter'!$A$4),LEN(CELL("filename",'Sch Parent TB Converter'!$A$4))-FIND("]",CELL("filename",'Sch Parent TB Converter'!$A$4))) -> Sch Parent TB Converter
G4: =IF($A4="","",IFERROR(ROW(INDEX('Sch Parent TB Converter'!$ED$1:$ED$247,MATCH(TRUE,INDEX(ISNUMBER(SEARCH("x"&A4&"x",'Sch Parent TB Converter'!$ED$1:$ED$247)),0),0))),"")) | I4: =IF(AND($G4="",$A4=""),"",IF(AND($G4="",$A4<>""),"Missing from Converter Sheet",INDIRECT("'"&$J$3&"'!B"&G4)))
G5: =IF($A5="","",IFERROR(ROW(INDEX('Sch Parent TB Converter'!$ED$1:$ED$247,MATCH(TRUE,INDEX(ISNUMBER(SEARCH("x"&A5&"x",'Sch Parent TB Converter'!$ED$1:$ED$247)),0),0))),"")) | I5: =IF(AND($G5="",$A5=""),"",IF(AND($G5="",$A5<>""),"Missing from Converter Sheet",INDIRECT("'"&$J$3&"'!B"&G5)))
G6: =IF($A6="","",IFERROR(ROW(INDEX('Sch Parent TB Converter'!$ED$1:$ED$247,MATCH(TRUE,INDEX(ISNUMBER(SEARCH("x"&A6&"x",'Sch Parent TB Converter'!$ED$1:$ED$247)),0),0))),"")) | I6: =IF(AND($G6="",$A6=""),"",IF(AND($G6="",$A6<>""),"Missing from Converter Sheet",INDIRECT("'"&$J$3&"'!B"&G6)))
G7: =IF($A7="","",IFERROR(ROW(INDEX('Sch Parent TB Converter'!$ED$1:$ED$247,MATCH(TRUE,INDEX(ISNUMBER(SEARCH("x"&A7&"x",'Sch Parent TB Converter'!$ED$1:$ED$247)),0),0))),"")) | I7: =IF(AND($G7="",$A7=""),"",IF(AND($G7="",$A7<>""),"Missing from Converter Sheet",INDIRECT("'"&$J$3&"'!B"&G7)))
G8: =IF($A8="","",IFERROR(ROW(INDEX('Sch Parent TB Converter'!$ED$1:$ED$247,MATCH(TRUE,INDEX(ISNUMBER(SEARCH("x"&A8&"x",'Sch Parent TB Converter'!$ED$1:$ED$247)),0),0))),"")) | I8: =IF(AND($G8="",$A8=""),"",IF(AND($G8="",$A8<>""),"Missing from Converter Sheet",INDIRECT("'"&$J$3&"'!B"&G8)))
G9: =IF($A9="","",IFERROR(ROW(INDEX('Sch Parent TB Converter'!$ED$1:$ED$247,MATCH(TRUE,INDEX(ISNUMBER(SEARCH("x"&A9&"x",'Sch Parent TB Converter'!$ED$1:$ED$247)),0),0))),"")) | I9: =IF(AND($G9="",$A9=""),"",IF(AND($G9="",$A9<>""),"Missing from Converter Sheet",INDIRECT("'"&$J$3&"'!B"&G9)))
G10: =IF($A10="","",IFERROR(ROW(INDEX('Sch Parent TB Converter'!$ED$1:$ED$247,MATCH(TRUE,INDEX(ISNUMBER(SEARCH("x"&A10&"x",'Sch Parent TB Converter'!$ED$1:$ED$247)),0),0))),"")) | I10: =IF(AND($G10="",$A10=""),"",IF(AND($G10="",$A10<>""),"Missing from Converter Sheet",INDIRECT("'"&$J$3&"'!B"&G10)))
G11: =IF($A11="","",IFERROR(ROW(INDEX('Sch Parent TB Converter'!$ED$1:$ED$247,MATCH(TRUE,INDEX(ISNUMBER(SEARCH("x"&A11&"x",'Sch Parent TB Converter'!$ED$1:$ED$247)),0),0))),"")) | I11: =IF(AND($G11="",$A11=""),"",IF(AND($G11="",$A11<>""),"Missing from Converter Sheet",INDIRECT("'"&$J$3&"'!B"&G11)))
G12: =IF($A12="","",IFERROR(ROW(INDEX('Sch Parent TB Converter'!$ED$1:$ED$247,MATCH(TRUE,INDEX(ISNUMBER(SEARCH("x"&A12&"x",'Sch Parent TB Converter'!$ED$1:$ED$247)),0),0))),"")) | I12: =IF(AND($G12="",$A12=""),"",IF(AND($G12="",$A12<>""),"Missing from Converter Sheet",INDIRECT("'"&$J$3&"'!B"&G12)))
G13: =IF($A13="","",IFERROR(ROW(INDEX('Sch Parent TB Converter'!$ED$1:$ED$247,MATCH(TRUE,INDEX(ISNUMBER(SEARCH("x"&A13&"x",'Sch Parent TB Converter'!$ED$1:$ED$247)),0),0))),"")) | I13: =IF(AND($G13="",$A13=""),"",IF(AND($G13="",$A13<>""),"Missing from Converter Sheet",INDIRECT("'"&$J$3&"'!B"&G13)))
G14: =IF($A14="","",IFERROR(ROW(INDEX('Sch Parent TB Converter'!$ED$1:$ED$247,MATCH(TRUE,INDEX(ISNUMBER(SEARCH("x"&A14&"x",'Sch Parent TB Converter'!$ED$1:$ED$247)),0),0))),"")) | I14: =IF(AND($G14="",$A14=""),"",IF(AND($G14="",$A14<>""),"Missing from Converter Sheet",INDIRECT("'"&$J$3&"'!B"&G14)))
G15: =IF($A15="","",IFERROR(ROW(INDEX('Sch Parent TB Converter'!$ED$1:$ED$247,MATCH(TRUE,INDEX(ISNUMBER(SEARCH("x"&A15&"x",'Sch Parent TB Converter'!$ED$1:$ED$247)),0),0))),"")) | I15: =IF(AND($G15="",$A15=""),"",IF(AND($G15="",$A15<>""),"Missing from Converter Sheet",INDIRECT("'"&$J$3&"'!B"&G15)))
... G227: =IF($A227="","",IFERROR(ROW(INDEX('Sch Parent TB Converter'!$ED$1:$ED$247,MATCH(TRUE,INDEX(ISNUMBER(SEARCH("x"&A227&"x",'Sch Parent TB Converter'!$ED$1:$ED$247)),0),0))),"")) | I227: =IF(AND($G227="",$A227=""),"",IF(AND($G227="",$A227<>""),"Missing from Converter Sheet",INDIRECT("'"&$J$3&"'!B"&G227)))
G228: =IF($A228="","",IFERROR(ROW(INDEX('Sch Parent TB Converter'!$ED$1:$ED$247,MATCH(TRUE,INDEX(ISNUMBER(SEARCH("x"&A228&"x",'Sch Parent TB Converter'!$ED$1:$ED$247)),0),0))),"")) | I228: Equity Investments
G229: =IF($A229="","",IFERROR(ROW(INDEX('Sch Parent TB Converter'!$ED$1:$ED$247,MATCH(TRUE,INDEX(ISNUMBER(SEARCH("x"&A229&"x",'Sch Parent TB Converter'!$ED$1:$ED$247)),0),0))),"")) | I229: Equity Investments
G230: =IF($A230="","",IFERROR(ROW(INDEX('Sch Parent TB Converter'!$ED$1:$ED$247,MATCH(TRUE,INDEX(ISNUMBER(SEARCH("x"&A230&"x",'Sch Parent TB Converter'!$ED$1:$ED$247)),0),0))),"")) | I230: =IF(AND($G230="",$A230=""),"",IF(AND($G230="",$A230<>""),"Missing from Converter Sheet",INDIRECT("'"&$J$3&"'!B"&G230)))
G231: =IF($A231="","",IFERROR(ROW(INDEX('Sch Parent TB Converter'!$ED$1:$ED$247,MATCH(TRUE,INDEX(ISNUMBER(SEARCH("x"&A231&"x",'Sch Parent TB Converter'!$ED$1:$ED$247)),0),0))),"")) | I231: =IF(AND($G231="",$A231=""),"",IF(AND($G231="",$A231<>""),"Missing from Converter Sheet",INDIRECT("'"&$J$3&"'!B"&G231)))
G232: =IF($A232="","",IFERROR(ROW(INDEX('Sch Parent TB Converter'!$ED$1:$ED$247,MATCH(TRUE,INDEX(ISNUMBER(SEARCH("x"&A232&"x",'Sch Parent TB Converter'!$ED$1:$ED$247)),0),0))),"")) | I232: =IF(AND($G232="",$A232=""),"",IF(AND($G232="",$A232<>""),"Missing from Converter Sheet",INDIRECT("'"&$J$3&"'!B"&G232)))
G233: =IF($A233="","",IFERROR(ROW(INDEX('Sch Parent TB Converter'!$ED$1:$ED$247,MATCH(TRUE,INDEX(ISNUMBER(SEARCH("x"&A233&"x",'Sch Parent TB Converter'!$ED$1:$ED$247)),0),0))),"")) | I233: =IF(AND($G233="",$A233=""),"",IF(AND($G233="",$A233<>""),"Missing from Converter Sheet",INDIRECT("'"&$J$3&"'!B"&G233)))
G234: =IF($A234="","",IFERROR(ROW(INDEX('Sch Parent TB Converter'!$ED$1:$ED$247,MATCH(TRUE,INDEX(ISNUMBER(SEARCH("x"&A234&"x",'Sch Parent TB Converter'!$ED$1:$ED$247)),0),0))),"")) | I234: =IF(AND($G234="",$A234=""),"",IF(AND($G234="",$A234<>""),"Missing from Converter Sheet",INDIRECT("'"&$J$3&"'!B"&G234)))
G235: =IF($A235="","",IFERROR(ROW(INDEX('Sch Parent TB Converter'!$ED$1:$ED$247,MATCH(TRUE,INDEX(ISNUMBER(SEARCH("x"&A235&"x",'Sch Parent TB Converter'!$ED$1:$ED$247)),0),0))),"")) | I235: =IF(AND($G235="",$A235=""),"",IF(AND($G235="",$A235<>""),"Missing from Converter Sheet",INDIRECT("'"&$J$3&"'!B"&G235)))
G236: =IF($A236="","",IFERROR(ROW(INDEX('Sch Parent TB Converter'!$ED$1:$ED$247,MATCH(TRUE,INDEX(ISNUMBER(SEARCH("x"&A236&"x",'Sch Parent TB Converter'!$ED$1:$ED$247)),0),0))),"")) | I236: =IF(AND($G236="",$A236=""),"",IF(AND($G236="",$A236<>""),"Missing from Converter Sheet",INDIRECT("'"&$J$3&"'!B"&G236)))
G237: =IF($A237="","",IFERROR(ROW(INDEX('Sch Parent TB Converter'!$ED$1:$ED$247,MATCH(TRUE,INDEX(ISNUMBER(SEARCH("x"&A237&"x",'Sch Parent TB Converter'!$ED$1:$ED$247)),0),0))),"")) | I237: =IF(AND($G237="",$A237=""),"",IF(AND($G237="",$A237<>""),"Missing from Converter Sheet",INDIRECT("'"&$J$3&"'!B"&G237)))
G238: =IF($A238="","",IFERROR(ROW(INDEX('Sch Parent TB Converter'!$ED$1:$ED$247,MATCH(TRUE,INDEX(ISNUMBER(SEARCH("x"&A238&"x",'Sch Parent TB Converter'!$ED$1:$ED$247)),0),0))),"")) | I238: =IF(AND($G238="",$A238=""),"",IF(AND($G238="",$A238<>""),"Missing from Converter Sheet",INDIRECT("'"&$J$3&"'!B"&G238)))
G239: =IF($A239="","",IFERROR(ROW(INDEX('Sch Parent TB Converter'!$ED$1:$ED$247,MATCH(TRUE,INDEX(ISNUMBER(SEARCH("x"&A239&"x",'Sch Parent TB Converter'!$ED$1:$ED$247)),0),0))),"")) | I239: =IF(AND($G239="",$A239=""),"",IF(AND($G239="",$A239<>""),"Missing from Converter Sheet",INDIRECT("'"&$J$3&"'!B"&G239)))
G240: =IF($A240="","",IFERROR(ROW(INDEX('Sch Parent TB Converter'!$ED$1:$ED$247,MATCH(TRUE,INDEX(ISNUMBER(SEARCH("x"&A240&"x",'Sch Parent TB Converter'!$ED$1:$ED$247)),0),0))),"")) | I240: =IF(AND($G240="",$A240=""),"",IF(AND($G240="",$A240<>""),"Missing from Converter Sheet",INDIRECT("'"&$J$3&"'!B"&G240)))
G241: =IF($A241="","",IFERROR(ROW(INDEX('Sch Parent TB Converter'!$ED$1:$ED$247,MATCH(TRUE,INDEX(ISNUMBER(SEARCH("x"&A241&"x",'Sch Parent TB Converter'!$ED$1:$ED$247)),0),0))),"")) | I241: =IF(AND($G241="",$A241=""),"",IF(AND($G241="",$A241<>""),"Missing from Converter Sheet",INDIRECT("'"&$J$3&"'!B"&G241)))
... G510: =IF($A510="","",IFERROR(ROW(INDEX('Sch Parent TB Converter'!$ED$1:$ED$247,MATCH(TRUE,INDEX(ISNUMBER(SEARCH("x"&A510&"x",'Sch Parent TB Converter'!$ED$1:$ED$247)),0),0))),"")) | I510: =IF(AND($G510="",$A510=""),"",IF(AND($G510="",$A510<>""),"Missing from Converter Sheet",INDIRECT("'"&$J$3&"'!B"&G510)))
I511: =IF(AND($G511="",$A511=""),"",IF(AND($G511="",$A511<>""),"Missing from Converter Sheet",INDIRECT("'"&$J$3&"'!B"&G511)))
I512: =IF(AND($G512="",$A512=""),"",IF(AND($G512="",$A512<>""),"Missing from Converter Sheet",INDIRECT("'"&$J$3&"'!B"&G512)))
I513: =IF(AND($G513="",$A513=""),"",IF(AND($G513="",$A513<>""),"Missing from Converter Sheet",INDIRECT("'"&$J$3&"'!B"&G513)))
I514: =IF(AND($G514="",$A514=""),"",IF(AND($G514="",$A514<>""),"Missing from Converter Sheet",INDIRECT("'"&$J$3&"'!B"&G514)))
I515: =IF(AND($G515="",$A515=""),"",IF(AND($G515="",$A515<>""),"Missing from Converter Sheet",INDIRECT("'"&$J$3&"'!B"&G515)))
I516: =IF(AND($G516="",$A516=""),"",IF(AND($G516="",$A516<>""),"Missing from Converter Sheet",INDIRECT("'"&$J$3&"'!B"&G516)))
I517: =IF(AND($G517="",$A517=""),"",IF(AND($G517="",$A517<>""),"Missing from Converter Sheet",INDIRECT("'"&$J$3&"'!B"&G517)))
A518: 1 | B518: 1 | G518: 1 | H518: 1 | I518: 0

Sheet Sch Parent TB Converter
A1: School Parent Trial Balance Converter
A2: This tool provides a simple way to map the individual school's (and subsidiaries) trial balance to the Kiwi Park model codes. Once the trial balance has been mapped for the first use, a new trial balance can be pasted in and flow throughout the model without needing each number to be re-entered into the inputs page.
A5: Instructions:
A6: 1. Paste the school's trial balance into the Sch Parent Trial Balance Input sheet in a 3 column format (TB code, Description, Amount). Make sure you only put in whole dollars to avoid rounding errors.
A8: 2. Enter each of the school's trial balance codes that apply to each Kiwi Park code individually in the columns G - Z on this tab.
A10: 3. The amount column will show the total of all the school trial balance codes that have been allocated.
C12: =IF(ABS(ROUND(SUM(C15:C248),0))=0,"Balances","Does Not Balance") -> Balances | D12: =IF(ABS(ROUND(SUM(D15:D248),0))=0,"Balances","Does Not Balance") -> Balances | E12: =IF(ABS(ROUND(SUM(E15:E248),0))=0,"Balances","Does Not Balance") -> Balances | F12: =IF(ABS(ROUND(SUM(F15:F248),0))=0,"Balances","Does Not Balance") -> Balances | G12: =IF(COUNT(G15:EC248)=COUNT('Sch Parent Trial Balance Input'!A:A),"Codes Agree","Codes Excluded") -> Codes Excluded
A13: Kiwi Park Code | B13: Revenue & Expenditure | C13: ='Sch Parent Trial Balance Input'!C2 -> Actual 2026 Amount | D13: ='Sch Parent Trial Balance Input'!D2 -> Budget 2026 Amount | E13: ='Sch Parent Trial Balance Input'!E2 -> Actual 2025 Amount | F13: ='Sch Parent Trial Balance Input'!F2 -> Opening B/S for Budget 2026 | G13: School Trial Balance Lines | ED13: 1 | EE13: 1
B14: 1. Government Grants
B15: Revenue | ED15: =CONCATENATE("x",G15,"x",H15,"x",I15,"x",J15,"x",K15,"x",L15,"x",M15,"x",N15,"x",O15,"x",P15,"x",Q15,"x",R15,"x",S15,"x",T15,"x",U15,"x",V15,"x",W15,"x",X15,"x",Y15,"x",Z15,"x",AA15,"x",AB15,"x",AC15,"x",AD15,"x",AE15,"x",AF15,"x",AG15,"x",AH15,"x",AI15,"x",AJ15,"x",AK15,"x",AL15,"x",AM15,"x",AN15,"x",AO15,"x",AP15,"x",AQ15,"x",AR15,"x",AS15,"x",AT15,"x",AU15,"x",AV15,"x",AW15,"x",AX15,"x",AY15,"x",AZ15,"x",BA15,"x",BB15,"x",BC15,"x",BD15,"x",BE15,"x",BF15,"x",BG15,"x",BH15,"x",BI15,"x",BJ15,"x",BK15,"x",BL15,"x",BM15,"x",BN15,"x",BO15,"x",BP15,"x",BQ15,"x",BR15,"x",BS15,"x",BT15,"x",BU15,"x",BV15,"x",BW15,"x",BX15,"x",BY15,"x",BZ15,"x",CA15,"x",CB15,"x",CC15,"x",CD15,"x",CE15,"x",CF15,"x",CG15,"x",CH15,"x",CI15,"x",CJ15,"x",CK15,"x",CL15,"x",CM15,"x",CN15,"x",CO15,"x",CP15,"x",CQ15,"x",CR15,"x",CS15,"x",CT15,"x",CU15,"x",CV15,"x",CW15,"x",CX15,"x",CY15,"x",CZ15,"x",DA15,"x",DB15,"x",DC15,"x",DD15,"x",DE15,"x",DF15,"x",DG15,"x",DH15,"x",DI15,"x",DJ15,"x",DK15,"x",DL15,"x",DM15,"x",DN15,"x",DO15,"x",DP15,"x",DQ15,"x",DR15,"x",DS15,"x",DT15,"x",DU15,"x",DV15,"x",DW15,"x",DX15,"x",DY15,"x",DZ15,"x",EA15,"x",EB15,"x",EC15,"x") -> xxxxxxxxxxxxxxxxxxxxxxxxxxxxxxxxxxxxxxxxxxxxxxxxxxxxxxxxxxxxxxxxxxxxxxxxxxxxxxxxxxxxxxxxxxxxxxxxxxxxxxxxxxxxxxxxxxxxxxxxxxxxxxxx
A16: 1120 | B16: Government Grants - Ministry of Education | C16: =SUMPRODUCT(SUMIF('Sch Parent Trial Balance Input'!$A:$A,'Sch Parent TB Converter'!$G16:$EC16,'Sch Parent Trial Balance Input'!C:C)) -> 0 | D16: =SUMPRODUCT(SUMIF('Sch Parent Trial Balance Input'!$A:$A,'Sch Parent TB Converter'!$G16:$EC16,'Sch Parent Trial Balance Input'!D:D)) -> 0 | E16: =SUMPRODUCT(SUMIF('Sch Parent Trial Balance Input'!$A:$A,'Sch Parent TB Converter'!$G16:$EC16,'Sch Parent Trial Balance Input'!E:E)) -> 0 | ED16: =CONCATENATE("x",G16,"x",H16,"x",I16,"x",J16,"x",K16,"x",L16,"x",M16,"x",N16,"x",O16,"x",P16,"x",Q16,"x",R16,"x",S16,"x",T16,"x",U16,"x",V16,"x",W16,"x",X16,"x",Y16,"x",Z16,"x",AA16,"x",AB16,"x",AC16,"x",AD16,"x",AE16,"x",AF16,"x",AG16,"x",AH16,"x",AI16,"x",AJ16,"x",AK16,"x",AL16,"x",AM16,"x",AN16,"x",AO16,"x",AP16,"x",AQ16,"x",AR16,"x",AS16,"x",AT16,"x",AU16,"x",AV16,"x",AW16,"x",AX16,"x",AY16,"x",AZ16,"x",BA16,"x",BB16,"x",BC16,"x",BD16,"x",BE16,"x",BF16,"x",BG16,"x",BH16,"x",BI16,"x",BJ16,"x",BK16,"x",BL16,"x",BM16,"x",BN16,"x",BO16,"x",BP16,"x",BQ16,"x",BR16,"x",BS16,"x",BT16,"x",BU16,"x",BV16,"x",BW16,"x",BX16,"x",BY16,"x",BZ16,"x",CA16,"x",CB16,"x",CC16,"x",CD16,"x",CE16,"x",CF16,"x",CG16,"x",CH16,"x",CI16,"x",CJ16,"x",CK16,"x",CL16,"x",CM16,"x",CN16,"x",CO16,"x",CP16,"x",CQ16,"x",CR16,"x",CS16,"x",CT16,"x",CU16,"x",CV16,"x",CW16,"x",CX16,"x",CY16,"x",CZ16,"x",DA16,"x",DB16,"x",DC16,"x",DD16,"x",DE16,"x",DF16,"x",DG16,"x",DH16,"x",DI16,"x",DJ16,"x",DK16,"x",DL16,"x",DM16,"x",DN16,"x",DO16,"x",DP16,"x",DQ16,"x",DR16,"x",DS16,"x",DT16,"x",DU16,"x",DV16,"x",DW16,"x",DX16,"x",DY16,"x",DZ16,"x",EA16,"x",EB16,"x",EC16,"x") -> xxxxxxxxxxxxxxxxxxxxxxxxxxxxxxxxxxxxxxxxxxxxxxxxxxxxxxxxxxxxxxxxxxxxxxxxxxxxxxxxxxxxxxxxxxxxxxxxxxxxxxxxxxxxxxxxxxxxxxxxxxxxxxxx
A17: 1160 | B17: Teachers' Salaries Grants | C17: =SUMPRODUCT(SUMIF('Sch Parent Trial Balance Input'!$A:$A,'Sch Parent TB Converter'!$G17:$EC17,'Sch Parent Trial Balance Input'!C:C)) -> 0 | D17: =SUMPRODUCT(SUMIF('Sch Parent Trial Balance Input'!$A:$A,'Sch Parent TB Converter'!$G17:$EC17,'Sch Parent Trial Balance Input'!D:D)) -> 0 | E17: =SUMPRODUCT(SUMIF('Sch Parent Trial Balance Input'!$A:$A,'Sch Parent TB Converter'!$G17:$EC17,'Sch Parent Trial Balance Input'!E:E)) -> 0 | ED17: =CONCATENATE("x",G17,"x",H17,"x",I17,"x",J17,"x",K17,"x",L17,"x",M17,"x",N17,"x",O17,"x",P17,"x",Q17,"x",R17,"x",S17,"x",T17,"x",U17,"x",V17,"x",W17,"x",X17,"x",Y17,"x",Z17,"x",AA17,"x",AB17,"x",AC17,"x",AD17,"x",AE17,"x",AF17,"x",AG17,"x",AH17,"x",AI17,"x",AJ17,"x",AK17,"x",AL17,"x",AM17,"x",AN17,"x",AO17,"x",AP17,"x",AQ17,"x",AR17,"x",AS17,"x",AT17,"x",AU17,"x",AV17,"x",AW17,"x",AX17,"x",AY17,"x",AZ17,"x",BA17,"x",BB17,"x",BC17,"x",BD17,"x",BE17,"x",BF17,"x",BG17,"x",BH17,"x",BI17,"x",BJ17,"x",BK17,"x",BL17,"x",BM17,"x",BN17,"x",BO17,"x",BP17,"x",BQ17,"x",BR17,"x",BS17,"x",BT17,"x",BU17,"x",BV17,"x",BW17,"x",BX17,"x",BY17,"x",BZ17,"x",CA17,"x",CB17,"x",CC17,"x",CD17,"x",CE17,"x",CF17,"x",CG17,"x",CH17,"x",CI17,"x",CJ17,"x",CK17,"x",CL17,"x",CM17,"x",CN17,"x",CO17,"x",CP17,"x",CQ17,"x",CR17,"x",CS17,"x",CT17,"x",CU17,"x",CV17,"x",CW17,"x",CX17,"x",CY17,"x",CZ17,"x",DA17,"x",DB17,"x",DC17,"x",DD17,"x",DE17,"x",DF17,"x",DG17,"x",DH17,"x",DI17,"x",DJ17,"x",DK17,"x",DL17,"x",DM17,"x",DN17,"x",DO17,"x",DP17,"x",DQ17,"x",DR17,"x",DS17,"x",DT17,"x",DU17,"x",DV17,"x",DW17,"x",DX17,"x",DY17,"x",DZ17,"x",EA17,"x",EB17,"x",EC17,"x") -> xxxxxxxxxxxxxxxxxxxxxxxxxxxxxxxxxxxxxxxxxxxxxxxxxxxxxxxxxxxxxxxxxxxxxxxxxxxxxxxxxxxxxxxxxxxxxxxxxxxxxxxxxxxxxxxxxxxxxxxxxxxxxxxx
A18: 1170 | B18: Use of Land and Buildings Grants | C18: =SUMPRODUCT(SUMIF('Sch Parent Trial Balance Input'!$A:$A,'Sch Parent TB Converter'!$G18:$EC18,'Sch Parent Trial Balance Input'!C:C)) -> 0 | D18: =SUMPRODUCT(SUMIF('Sch Parent Trial Balance Input'!$A:$A,'Sch Parent TB Converter'!$G18:$EC18,'Sch Parent Trial Balance Input'!D:D)) -> 0 | E18: =SUMPRODUCT(SUMIF('Sch Parent Trial Balance Input'!$A:$A,'Sch Parent TB Converter'!$G18:$EC18,'Sch Parent Trial Balance Input'!E:E)) -> 0 | ED18: =CONCATENATE("x",G18,"x",H18,"x",I18,"x",J18,"x",K18,"x",L18,"x",M18,"x",N18,"x",O18,"x",P18,"x",Q18,"x",R18,"x",S18,"x",T18,"x",U18,"x",V18,"x",W18,"x",X18,"x",Y18,"x",Z18,"x",AA18,"x",AB18,"x",AC18,"x",AD18,"x",AE18,"x",AF18,"x",AG18,"x",AH18,"x",AI18,"x",AJ18,"x",AK18,"x",AL18,"x",AM18,"x",AN18,"x",AO18,"x",AP18,"x",AQ18,"x",AR18,"x",AS18,"x",AT18,"x",AU18,"x",AV18,"x",AW18,"x",AX18,"x",AY18,"x",AZ18,"x",BA18,"x",BB18,"x",BC18,"x",BD18,"x",BE18,"x",BF18,"x",BG18,"x",BH18,"x",BI18,"x",BJ18,"x",BK18,"x",BL18,"x",BM18,"x",BN18,"x",BO18,"x",BP18,"x",BQ18,"x",BR18,"x",BS18,"x",BT18,"x",BU18,"x",BV18,"x",BW18,"x",BX18,"x",BY18,"x",BZ18,"x",CA18,"x",CB18,"x",CC18,"x",CD18,"x",CE18,"x",CF18,"x",CG18,"x",CH18,"x",CI18,"x",CJ18,"x",CK18,"x",CL18,"x",CM18,"x",CN18,"x",CO18,"x",CP18,"x",CQ18,"x",CR18,"x",CS18,"x",CT18,"x",CU18,"x",CV18,"x",CW18,"x",CX18,"x",CY18,"x",CZ18,"x",DA18,"x",DB18,"x",DC18,"x",DD18,"x",DE18,"x",DF18,"x",DG18,"x",DH18,"x",DI18,"x",DJ18,"x",DK18,"x",DL18,"x",DM18,"x",DN18,"x",DO18,"x",DP18,"x",DQ18,"x",DR18,"x",DS18,"x",DT18,"x",DU18,"x",DV18,"x",DW18,"x",DX18,"x",DY18,"x",DZ18,"x",EA18,"x",EB18,"x",EC18,"x") -> xxxxxxxxxxxxxxxxxxxxxxxxxxxxxxxxxxxxxxxxxxxxxxxxxxxxxxxxxxxxxxxxxxxxxxxxxxxxxxxxxxxxxxxxxxxxxxxxxxxxxxxxxxxxxxxxxxxxxxxxxxxxxxxx
A19: 1181 | B19: Ka Ora, Ka Ako - Healthy School Lunches Programme | C19: =SUMPRODUCT(SUMIF('Sch Parent Trial Balance Input'!$A:$A,'Sch Parent TB Converter'!$G19:$EC19,'Sch Parent Trial Balance Input'!C:C)) -> 0 | D19: =SUMPRODUCT(SUMIF('Sch Parent Trial Balance Input'!$A:$A,'Sch Parent TB Converter'!$G19:$EC19,'Sch Parent Trial Balance Input'!D:D)) -> 0 | E19: =SUMPRODUCT(SUMIF('Sch Parent Trial Balance Input'!$A:$A,'Sch Parent TB Converter'!$G19:$EC19,'Sch Parent Trial Balance Input'!E:E)) -> 0 | ED19: =CONCATENATE("x",G19,"x",H19,"x",I19,"x",J19,"x",K19,"x",L19,"x",M19,"x",N19,"x",O19,"x",P19,"x",Q19,"x",R19,"x",S19,"x",T19,"x",U19,"x",V19,"x",W19,"x",X19,"x",Y19,"x",Z19,"x",AA19,"x",AB19,"x",AC19,"x",AD19,"x",AE19,"x",AF19,"x",AG19,"x",AH19,"x",AI19,"x",AJ19,"x",AK19,"x",AL19,"x",AM19,"x",AN19,"x",AO19,"x",AP19,"x",AQ19,"x",AR19,"x",AS19,"x",AT19,"x",AU19,"x",AV19,"x",AW19,"x",AX19,"x",AY19,"x",AZ19,"x",BA19,"x",BB19,"x",BC19,"x",BD19,"x",BE19,"x",BF19,"x",BG19,"x",BH19,"x",BI19,"x",BJ19,"x",BK19,"x",BL19,"x",BM19,"x",BN19,"x",BO19,"x",BP19,"x",BQ19,"x",BR19,"x",BS19,"x",BT19,"x",BU19,"x",BV19,"x",BW19,"x",BX19,"x",BY19,"x",BZ19,"x",CA19,"x",CB19,"x",CC19,"x",CD19,"x",CE19,"x",CF19,"x",CG19,"x",CH19,"x",CI19,"x",CJ19,"x",CK19,"x",CL19,"x",CM19,"x",CN19,"x",CO19,"x",CP19,"x",CQ19,"x",CR19,"x",CS19,"x",CT19,"x",CU19,"x",CV19,"x",CW19,"x",CX19,"x",CY19,"x",CZ19,"x",DA19,"x",DB19,"x",DC19,"x",DD19,"x",DE19,"x",DF19,"x",DG19,"x",DH19,"x",DI19,"x",DJ19,"x",DK19,"x",DL19,"x",DM19,"x",DN19,"x",DO19,"x",DP19,"x",DQ19,"x",DR19,"x",DS19,"x",DT19,"x",DU19,"x",DV19,"x",DW19,"x",DX19,"x",DY19,"x",DZ19,"x",EA19,"x",EB19,"x",EC19,"x") -> xxxxxxxxxxxxxxxxxxxxxxxxxxxxxxxxxxxxxxxxxxxxxxxxxxxxxxxxxxxxxxxxxxxxxxxxxxxxxxxxxxxxxxxxxxxxxxxxxxxxxxxxxxxxxxxxxxxxxxxxxxxxxxxx
A20: 1130 | B20: Other Government Grants | C20: =SUMPRODUCT(SUMIF('Sch Parent Trial Balance Input'!$A:$A,'Sch Parent TB Converter'!$G20:$EC20,'Sch Parent Trial Balance Input'!C:C)) -> 0 | D20: =SUMPRODUCT(SUMIF('Sch Parent Trial Balance Input'!$A:$A,'Sch Parent TB Converter'!$G20:$EC20,'Sch Parent Trial Balance Input'!D:D)) -> 0 | E20: =SUMPRODUCT(SUMIF('Sch Parent Trial Balance Input'!$A:$A,'Sch Parent TB Converter'!$G20:$EC20,'Sch Parent Trial Balance Input'!E:E)) -> 0 | ED20: =CONCATENATE("x",G20,"x",H20,"x",I20,"x",J20,"x",K20,"x",L20,"x",M20,"x",N20,"x",O20,"x",P20,"x",Q20,"x",R20,"x",S20,"x",T20,"x",U20,"x",V20,"x",W20,"x",X20,"x",Y20,"x",Z20,"x",AA20,"x",AB20,"x",AC20,"x",AD20,"x",AE20,"x",AF20,"x",AG20,"x",AH20,"x",AI20,"x",AJ20,"x",AK20,"x",AL20,"x",AM20,"x",AN20,"x",AO20,"x",AP20,"x",AQ20,"x",AR20,"x",AS20,"x",AT20,"x",AU20,"x",AV20,"x",AW20,"x",AX20,"x",AY20,"x",AZ20,"x",BA20,"x",BB20,"x",BC20,"x",BD20,"x",BE20,"x",BF20,"x",BG20,"x",BH20,"x",BI20,"x",BJ20,"x",BK20,"x",BL20,"x",BM20,"x",BN20,"x",BO20,"x",BP20,"x",BQ20,"x",BR20,"x",BS20,"x",BT20,"x",BU20,"x",BV20,"x",BW20,"x",BX20,"x",BY20,"x",BZ20,"x",CA20,"x",CB20,"x",CC20,"x",CD20,"x",CE20,"x",CF20,"x",CG20,"x",CH20,"x",CI20,"x",CJ20,"x",CK20,"x",CL20,"x",CM20,"x",CN20,"x",CO20,"x",CP20,"x",CQ20,"x",CR20,"x",CS20,"x",CT20,"x",CU20,"x",CV20,"x",CW20,"x",CX20,"x",CY20,"x",CZ20,"x",DA20,"x",DB20,"x",DC20,"x",DD20,"x",DE20,"x",DF20,"x",DG20,"x",DH20,"x",DI20,"x",DJ20,"x",DK20,"x",DL20,"x",DM20,"x",DN20,"x",DO20,"x",DP20,"x",DQ20,"x",DR20,"x",DS20,"x",DT20,"x",DU20,"x",DV20,"x",DW20,"x",DX20,"x",DY20,"x",DZ20,"x",EA20,"x",EB20,"x",EC20,"x") -> xxxxxxxxxxxxxxxxxxxxxxxxxxxxxxxxxxxxxxxxxxxxxxxxxxxxxxxxxxxxxxxxxxxxxxxxxxxxxxxxxxxxxxxxxxxxxxxxxxxxxxxxxxxxxxxxxxxxxxxxxxxxxxxx
ED21: =CONCATENATE("x",G21,"x",H21,"x",I21,"x",J21,"x",K21,"x",L21,"x",M21,"x",N21,"x",O21,"x",P21,"x",Q21,"x",R21,"x",S21,"x",T21,"x",U21,"x",V21,"x",W21,"x",X21,"x",Y21,"x",Z21,"x",AA21,"x",AB21,"x",AC21,"x",AD21,"x",AE21,"x",AF21,"x",AG21,"x",AH21,"x",AI21,"x",AJ21,"x",AK21,"x",AL21,"x",AM21,"x",AN21,"x",AO21,"x",AP21,"x",AQ21,"x",AR21,"x",AS21,"x",AT21,"x",AU21,"x",AV21,"x",AW21,"x",AX21,"x",AY21,"x",AZ21,"x",BA21,"x",BB21,"x",BC21,"x",BD21,"x",BE21,"x",BF21,"x",BG21,"x",BH21,"x",BI21,"x",BJ21,"x",BK21,"x",BL21,"x",BM21,"x",BN21,"x",BO21,"x",BP21,"x",BQ21,"x",BR21,"x",BS21,"x",BT21,"x",BU21,"x",BV21,"x",BW21,"x",BX21,"x",BY21,"x",BZ21,"x",CA21,"x",CB21,"x",CC21,"x",CD21,"x",CE21,"x",CF21,"x",CG21,"x",CH21,"x",CI21,"x",CJ21,"x",CK21,"x",CL21,"x",CM21,"x",CN21,"x",CO21,"x",CP21,"x",CQ21,"x",CR21,"x",CS21,"x",CT21,"x",CU21,"x",CV21,"x",CW21,"x",CX21,"x",CY21,"x",CZ21,"x",DA21,"x",DB21,"x",DC21,"x",DD21,"x",DE21,"x",DF21,"x",DG21,"x",DH21,"x",DI21,"x",DJ21,"x",DK21,"x",DL21,"x",DM21,"x",DN21,"x",DO21,"x",DP21,"x",DQ21,"x",DR21,"x",DS21,"x",DT21,"x",DU21,"x",DV21,"x",DW21,"x",DX21,"x",DY21,"x",DZ21,"x",EA21,"x",EB21,"x",EC21,"x") -> xxxxxxxxxxxxxxxxxxxxxxxxxxxxxxxxxxxxxxxxxxxxxxxxxxxxxxxxxxxxxxxxxxxxxxxxxxxxxxxxxxxxxxxxxxxxxxxxxxxxxxxxxxxxxxxxxxxxxxxxxxxxxxxx
B22: 2. Local Funds | ED22: =CONCATENATE("x",G22,"x",H22,"x",I22,"x",J22,"x",K22,"x",L22,"x",M22,"x",N22,"x",O22,"x",P22,"x",Q22,"x",R22,"x",S22,"x",T22,"x",U22,"x",V22,"x",W22,"x",X22,"x",Y22,"x",Z22,"x",AA22,"x",AB22,"x",AC22,"x",AD22,"x",AE22,"x",AF22,"x",AG22,"x",AH22,"x",AI22,"x",AJ22,"x",AK22,"x",AL22,"x",AM22,"x",AN22,"x",AO22,"x",AP22,"x",AQ22,"x",AR22,"x",AS22,"x",AT22,"x",AU22,"x",AV22,"x",AW22,"x",AX22,"x",AY22,"x",AZ22,"x",BA22,"x",BB22,"x",BC22,"x",BD22,"x",BE22,"x",BF22,"x",BG22,"x",BH22,"x",BI22,"x",BJ22,"x",BK22,"x",BL22,"x",BM22,"x",BN22,"x",BO22,"x",BP22,"x",BQ22,"x",BR22,"x",BS22,"x",BT22,"x",BU22,"x",BV22,"x",BW22,"x",BX22,"x",BY22,"x",BZ22,"x",CA22,"x",CB22,"x",CC22,"x",CD22,"x",CE22,"x",CF22,"x",CG22,"x",CH22,"x",CI22,"x",CJ22,"x",CK22,"x",CL22,"x",CM22,"x",CN22,"x",CO22,"x",CP22,"x",CQ22,"x",CR22,"x",CS22,"x",CT22,"x",CU22,"x",CV22,"x",CW22,"x",CX22,"x",CY22,"x",CZ22,"x",DA22,"x",DB22,"x",DC22,"x",DD22,"x",DE22,"x",DF22,"x",DG22,"x",DH22,"x",DI22,"x",DJ22,"x",DK22,"x",DL22,"x",DM22,"x",DN22,"x",DO22,"x",DP22,"x",DQ22,"x",DR22,"x",DS22,"x",DT22,"x",DU22,"x",DV22,"x",DW22,"x",DX22,"x",DY22,"x",DZ22,"x",EA22,"x",EB22,"x",EC22,"x") -> xxxxxxxxxxxxxxxxxxxxxxxxxxxxxxxxxxxxxxxxxxxxxxxxxxxxxxxxxxxxxxxxxxxxxxxxxxxxxxxxxxxxxxxxxxxxxxxxxxxxxxxxxxxxxxxxxxxxxxxxxxxxxxxx
B23: Revenue | ED23: =CONCATENATE("x",G23,"x",H23,"x",I23,"x",J23,"x",K23,"x",L23,"x",M23,"x",N23,"x",O23,"x",P23,"x",Q23,"x",R23,"x",S23,"x",T23,"x",U23,"x",V23,"x",W23,"x",X23,"x",Y23,"x",Z23,"x",AA23,"x",AB23,"x",AC23,"x",AD23,"x",AE23,"x",AF23,"x",AG23,"x",AH23,"x",AI23,"x",AJ23,"x",AK23,"x",AL23,"x",AM23,"x",AN23,"x",AO23,"x",AP23,"x",AQ23,"x",AR23,"x",AS23,"x",AT23,"x",AU23,"x",AV23,"x",AW23,"x",AX23,"x",AY23,"x",AZ23,"x",BA23,"x",BB23,"x",BC23,"x",BD23,"x",BE23,"x",BF23,"x",BG23,"x",BH23,"x",BI23,"x",BJ23,"x",BK23,"x",BL23,"x",BM23,"x",BN23,"x",BO23,"x",BP23,"x",BQ23,"x",BR23,"x",BS23,"x",BT23,"x",BU23,"x",BV23,"x",BW23,"x",BX23,"x",BY23,"x",BZ23,"x",CA23,"x",CB23,"x",CC23,"x",CD23,"x",CE23,"x",CF23,"x",CG23,"x",CH23,"x",CI23,"x",CJ23,"x",CK23,"x",CL23,"x",CM23,"x",CN23,"x",CO23,"x",CP23,"x",CQ23,"x",CR23,"x",CS23,"x",CT23,"x",CU23,"x",CV23,"x",CW23,"x",CX23,"x",CY23,"x",CZ23,"x",DA23,"x",DB23,"x",DC23,"x",DD23,"x",DE23,"x",DF23,"x",DG23,"x",DH23,"x",DI23,"x",DJ23,"x",DK23,"x",DL23,"x",DM23,"x",DN23,"x",DO23,"x",DP23,"x",DQ23,"x",DR23,"x",DS23,"x",DT23,"x",DU23,"x",DV23,"x",DW23,"x",DX23,"x",DY23,"x",DZ23,"x",EA23,"x",EB23,"x",EC23,"x") -> xxxxxxxxxxxxxxxxxxxxxxxxxxxxxxxxxxxxxxxxxxxxxxxxxxxxxxxxxxxxxxxxxxxxxxxxxxxxxxxxxxxxxxxxxxxxxxxxxxxxxxxxxxxxxxxxxxxxxxxxxxxxxxxx
A24: 1520 | B24: Donations and Bequests | C24: =SUMPRODUCT(SUMIF('Sch Parent Trial Balance Input'!$A:$A,'Sch Parent TB Converter'!$G24:$EC24,'Sch Parent Trial Balance Input'!C:C)) -> 0 | D24: =SUMPRODUCT(SUMIF('Sch Parent Trial Balance Input'!$A:$A,'Sch Parent TB Converter'!$G24:$EC24,'Sch Parent Trial Balance Input'!D:D)) -> 0 | E24: =SUMPRODUCT(SUMIF('Sch Parent Trial Balance Input'!$A:$A,'Sch Parent TB Converter'!$G24:$EC24,'Sch Parent Trial Balance Input'!E:E)) -> 0 | ED24: =CONCATENATE("x",G24,"x",H24,"x",I24,"x",J24,"x",K24,"x",L24,"x",M24,"x",N24,"x",O24,"x",P24,"x",Q24,"x",R24,"x",S24,"x",T24,"x",U24,"x",V24,"x",W24,"x",X24,"x",Y24,"x",Z24,"x",AA24,"x",AB24,"x",AC24,"x",AD24,"x",AE24,"x",AF24,"x",AG24,"x",AH24,"x",AI24,"x",AJ24,"x",AK24,"x",AL24,"x",AM24,"x",AN24,"x",AO24,"x",AP24,"x",AQ24,"x",AR24,"x",AS24,"x",AT24,"x",AU24,"x",AV24,"x",AW24,"x",AX24,"x",AY24,"x",AZ24,"x",BA24,"x",BB24,"x",BC24,"x",BD24,"x",BE24,"x",BF24,"x",BG24,"x",BH24,"x",BI24,"x",BJ24,"x",BK24,"x",BL24,"x",BM24,"x",BN24,"x",BO24,"x",BP24,"x",BQ24,"x",BR24,"x",BS24,"x",BT24,"x",BU24,"x",BV24,"x",BW24,"x",BX24,"x",BY24,"x",BZ24,"x",CA24,"x",CB24,"x",CC24,"x",CD24,"x",CE24,"x",CF24,"x",CG24,"x",CH24,"x",CI24,"x",CJ24,"x",CK24,"x",CL24,"x",CM24,"x",CN24,"x",CO24,"x",CP24,"x",CQ24,"x",CR24,"x",CS24,"x",CT24,"x",CU24,"x",CV24,"x",CW24,"x",CX24,"x",CY24,"x",CZ24,"x",DA24,"x",DB24,"x",DC24,"x",DD24,"x",DE24,"x",DF24,"x",DG24,"x",DH24,"x",DI24,"x",DJ24,"x",DK24,"x",DL24,"x",DM24,"x",DN24,"x",DO24,"x",DP24,"x",DQ24,"x",DR24,"x",DS24,"x",DT24,"x",DU24,"x",DV24,"x",DW24,"x",DX24,"x",DY24,"x",DZ24,"x",EA24,"x",EB24,"x",EC24,"x") -> xxxxxxxxxxxxxxxxxxxxxxxxxxxxxxxxxxxxxxxxxxxxxxxxxxxxxxxxxxxxxxxxxxxxxxxxxxxxxxxxxxxxxxxxxxxxxxxxxxxxxxxxxxxxxxxxxxxxxxxxxxxxxxxx
A25: 1530 | B25: Fundraising & Community Grants | C25: =SUMPRODUCT(SUMIF('Sch Parent Trial Balance Input'!$A:$A,'Sch Parent TB Converter'!$G25:$EC25,'Sch Parent Trial Balance Input'!C:C)) -> 0 | D25: =SUMPRODUCT(SUMIF('Sch Parent Trial Balance Input'!$A:$A,'Sch Parent TB Converter'!$G25:$EC25,'Sch Parent Trial Balance Input'!D:D)) -> 0 | E25: =SUMPRODUCT(SUMIF('Sch Parent Trial Balance Input'!$A:$A,'Sch Parent TB Converter'!$G25:$EC25,'Sch Parent Trial Balance Input'!E:E)) -> 0 | ED25: =CONCATENATE("x",G25,"x",H25,"x",I25,"x",J25,"x",K25,"x",L25,"x",M25,"x",N25,"x",O25,"x",P25,"x",Q25,"x",R25,"x",S25,"x",T25,"x",U25,"x",V25,"x",W25,"x",X25,"x",Y25,"x",Z25,"x",AA25,"x",AB25,"x",AC25,"x",AD25,"x",AE25,"x",AF25,"x",AG25,"x",AH25,"x",AI25,"x",AJ25,"x",AK25,"x",AL25,"x",AM25,"x",AN25,"x",AO25,"x",AP25,"x",AQ25,"x",AR25,"x",AS25,"x",AT25,"x",AU25,"x",AV25,"x",AW25,"x",AX25,"x",AY25,"x",AZ25,"x",BA25,"x",BB25,"x",BC25,"x",BD25,"x",BE25,"x",BF25,"x",BG25,"x",BH25,"x",BI25,"x",BJ25,"x",BK25,"x",BL25,"x",BM25,"x",BN25,"x",BO25,"x",BP25,"x",BQ25,"x",BR25,"x",BS25,"x",BT25,"x",BU25,"x",BV25,"x",BW25,"x",BX25,"x",BY25,"x",BZ25,"x",CA25,"x",CB25,"x",CC25,"x",CD25,"x",CE25,"x",CF25,"x",CG25,"x",CH25,"x",CI25,"x",CJ25,"x",CK25,"x",CL25,"x",CM25,"x",CN25,"x",CO25,"x",CP25,"x",CQ25,"x",CR25,"x",CS25,"x",CT25,"x",CU25,"x",CV25,"x",CW25,"x",CX25,"x",CY25,"x",CZ25,"x",DA25,"x",DB25,"x",DC25,"x",DD25,"x",DE25,"x",DF25,"x",DG25,"x",DH25,"x",DI25,"x",DJ25,"x",DK25,"x",DL25,"x",DM25,"x",DN25,"x",DO25,"x",DP25,"x",DQ25,"x",DR25,"x",DS25,"x",DT25,"x",DU25,"x",DV25,"x",DW25,"x",DX25,"x",DY25,"x",DZ25,"x",EA25,"x",EB25,"x",EC25,"x") -> xxxxxxxxxxxxxxxxxxxxxxxxxxxxxxxxxxxxxxxxxxxxxxxxxxxxxxxxxxxxxxxxxxxxxxxxxxxxxxxxxxxxxxxxxxxxxxxxxxxxxxxxxxxxxxxxxxxxxxxxxxxxxxxx
A26: 1570 | B26: Other Revenue | C26: =SUMPRODUCT(SUMIF('Sch Parent Trial Balance Input'!$A:$A,'Sch Parent TB Converter'!$G26:$EC26,'Sch Parent Trial Balance Input'!C:C)) -> 0 | D26: =SUMPRODUCT(SUMIF('Sch Parent Trial Balance Input'!$A:$A,'Sch Parent TB Converter'!$G26:$EC26,'Sch Parent Trial Balance Input'!D:D)) -> 0 | E26: =SUMPRODUCT(SUMIF('Sch Parent Trial Balance Input'!$A:$A,'Sch Parent TB Converter'!$G26:$EC26,'Sch Parent Trial Balance Input'!E:E)) -> 0 | ED26: =CONCATENATE("x",G26,"x",H26,"x",I26,"x",J26,"x",K26,"x",L26,"x",M26,"x",N26,"x",O26,"x",P26,"x",Q26,"x",R26,"x",S26,"x",T26,"x",U26,"x",V26,"x",W26,"x",X26,"x",Y26,"x",Z26,"x",AA26,"x",AB26,"x",AC26,"x",AD26,"x",AE26,"x",AF26,"x",AG26,"x",AH26,"x",AI26,"x",AJ26,"x",AK26,"x",AL26,"x",AM26,"x",AN26,"x",AO26,"x",AP26,"x",AQ26,"x",AR26,"x",AS26,"x",AT26,"x",AU26,"x",AV26,"x",AW26,"x",AX26,"x",AY26,"x",AZ26,"x",BA26,"x",BB26,"x",BC26,"x",BD26,"x",BE26,"x",BF26,"x",BG26,"x",BH26,"x",BI26,"x",BJ26,"x",BK26,"x",BL26,"x",BM26,"x",BN26,"x",BO26,"x",BP26,"x",BQ26,"x",BR26,"x",BS26,"x",BT26,"x",BU26,"x",BV26,"x",BW26,"x",BX26,"x",BY26,"x",BZ26,"x",CA26,"x",CB26,"x",CC26,"x",CD26,"x",CE26,"x",CF26,"x",CG26,"x",CH26,"x",CI26,"x",CJ26,"x",CK26,"x",CL26,"x",CM26,"x",CN26,"x",CO26,"x",CP26,"x",CQ26,"x",CR26,"x",CS26,"x",CT26,"x",CU26,"x",CV26,"x",CW26,"x",CX26,"x",CY26,"x",CZ26,"x",DA26,"x",DB26,"x",DC26,"x",DD26,"x",DE26,"x",DF26,"x",DG26,"x",DH26,"x",DI26,"x",DJ26,"x",DK26,"x",DL26,"x",DM26,"x",DN26,"x",DO26,"x",DP26,"x",DQ26,"x",DR26,"x",DS26,"x",DT26,"x",DU26,"x",DV26,"x",DW26,"x",DX26,"x",DY26,"x",DZ26,"x",EA26,"x",EB26,"x",EC26,"x") -> xxxxxxxxxxxxxxxxxxxxxxxxxxxxxxxxxxxxxxxxxxxxxxxxxxxxxxxxxxxxxxxxxxxxxxxxxxxxxxxxxxxxxxxxxxxxxxxxxxxxxxxxxxxxxxxxxxxxxxxxxxxxxxxx
A27: 1560 | B27: Trading | C27: {=SUMPRODUCT(SUMIF('Sch Parent Trial Balance Input'!$A:$A,'Sch Parent TB Converter'!$G27:$EC27,'Sch Parent Trial Balance Input'!C:C))} -> 0 | D27: =SUMPRODUCT(SUMIF('Sch Parent Trial Balance Input'!$A:$A,'Sch Parent TB Converter'!$G27:$EC27,'Sch Parent Trial Balance Input'!D:D)) -> 0 | E27: =SUMPRODUCT(SUMIF('Sch Parent Trial Balance Input'!$A:$A,'Sch Parent TB Converter'!$G27:$EC27,'Sch Parent Trial Balance Input'!E:E)) -> 0 | ED27: =CONCATENATE("x",G27,"x",H27,"x",I27,"x",J27,"x",K27,"x",L27,"x",M27,"x",N27,"x",O27,"x",P27,"x",Q27,"x",R27,"x",S27,"x",T27,"x",U27,"x",V27,"x",W27,"x",X27,"x",Y27,"x",Z27,"x",AA27,"x",AB27,"x",AC27,"x",AD27,"x",AE27,"x",AF27,"x",AG27,"x",AH27,"x",AI27,"x",AJ27,"x",AK27,"x",AL27,"x",AM27,"x",AN27,"x",AO27,"x",AP27,"x",AQ27,"x",AR27,"x",AS27,"x",AT27,"x",AU27,"x",AV27,"x",AW27,"x",AX27,"x",AY27,"x",AZ27,"x",BA27,"x",BB27,"x",BC27,"x",BD27,"x",BE27,"x",BF27,"x",BG27,"x",BH27,"x",BI27,"x",BJ27,"x",BK27,"x",BL27,"x",BM27,"x",BN27,"x",BO27,"x",BP27,"x",BQ27,"x",BR27,"x",BS27,"x",BT27,"x",BU27,"x",BV27,"x",BW27,"x",BX27,"x",BY27,"x",BZ27,"x",CA27,"x",CB27,"x",CC27,"x",CD27,"x",CE27,"x",CF27,"x",CG27,"x",CH27,"x",CI27,"x",CJ27,"x",CK27,"x",CL27,"x",CM27,"x",CN27,"x",CO27,"x",CP27,"x",CQ27,"x",CR27,"x",CS27,"x",CT27,"x",CU27,"x",CV27,"x",CW27,"x",CX27,"x",CY27,"x",CZ27,"x",DA27,"x",DB27,"x",DC27,"x",DD27,"x",DE27,"x",DF27,"x",DG27,"x",DH27,"x",DI27,"x",DJ27,"x",DK27,"x",DL27,"x",DM27,"x",DN27,"x",DO27,"x",DP27,"x",DQ27,"x",DR27,"x",DS27,"x",DT27,"x",DU27,"x",DV27,"x",DW27,"x",DX27,"x",DY27,"x",DZ27,"x",EA27,"x",EB27,"x",EC27,"x") -> xxxxxxxxxxxxxxxxxxxxxxxxxxxxxxxxxxxxxxxxxxxxxxxxxxxxxxxxxxxxxxxxxxxxxxxxxxxxxxxxxxxxxxxxxxxxxxxxxxxxxxxxxxxxxxxxxxxxxxxxxxxxxxxx
A28: 1510 | B28: Fees for Extra Curricular Activities | C28: =SUMPRODUCT(SUMIF('Sch Parent Trial Balance Input'!$A:$A,'Sch Parent TB Converter'!$G28:$EC28,'Sch Parent Trial Balance Input'!C:C)) -> 0 | D28: =SUMPRODUCT(SUMIF('Sch Parent Trial Balance Input'!$A:$A,'Sch Parent TB Converter'!$G28:$EC28,'Sch Parent Trial Balance Input'!D:D)) -> 0 | E28: =SUMPRODUCT(SUMIF('Sch Parent Trial Balance Input'!$A:$A,'Sch Parent TB Converter'!$G28:$EC28,'Sch Parent Trial Balance Input'!E:E)) -> 0 | ED28: =CONCATENATE("x",G28,"x",H28,"x",I28,"x",J28,"x",K28,"x",L28,"x",M28,"x",N28,"x",O28,"x",P28,"x",Q28,"x",R28,"x",S28,"x",T28,"x",U28,"x",V28,"x",W28,"x",X28,"x",Y28,"x",Z28,"x",AA28,"x",AB28,"x",AC28,"x",AD28,"x",AE28,"x",AF28,"x",AG28,"x",AH28,"x",AI28,"x",AJ28,"x",AK28,"x",AL28,"x",AM28,"x",AN28,"x",AO28,"x",AP28,"x",AQ28,"x",AR28,"x",AS28,"x",AT28,"x",AU28,"x",AV28,"x",AW28,"x",AX28,"x",AY28,"x",AZ28,"x",BA28,"x",BB28,"x",BC28,"x",BD28,"x",BE28,"x",BF28,"x",BG28,"x",BH28,"x",BI28,"x",BJ28,"x",BK28,"x",BL28,"x",BM28,"x",BN28,"x",BO28,"x",BP28,"x",BQ28,"x",BR28,"x",BS28,"x",BT28,"x",BU28,"x",BV28,"x",BW28,"x",BX28,"x",BY28,"x",BZ28,"x",CA28,"x",CB28,"x",CC28,"x",CD28,"x",CE28,"x",CF28,"x",CG28,"x",CH28,"x",CI28,"x",CJ28,"x",CK28,"x",CL28,"x",CM28,"x",CN28,"x",CO28,"x",CP28,"x",CQ28,"x",CR28,"x",CS28,"x",CT28,"x",CU28,"x",CV28,"x",CW28,"x",CX28,"x",CY28,"x",CZ28,"x",DA28,"x",DB28,"x",DC28,"x",DD28,"x",DE28,"x",DF28,"x",DG28,"x",DH28,"x",DI28,"x",DJ28,"x",DK28,"x",DL28,"x",DM28,"x",DN28,"x",DO28,"x",DP28,"x",DQ28,"x",DR28,"x",DS28,"x",DT28,"x",DU28,"x",DV28,"x",DW28,"x",DX28,"x",DY28,"x",DZ28,"x",EA28,"x",EB28,"x",EC28,"x") -> xxxxxxxxxxxxxxxxxxxxxxxxxxxxxxxxxxxxxxxxxxxxxxxxxxxxxxxxxxxxxxxxxxxxxxxxxxxxxxxxxxxxxxxxxxxxxxxxxxxxxxxxxxxxxxxxxxxxxxxxxxxxxxxx
A29: 1473 | B29: International Student Fees | C29: =SUMPRODUCT(SUMIF('Sch Parent Trial Balance Input'!$A:$A,'Sch Parent TB Converter'!$G29:$EC29,'Sch Parent Trial Balance Input'!C:C)) -> 0 | D29: =SUMPRODUCT(SUMIF('Sch Parent Trial Balance Input'!$A:$A,'Sch Parent TB Converter'!$G29:$EC29,'Sch Parent Trial Balance Input'!D:D)) -> 0 | E29: =SUMPRODUCT(SUMIF('Sch Parent Trial Balance Input'!$A:$A,'Sch Parent TB Converter'!$G29:$EC29,'Sch Parent Trial Balance Input'!E:E)) -> 0 | ED29: =CONCATENATE("x",G29,"x",H29,"x",I29,"x",J29,"x",K29,"x",L29,"x",M29,"x",N29,"x",O29,"x",P29,"x",Q29,"x",R29,"x",S29,"x",T29,"x",U29,"x",V29,"x",W29,"x",X29,"x",Y29,"x",Z29,"x",AA29,"x",AB29,"x",AC29,"x",AD29,"x",AE29,"x",AF29,"x",AG29,"x",AH29,"x",AI29,"x",AJ29,"x",AK29,"x",AL29,"x",AM29,"x",AN29,"x",AO29,"x",AP29,"x",AQ29,"x",AR29,"x",AS29,"x",AT29,"x",AU29,"x",AV29,"x",AW29,"x",AX29,"x",AY29,"x",AZ29,"x",BA29,"x",BB29,"x",BC29,"x",BD29,"x",BE29,"x",BF29,"x",BG29,"x",BH29,"x",BI29,"x",BJ29,"x",BK29,"x",BL29,"x",BM29,"x",BN29,"x",BO29,"x",BP29,"x",BQ29,"x",BR29,"x",BS29,"x",BT29,"x",BU29,"x",BV29,"x",BW29,"x",BX29,"x",BY29,"x",BZ29,"x",CA29,"x",CB29,"x",CC29,"x",CD29,"x",CE29,"x",CF29,"x",CG29,"x",CH29,"x",CI29,"x",CJ29,"x",CK29,"x",CL29,"x",CM29,"x",CN29,"x",CO29,"x",CP29,"x",CQ29,"x",CR29,"x",CS29,"x",CT29,"x",CU29,"x",CV29,"x",CW29,"x",CX29,"x",CY29,"x",CZ29,"x",DA29,"x",DB29,"x",DC29,"x",DD29,"x",DE29,"x",DF29,"x",DG29,"x",DH29,"x",DI29,"x",DJ29,"x",DK29,"x",DL29,"x",DM29,"x",DN29,"x",DO29,"x",DP29,"x",DQ29,"x",DR29,"x",DS29,"x",DT29,"x",DU29,"x",DV29,"x",DW29,"x",DX29,"x",DY29,"x",DZ29,"x",EA29,"x",EB29,"x",EC29,"x") -> xxxxxxxxxxxxxxxxxxxxxxxxxxxxxxxxxxxxxxxxxxxxxxxxxxxxxxxxxxxxxxxxxxxxxxxxxxxxxxxxxxxxxxxxxxxxxxxxxxxxxxxxxxxxxxxxxxxxxxxxxxxxxxxx
ED30: =CONCATENATE("x",G30,"x",H30,"x",I30,"x",J30,"x",K30,"x",L30,"x",M30,"x",N30,"x",O30,"x",P30,"x",Q30,"x",R30,"x",S30,"x",T30,"x",U30,"x",V30,"x",W30,"x",X30,"x",Y30,"x",Z30,"x",AA30,"x",AB30,"x",AC30,"x",AD30,"x",AE30,"x",AF30,"x",AG30,"x",AH30,"x",AI30,"x",AJ30,"x",AK30,"x",AL30,"x",AM30,"x",AN30,"x",AO30,"x",AP30,"x",AQ30,"x",AR30,"x",AS30,"x",AT30,"x",AU30,"x",AV30,"x",AW30,"x",AX30,"x",AY30,"x",AZ30,"x",BA30,"x",BB30,"x",BC30,"x",BD30,"x",BE30,"x",BF30,"x",BG30,"x",BH30,"x",BI30,"x",BJ30,"x",BK30,"x",BL30,"x",BM30,"x",BN30,"x",BO30,"x",BP30,"x",BQ30,"x",BR30,"x",BS30,"x",BT30,"x",BU30,"x",BV30,"x",BW30,"x",BX30,"x",BY30,"x",BZ30,"x",CA30,"x",CB30,"x",CC30,"x",CD30,"x",CE30,"x",CF30,"x",CG30,"x",CH30,"x",CI30,"x",CJ30,"x",CK30,"x",CL30,"x",CM30,"x",CN30,"x",CO30,"x",CP30,"x",CQ30,"x",CR30,"x",CS30,"x",CT30,"x",CU30,"x",CV30,"x",CW30,"x",CX30,"x",CY30,"x",CZ30,"x",DA30,"x",DB30,"x",DC30,"x",DD30,"x",DE30,"x",DF30,"x",DG30,"x",DH30,"x",DI30,"x",DJ30,"x",DK30,"x",DL30,"x",DM30,"x",DN30,"x",DO30,"x",DP30,"x",DQ30,"x",DR30,"x",DS30,"x",DT30,"x",DU30,"x",DV30,"x",DW30,"x",DX30,"x",DY30,"x",DZ30,"x",EA30,"x",EB30,"x",EC30,"x") -> xxxxxxxxxxxxxxxxxxxxxxxxxxxxxxxxxxxxxxxxxxxxxxxxxxxxxxxxxxxxxxxxxxxxxxxxxxxxxxxxxxxxxxxxxxxxxxxxxxxxxxxxxxxxxxxxxxxxxxxxxxxxxxxx
B31: Expenses | ED31: =CONCATENATE("x",G31,"x",H31,"x",I31,"x",J31,"x",K31,"x",L31,"x",M31,"x",N31,"x",O31,"x",P31,"x",Q31,"x",R31,"x",S31,"x",T31,"x",U31,"x",V31,"x",W31,"x",X31,"x",Y31,"x",Z31,"x",AA31,"x",AB31,"x",AC31,"x",AD31,"x",AE31,"x",AF31,"x",AG31,"x",AH31,"x",AI31,"x",AJ31,"x",AK31,"x",AL31,"x",AM31,"x",AN31,"x",AO31,"x",AP31,"x",AQ31,"x",AR31,"x",AS31,"x",AT31,"x",AU31,"x",AV31,"x",AW31,"x",AX31,"x",AY31,"x",AZ31,"x",BA31,"x",BB31,"x",BC31,"x",BD31,"x",BE31,"x",BF31,"x",BG31,"x",BH31,"x",BI31,"x",BJ31,"x",BK31,"x",BL31,"x",BM31,"x",BN31,"x",BO31,"x",BP31,"x",BQ31,"x",BR31,"x",BS31,"x",BT31,"x",BU31,"x",BV31,"x",BW31,"x",BX31,"x",BY31,"x",BZ31,"x",CA31,"x",CB31,"x",CC31,"x",CD31,"x",CE31,"x",CF31,"x",CG31,"x",CH31,"x",CI31,"x",CJ31,"x",CK31,"x",CL31,"x",CM31,"x",CN31,"x",CO31,"x",CP31,"x",CQ31,"x",CR31,"x",CS31,"x",CT31,"x",CU31,"x",CV31,"x",CW31,"x",CX31,"x",CY31,"x",CZ31,"x",DA31,"x",DB31,"x",DC31,"x",DD31,"x",DE31,"x",DF31,"x",DG31,"x",DH31,"x",DI31,"x",DJ31,"x",DK31,"x",DL31,"x",DM31,"x",DN31,"x",DO31,"x",DP31,"x",DQ31,"x",DR31,"x",DS31,"x",DT31,"x",DU31,"x",DV31,"x",DW31,"x",DX31,"x",DY31,"x",DZ31,"x",EA31,"x",EB31,"x",EC31,"x") -> xxxxxxxxxxxxxxxxxxxxxxxxxxxxxxxxxxxxxxxxxxxxxxxxxxxxxxxxxxxxxxxxxxxxxxxxxxxxxxxxxxxxxxxxxxxxxxxxxxxxxxxxxxxxxxxxxxxxxxxxxxxxxxxx
A32: 2410 | B32: Extra Curricular Activities Costs | C32: {=SUMPRODUCT(SUMIF('Sch Parent Trial Balance Input'!$A:$A,'Sch Parent TB Converter'!$G32:$EC32,'Sch Parent Trial Balance Input'!C:C))} -> 0 | D32: {=SUMPRODUCT(SUMIF('Sch Parent Trial Balance Input'!$A:$A,'Sch Parent TB Converter'!$G32:$EC32,'Sch Parent Trial Balance Input'!D:D))} -> 0 | E32: {=SUMPRODUCT(SUMIF('Sch Parent Trial Balance Input'!$A:$A,'Sch Parent TB Converter'!$G32:$EC32,'Sch Parent Trial Balance Input'!E:E))} -> 0 | ED32: =CONCATENATE("x",G32,"x",H32,"x",I32,"x",J32,"x",K32,"x",L32,"x",M32,"x",N32,"x",O32,"x",P32,"x",Q32,"x",R32,"x",S32,"x",T32,"x",U32,"x",V32,"x",W32,"x",X32,"x",Y32,"x",Z32,"x",AA32,"x",AB32,"x",AC32,"x",AD32,"x",AE32,"x",AF32,"x",AG32,"x",AH32,"x",AI32,"x",AJ32,"x",AK32,"x",AL32,"x",AM32,"x",AN32,"x",AO32,"x",AP32,"x",AQ32,"x",AR32,"x",AS32,"x",AT32,"x",AU32,"x",AV32,"x",AW32,"x",AX32,"x",AY32,"x",AZ32,"x",BA32,"x",BB32,"x",BC32,"x",BD32,"x",BE32,"x",BF32,"x",BG32,"x",BH32,"x",BI32,"x",BJ32,"x",BK32,"x",BL32,"x",BM32,"x",BN32,"x",BO32,"x",BP32,"x",BQ32,"x",BR32,"x",BS32,"x",BT32,"x",BU32,"x",BV32,"x",BW32,"x",BX32,"x",BY32,"x",BZ32,"x",CA32,"x",CB32,"x",CC32,"x",CD32,"x",CE32,"x",CF32,"x",CG32,"x",CH32,"x",CI32,"x",CJ32,"x",CK32,"x",CL32,"x",CM32,"x",CN32,"x",CO32,"x",CP32,"x",CQ32,"x",CR32,"x",CS32,"x",CT32,"x",CU32,"x",CV32,"x",CW32,"x",CX32,"x",CY32,"x",CZ32,"x",DA32,"x",DB32,"x",DC32,"x",DD32,"x",DE32,"x",DF32,"x",DG32,"x",DH32,"x",DI32,"x",DJ32,"x",DK32,"x",DL32,"x",DM32,"x",DN32,"x",DO32,"x",DP32,"x",DQ32,"x",DR32,"x",DS32,"x",DT32,"x",DU32,"x",DV32,"x",DW32,"x",DX32,"x",DY32,"x",DZ32,"x",EA32,"x",EB32,"x",EC32,"x") -> xxxxxxxxxxxxxxxxxxxxxxxxxxxxxxxxxxxxxxxxxxxxxxxxxxxxxxxxxxxxxxxxxxxxxxxxxxxxxxxxxxxxxxxxxxxxxxxxxxxxxxxxxxxxxxxxxxxxxxxxxxxxxxxx
A33: 2440 | B33: Trading | C33: =SUMPRODUCT(SUMIF('Sch Parent Trial Balance Input'!$A:$A,'Sch Parent TB Converter'!$G33:$EC33,'Sch Parent Trial Balance Input'!C:C)) -> 0 | D33: =SUMPRODUCT(SUMIF('Sch Parent Trial Balance Input'!$A:$A,'Sch Parent TB Converter'!$G33:$EC33,'Sch Parent Trial Balance Input'!D:D)) -> 0 | E33: =SUMPRODUCT(SUMIF('Sch Parent Trial Balance Input'!$A:$A,'Sch Parent TB Converter'!$G33:$EC33,'Sch Parent Trial Balance Input'!E:E)) -> 0 | ED33: =CONCATENATE("x",G33,"x",H33,"x",I33,"x",J33,"x",K33,"x",L33,"x",M33,"x",N33,"x",O33,"x",P33,"x",Q33,"x",R33,"x",S33,"x",T33,"x",U33,"x",V33,"x",W33,"x",X33,"x",Y33,"x",Z33,"x",AA33,"x",AB33,"x",AC33,"x",AD33,"x",AE33,"x",AF33,"x",AG33,"x",AH33,"x",AI33,"x",AJ33,"x",AK33,"x",AL33,"x",AM33,"x",AN33,"x",AO33,"x",AP33,"x",AQ33,"x",AR33,"x",AS33,"x",AT33,"x",AU33,"x",AV33,"x",AW33,"x",AX33,"x",AY33,"x",AZ33,"x",BA33,"x",BB33,"x",BC33,"x",BD33,"x",BE33,"x",BF33,"x",BG33,"x",BH33,"x",BI33,"x",BJ33,"x",BK33,"x",BL33,"x",BM33,"x",BN33,"x",BO33,"x",BP33,"x",BQ33,"x",BR33,"x",BS33,"x",BT33,"x",BU33,"x",BV33,"x",BW33,"x",BX33,"x",BY33,"x",BZ33,"x",CA33,"x",CB33,"x",CC33,"x",CD33,"x",CE33,"x",CF33,"x",CG33,"x",CH33,"x",CI33,"x",CJ33,"x",CK33,"x",CL33,"x",CM33,"x",CN33,"x",CO33,"x",CP33,"x",CQ33,"x",CR33,"x",CS33,"x",CT33,"x",CU33,"x",CV33,"x",CW33,"x",CX33,"x",CY33,"x",CZ33,"x",DA33,"x",DB33,"x",DC33,"x",DD33,"x",DE33,"x",DF33,"x",DG33,"x",DH33,"x",DI33,"x",DJ33,"x",DK33,"x",DL33,"x",DM33,"x",DN33,"x",DO33,"x",DP33,"x",DQ33,"x",DR33,"x",DS33,"x",DT33,"x",DU33,"x",DV33,"x",DW33,"x",DX33,"x",DY33,"x",DZ33,"x",EA33,"x",EB33,"x",EC33,"x") -> xxxxxxxxxxxxxxxxxxxxxxxxxxxxxxxxxxxxxxxxxxxxxxxxxxxxxxxxxxxxxxxxxxxxxxxxxxxxxxxxxxxxxxxxxxxxxxxxxxxxxxxxxxxxxxxxxxxxxxxxxxxxxxxx
A34: 2420 | B34: Fundraising and Community Grant Costs | C34: =SUMPRODUCT(SUMIF('Sch Parent Trial Balance Input'!$A:$A,'Sch Parent TB Converter'!$G34:$EC34,'Sch Parent Trial Balance Input'!C:C)) -> 0 | D34: =SUMPRODUCT(SUMIF('Sch Parent Trial Balance Input'!$A:$A,'Sch Parent TB Converter'!$G34:$EC34,'Sch Parent Trial Balance Input'!D:D)) -> 0 | E34: =SUMPRODUCT(SUMIF('Sch Parent Trial Balance Input'!$A:$A,'Sch Parent TB Converter'!$G34:$EC34,'Sch Parent Trial Balance Input'!E:E)) -> 0 | ED34: =CONCATENATE("x",G34,"x",H34,"x",I34,"x",J34,"x",K34,"x",L34,"x",M34,"x",N34,"x",O34,"x",P34,"x",Q34,"x",R34,"x",S34,"x",T34,"x",U34,"x",V34,"x",W34,"x",X34,"x",Y34,"x",Z34,"x",AA34,"x",AB34,"x",AC34,"x",AD34,"x",AE34,"x",AF34,"x",AG34,"x",AH34,"x",AI34,"x",AJ34,"x",AK34,"x",AL34,"x",AM34,"x",AN34,"x",AO34,"x",AP34,"x",AQ34,"x",AR34,"x",AS34,"x",AT34,"x",AU34,"x",AV34,"x",AW34,"x",AX34,"x",AY34,"x",AZ34,"x",BA34,"x",BB34,"x",BC34,"x",BD34,"x",BE34,"x",BF34,"x",BG34,"x",BH34,"x",BI34,"x",BJ34,"x",BK34,"x",BL34,"x",BM34,"x",BN34,"x",BO34,"x",BP34,"x",BQ34,"x",BR34,"x",BS34,"x",BT34,"x",BU34,"x",BV34,"x",BW34,"x",BX34,"x",BY34,"x",BZ34,"x",CA34,"x",CB34,"x",CC34,"x",CD34,"x",CE34,"x",CF34,"x",CG34,"x",CH34,"x",CI34,"x",CJ34,"x",CK34,"x",CL34,"x",CM34,"x",CN34,"x",CO34,"x",CP34,"x",CQ34,"x",CR34,"x",CS34,"x",CT34,"x",CU34,"x",CV34,"x",CW34,"x",CX34,"x",CY34,"x",CZ34,"x",DA34,"x",DB34,"x",DC34,"x",DD34,"x",DE34,"x",DF34,"x",DG34,"x",DH34,"x",DI34,"x",DJ34,"x",DK34,"x",DL34,"x",DM34,"x",DN34,"x",DO34,"x",DP34,"x",DQ34,"x",DR34,"x",DS34,"x",DT34,"x",DU34,"x",DV34,"x",DW34,"x",DX34,"x",DY34,"x",DZ34,"x",EA34,"x",EB34,"x",EC34,"x") -> xxxxxxxxxxxxxxxxxxxxxxxxxxxxxxxxxxxxxxxxxxxxxxxxxxxxxxxxxxxxxxxxxxxxxxxxxxxxxxxxxxxxxxxxxxxxxxxxxxxxxxxxxxxxxxxxxxxxxxxxxxxxxxxx
A35: 2430 | B35: Other Locally Raised Funds Expenditure | C35: =SUMPRODUCT(SUMIF('Sch Parent Trial Balance Input'!$A:$A,'Sch Parent TB Converter'!$G35:$EC35,'Sch Parent Trial Balance Input'!C:C)) -> 0 | D35: =SUMPRODUCT(SUMIF('Sch Parent Trial Balance Input'!$A:$A,'Sch Parent TB Converter'!$G35:$EC35,'Sch Parent Trial Balance Input'!D:D)) -> 0 | E35: =SUMPRODUCT(SUMIF('Sch Parent Trial Balance Input'!$A:$A,'Sch Parent TB Converter'!$G35:$EC35,'Sch Parent Trial Balance Input'!E:E)) -> 0 | ED35: =CONCATENATE("x",G35,"x",H35,"x",I35,"x",J35,"x",K35,"x",L35,"x",M35,"x",N35,"x",O35,"x",P35,"x",Q35,"x",R35,"x",S35,"x",T35,"x",U35,"x",V35,"x",W35,"x",X35,"x",Y35,"x",Z35,"x",AA35,"x",AB35,"x",AC35,"x",AD35,"x",AE35,"x",AF35,"x",AG35,"x",AH35,"x",AI35,"x",AJ35,"x",AK35,"x",AL35,"x",AM35,"x",AN35,"x",AO35,"x",AP35,"x",AQ35,"x",AR35,"x",AS35,"x",AT35,"x",AU35,"x",AV35,"x",AW35,"x",AX35,"x",AY35,"x",AZ35,"x",BA35,"x",BB35,"x",BC35,"x",BD35,"x",BE35,"x",BF35,"x",BG35,"x",BH35,"x",BI35,"x",BJ35,"x",BK35,"x",BL35,"x",BM35,"x",BN35,"x",BO35,"x",BP35,"x",BQ35,"x",BR35,"x",BS35,"x",BT35,"x",BU35,"x",BV35,"x",BW35,"x",BX35,"x",BY35,"x",BZ35,"x",CA35,"x",CB35,"x",CC35,"x",CD35,"x",CE35,"x",CF35,"x",CG35,"x",CH35,"x",CI35,"x",CJ35,"x",CK35,"x",CL35,"x",CM35,"x",CN35,"x",CO35,"x",CP35,"x",CQ35,"x",CR35,"x",CS35,"x",CT35,"x",CU35,"x",CV35,"x",CW35,"x",CX35,"x",CY35,"x",CZ35,"x",DA35,"x",DB35,"x",DC35,"x",DD35,"x",DE35,"x",DF35,"x",DG35,"x",DH35,"x",DI35,"x",DJ35,"x",DK35,"x",DL35,"x",DM35,"x",DN35,"x",DO35,"x",DP35,"x",DQ35,"x",DR35,"x",DS35,"x",DT35,"x",DU35,"x",DV35,"x",DW35,"x",DX35,"x",DY35,"x",DZ35,"x",EA35,"x",EB35,"x",EC35,"x") -> xxxxxxxxxxxxxxxxxxxxxxxxxxxxxxxxxxxxxxxxxxxxxxxxxxxxxxxxxxxxxxxxxxxxxxxxxxxxxxxxxxxxxxxxxxxxxxxxxxxxxxxxxxxxxxxxxxxxxxxxxxxxxxxx
A36: 2060 | B36: International Student - Employee Benefits - Salaries | C36: =SUMPRODUCT(SUMIF('Sch Parent Trial Balance Input'!$A:$A,'Sch Parent TB Converter'!$G36:$EC36,'Sch Parent Trial Balance Input'!C:C)) -> 0 | D36: =SUMPRODUCT(SUMIF('Sch Parent Trial Balance Input'!$A:$A,'Sch Parent TB Converter'!$G36:$EC36,'Sch Parent Trial Balance Input'!D:D)) -> 0 | E36: =SUMPRODUCT(SUMIF('Sch Parent Trial Balance Input'!$A:$A,'Sch Parent TB Converter'!$G36:$EC36,'Sch Parent Trial Balance Input'!E:E)) -> 0 | ED36: =CONCATENATE("x",G36,"x",H36,"x",I36,"x",J36,"x",K36,"x",L36,"x",M36,"x",N36,"x",O36,"x",P36,"x",Q36,"x",R36,"x",S36,"x",T36,"x",U36,"x",V36,"x",W36,"x",X36,"x",Y36,"x",Z36,"x",AA36,"x",AB36,"x",AC36,"x",AD36,"x",AE36,"x",AF36,"x",AG36,"x",AH36,"x",AI36,"x",AJ36,"x",AK36,"x",AL36,"x",AM36,"x",AN36,"x",AO36,"x",AP36,"x",AQ36,"x",AR36,"x",AS36,"x",AT36,"x",AU36,"x",AV36,"x",AW36,"x",AX36,"x",AY36,"x",AZ36,"x",BA36,"x",BB36,"x",BC36,"x",BD36,"x",BE36,"x",BF36,"x",BG36,"x",BH36,"x",BI36,"x",BJ36,"x",BK36,"x",BL36,"x",BM36,"x",BN36,"x",BO36,"x",BP36,"x",BQ36,"x",BR36,"x",BS36,"x",BT36,"x",BU36,"x",BV36,"x",BW36,"x",BX36,"x",BY36,"x",BZ36,"x",CA36,"x",CB36,"x",CC36,"x",CD36,"x",CE36,"x",CF36,"x",CG36,"x",CH36,"x",CI36,"x",CJ36,"x",CK36,"x",CL36,"x",CM36,"x",CN36,"x",CO36,"x",CP36,"x",CQ36,"x",CR36,"x",CS36,"x",CT36,"x",CU36,"x",CV36,"x",CW36,"x",CX36,"x",CY36,"x",CZ36,"x",DA36,"x",DB36,"x",DC36,"x",DD36,"x",DE36,"x",DF36,"x",DG36,"x",DH36,"x",DI36,"x",DJ36,"x",DK36,"x",DL36,"x",DM36,"x",DN36,"x",DO36,"x",DP36,"x",DQ36,"x",DR36,"x",DS36,"x",DT36,"x",DU36,"x",DV36,"x",DW36,"x",DX36,"x",DY36,"x",DZ36,"x",EA36,"x",EB36,"x",EC36,"x") -> xxxxxxxxxxxxxxxxxxxxxxxxxxxxxxxxxxxxxxxxxxxxxxxxxxxxxxxxxxxxxxxxxxxxxxxxxxxxxxxxxxxxxxxxxxxxxxxxxxxxxxxxxxxxxxxxxxxxxxxxxxxxxxxx
A37: 2062 | B37: International Student - Other Expenses | C37: =SUMPRODUCT(SUMIF('Sch Parent Trial Balance Input'!$A:$A,'Sch Parent TB Converter'!$G37:$EC37,'Sch Parent Trial Balance Input'!C:C)) -> 0 | D37: =SUMPRODUCT(SUMIF('Sch Parent Trial Balance Input'!$A:$A,'Sch Parent TB Converter'!$G37:$EC37,'Sch Parent Trial Balance Input'!D:D)) -> 0 | E37: =SUMPRODUCT(SUMIF('Sch Parent Trial Balance Input'!$A:$A,'Sch Parent TB Converter'!$G37:$EC37,'Sch Parent Trial Balance Input'!E:E)) -> 0 | ED37: =CONCATENATE("x",G37,"x",H37,"x",I37,"x",J37,"x",K37,"x",L37,"x",M37,"x",N37,"x",O37,"x",P37,"x",Q37,"x",R37,"x",S37,"x",T37,"x",U37,"x",V37,"x",W37,"x",X37,"x",Y37,"x",Z37,"x",AA37,"x",AB37,"x",AC37,"x",AD37,"x",AE37,"x",AF37,"x",AG37,"x",AH37,"x",AI37,"x",AJ37,"x",AK37,"x",AL37,"x",AM37,"x",AN37,"x",AO37,"x",AP37,"x",AQ37,"x",AR37,"x",AS37,"x",AT37,"x",AU37,"x",AV37,"x",AW37,"x",AX37,"x",AY37,"x",AZ37,"x",BA37,"x",BB37,"x",BC37,"x",BD37,"x",BE37,"x",BF37,"x",BG37,"x",BH37,"x",BI37,"x",BJ37,"x",BK37,"x",BL37,"x",BM37,"x",BN37,"x",BO37,"x",BP37,"x",BQ37,"x",BR37,"x",BS37,"x",BT37,"x",BU37,"x",BV37,"x",BW37,"x",BX37,"x",BY37,"x",BZ37,"x",CA37,"x",CB37,"x",CC37,"x",CD37,"x",CE37,"x",CF37,"x",CG37,"x",CH37,"x",CI37,"x",CJ37,"x",CK37,"x",CL37,"x",CM37,"x",CN37,"x",CO37,"x",CP37,"x",CQ37,"x",CR37,"x",CS37,"x",CT37,"x",CU37,"x",CV37,"x",CW37,"x",CX37,"x",CY37,"x",CZ37,"x",DA37,"x",DB37,"x",DC37,"x",DD37,"x",DE37,"x",DF37,"x",DG37,"x",DH37,"x",DI37,"x",DJ37,"x",DK37,"x",DL37,"x",DM37,"x",DN37,"x",DO37,"x",DP37,"x",DQ37,"x",DR37,"x",DS37,"x",DT37,"x",DU37,"x",DV37,"x",DW37,"x",DX37,"x",DY37,"x",DZ37,"x",EA37,"x",EB37,"x",EC37,"x") -> xxxxxxxxxxxxxxxxxxxxxxxxxxxxxxxxxxxxxxxxxxxxxxxxxxxxxxxxxxxxxxxxxxxxxxxxxxxxxxxxxxxxxxxxxxxxxxxxxxxxxxxxxxxxxxxxxxxxxxxxxxxxxxxx
ED38: =CONCATENATE("x",G38,"x",H38,"x",I38,"x",J38,"x",K38,"x",L38,"x",M38,"x",N38,"x",O38,"x",P38,"x",Q38,"x",R38,"x",S38,"x",T38,"x",U38,"x",V38,"x",W38,"x",X38,"x",Y38,"x",Z38,"x",AA38,"x",AB38,"x",AC38,"x",AD38,"x",AE38,"x",AF38,"x",AG38,"x",AH38,"x",AI38,"x",AJ38,"x",AK38,"x",AL38,"x",AM38,"x",AN38,"x",AO38,"x",AP38,"x",AQ38,"x",AR38,"x",AS38,"x",AT38,"x",AU38,"x",AV38,"x",AW38,"x",AX38,"x",AY38,"x",AZ38,"x",BA38,"x",BB38,"x",BC38,"x",BD38,"x",BE38,"x",BF38,"x",BG38,"x",BH38,"x",BI38,"x",BJ38,"x",BK38,"x",BL38,"x",BM38,"x",BN38,"x",BO38,"x",BP38,"x",BQ38,"x",BR38,"x",BS38,"x",BT38,"x",BU38,"x",BV38,"x",BW38,"x",BX38,"x",BY38,"x",BZ38,"x",CA38,"x",CB38,"x",CC38,"x",CD38,"x",CE38,"x",CF38,"x",CG38,"x",CH38,"x",CI38,"x",CJ38,"x",CK38,"x",CL38,"x",CM38,"x",CN38,"x",CO38,"x",CP38,"x",CQ38,"x",CR38,"x",CS38,"x",CT38,"x",CU38,"x",CV38,"x",CW38,"x",CX38,"x",CY38,"x",CZ38,"x",DA38,"x",DB38,"x",DC38,"x",DD38,"x",DE38,"x",DF38,"x",DG38,"x",DH38,"x",DI38,"x",DJ38,"x",DK38,"x",DL38,"x",DM38,"x",DN38,"x",DO38,"x",DP38,"x",DQ38,"x",DR38,"x",DS38,"x",DT38,"x",DU38,"x",DV38,"x",DW38,"x",DX38,"x",DY38,"x",DZ38,"x",EA38,"x",EB38,"x",EC38,"x") -> xxxxxxxxxxxxxxxxxxxxxxxxxxxxxxxxxxxxxxxxxxxxxxxxxxxxxxxxxxxxxxxxxxxxxxxxxxxxxxxxxxxxxxxxxxxxxxxxxxxxxxxxxxxxxxxxxxxxxxxxxxxxxxxx
B39: 3. Hostel | ED39: =CONCATENATE("x",G39,"x",H39,"x",I39,"x",J39,"x",K39,"x",L39,"x",M39,"x",N39,"x",O39,"x",P39,"x",Q39,"x",R39,"x",S39,"x",T39,"x",U39,"x",V39,"x",W39,"x",X39,"x",Y39,"x",Z39,"x",AA39,"x",AB39,"x",AC39,"x",AD39,"x",AE39,"x",AF39,"x",AG39,"x",AH39,"x",AI39,"x",AJ39,"x",AK39,"x",AL39,"x",AM39,"x",AN39,"x",AO39,"x",AP39,"x",AQ39,"x",AR39,"x",AS39,"x",AT39,"x",AU39,"x",AV39,"x",AW39,"x",AX39,"x",AY39,"x",AZ39,"x",BA39,"x",BB39,"x",BC39,"x",BD39,"x",BE39,"x",BF39,"x",BG39,"x",BH39,"x",BI39,"x",BJ39,"x",BK39,"x",BL39,"x",BM39,"x",BN39,"x",BO39,"x",BP39,"x",BQ39,"x",BR39,"x",BS39,"x",BT39,"x",BU39,"x",BV39,"x",BW39,"x",BX39,"x",BY39,"x",BZ39,"x",CA39,"x",CB39,"x",CC39,"x",CD39,"x",CE39,"x",CF39,"x",CG39,"x",CH39,"x",CI39,"x",CJ39,"x",CK39,"x",CL39,"x",CM39,"x",CN39,"x",CO39,"x",CP39,"x",CQ39,"x",CR39,"x",CS39,"x",CT39,"x",CU39,"x",CV39,"x",CW39,"x",CX39,"x",CY39,"x",CZ39,"x",DA39,"x",DB39,"x",DC39,"x",DD39,"x",DE39,"x",DF39,"x",DG39,"x",DH39,"x",DI39,"x",DJ39,"x",DK39,"x",DL39,"x",DM39,"x",DN39,"x",DO39,"x",DP39,"x",DQ39,"x",DR39,"x",DS39,"x",DT39,"x",DU39,"x",DV39,"x",DW39,"x",DX39,"x",DY39,"x",DZ39,"x",EA39,"x",EB39,"x",EC39,"x") -> xxxxxxxxxxxxxxxxxxxxxxxxxxxxxxxxxxxxxxxxxxxxxxxxxxxxxxxxxxxxxxxxxxxxxxxxxxxxxxxxxxxxxxxxxxxxxxxxxxxxxxxxxxxxxxxxxxxxxxxxxxxxxxxx
B40: Revenue | ED40: =CONCATENATE("x",G40,"x",H40,"x",I40,"x",J40,"x",K40,"x",L40,"x",M40,"x",N40,"x",O40,"x",P40,"x",Q40,"x",R40,"x",S40,"x",T40,"x",U40,"x",V40,"x",W40,"x",X40,"x",Y40,"x",Z40,"x",AA40,"x",AB40,"x",AC40,"x",AD40,"x",AE40,"x",AF40,"x",AG40,"x",AH40,"x",AI40,"x",AJ40,"x",AK40,"x",AL40,"x",AM40,"x",AN40,"x",AO40,"x",AP40,"x",AQ40,"x",AR40,"x",AS40,"x",AT40,"x",AU40,"x",AV40,"x",AW40,"x",AX40,"x",AY40,"x",AZ40,"x",BA40,"x",BB40,"x",BC40,"x",BD40,"x",BE40,"x",BF40,"x",BG40,"x",BH40,"x",BI40,"x",BJ40,"x",BK40,"x",BL40,"x",BM40,"x",BN40,"x",BO40,"x",BP40,"x",BQ40,"x",BR40,"x",BS40,"x",BT40,"x",BU40,"x",BV40,"x",BW40,"x",BX40,"x",BY40,"x",BZ40,"x",CA40,"x",CB40,"x",CC40,"x",CD40,"x",CE40,"x",CF40,"x",CG40,"x",CH40,"x",CI40,"x",CJ40,"x",CK40,"x",CL40,"x",CM40,"x",CN40,"x",CO40,"x",CP40,"x",CQ40,"x",CR40,"x",CS40,"x",CT40,"x",CU40,"x",CV40,"x",CW40,"x",CX40,"x",CY40,"x",CZ40,"x",DA40,"x",DB40,"x",DC40,"x",DD40,"x",DE40,"x",DF40,"x",DG40,"x",DH40,"x",DI40,"x",DJ40,"x",DK40,"x",DL40,"x",DM40,"x",DN40,"x",DO40,"x",DP40,"x",DQ40,"x",DR40,"x",DS40,"x",DT40,"x",DU40,"x",DV40,"x",DW40,"x",DX40,"x",DY40,"x",DZ40,"x",EA40,"x",EB40,"x",EC40,"x") -> xxxxxxxxxxxxxxxxxxxxxxxxxxxxxxxxxxxxxxxxxxxxxxxxxxxxxxxxxxxxxxxxxxxxxxxxxxxxxxxxxxxxxxxxxxxxxxxxxxxxxxxxxxxxxxxxxxxxxxxxxxxxxxxx
A41: 1410 | B41: Hostel Fees | C41: =SUMPRODUCT(SUMIF('Sch Parent Trial Balance Input'!$A:$A,'Sch Parent TB Converter'!$G41:$EC41,'Sch Parent Trial Balance Input'!C:C)) -> 0 | D41: =SUMPRODUCT(SUMIF('Sch Parent Trial Balance Input'!$A:$A,'Sch Parent TB Converter'!$G41:$EC41,'Sch Parent Trial Balance Input'!D:D)) -> 0 | E41: =SUMPRODUCT(SUMIF('Sch Parent Trial Balance Input'!$A:$A,'Sch Parent TB Converter'!$G41:$EC41,'Sch Parent Trial Balance Input'!E:E)) -> 0 | ED41: =CONCATENATE("x",G41,"x",H41,"x",I41,"x",J41,"x",K41,"x",L41,"x",M41,"x",N41,"x",O41,"x",P41,"x",Q41,"x",R41,"x",S41,"x",T41,"x",U41,"x",V41,"x",W41,"x",X41,"x",Y41,"x",Z41,"x",AA41,"x",AB41,"x",AC41,"x",AD41,"x",AE41,"x",AF41,"x",AG41,"x",AH41,"x",AI41,"x",AJ41,"x",AK41,"x",AL41,"x",AM41,"x",AN41,"x",AO41,"x",AP41,"x",AQ41,"x",AR41,"x",AS41,"x",AT41,"x",AU41,"x",AV41,"x",AW41,"x",AX41,"x",AY41,"x",AZ41,"x",BA41,"x",BB41,"x",BC41,"x",BD41,"x",BE41,"x",BF41,"x",BG41,"x",BH41,"x",BI41,"x",BJ41,"x",BK41,"x",BL41,"x",BM41,"x",BN41,"x",BO41,"x",BP41,"x",BQ41,"x",BR41,"x",BS41,"x",BT41,"x",BU41,"x",BV41,"x",BW41,"x",BX41,"x",BY41,"x",BZ41,"x",CA41,"x",CB41,"x",CC41,"x",CD41,"x",CE41,"x",CF41,"x",CG41,"x",CH41,"x",CI41,"x",CJ41,"x",CK41,"x",CL41,"x",CM41,"x",CN41,"x",CO41,"x",CP41,"x",CQ41,"x",CR41,"x",CS41,"x",CT41,"x",CU41,"x",CV41,"x",CW41,"x",CX41,"x",CY41,"x",CZ41,"x",DA41,"x",DB41,"x",DC41,"x",DD41,"x",DE41,"x",DF41,"x",DG41,"x",DH41,"x",DI41,"x",DJ41,"x",DK41,"x",DL41,"x",DM41,"x",DN41,"x",DO41,"x",DP41,"x",DQ41,"x",DR41,"x",DS41,"x",DT41,"x",DU41,"x",DV41,"x",DW41,"x",DX41,"x",DY41,"x",DZ41,"x",EA41,"x",EB41,"x",EC41,"x") -> xxxxxxxxxxxxxxxxxxxxxxxxxxxxxxxxxxxxxxxxxxxxxxxxxxxxxxxxxxxxxxxxxxxxxxxxxxxxxxxxxxxxxxxxxxxxxxxxxxxxxxxxxxxxxxxxxxxxxxxxxxxxxxxx
A42: 1450 | B42: Other Revenue | C42: =SUMPRODUCT(SUMIF('Sch Parent Trial Balance Input'!$A:$A,'Sch Parent TB Converter'!$G42:$EC42,'Sch Parent Trial Balance Input'!C:C)) -> 0 | D42: =SUMPRODUCT(SUMIF('Sch Parent Trial Balance Input'!$A:$A,'Sch Parent TB Converter'!$G42:$EC42,'Sch Parent Trial Balance Input'!D:D)) -> 0 | E42: =SUMPRODUCT(SUMIF('Sch Parent Trial Balance Input'!$A:$A,'Sch Parent TB Converter'!$G42:$EC42,'Sch Parent Trial Balance Input'!E:E)) -> 0 | ED42: =CONCATENATE("x",G42,"x",H42,"x",I42,"x",J42,"x",K42,"x",L42,"x",M42,"x",N42,"x",O42,"x",P42,"x",Q42,"x",R42,"x",S42,"x",T42,"x",U42,"x",V42,"x",W42,"x",X42,"x",Y42,"x",Z42,"x",AA42,"x",AB42,"x",AC42,"x",AD42,"x",AE42,"x",AF42,"x",AG42,"x",AH42,"x",AI42,"x",AJ42,"x",AK42,"x",AL42,"x",AM42,"x",AN42,"x",AO42,"x",AP42,"x",AQ42,"x",AR42,"x",AS42,"x",AT42,"x",AU42,"x",AV42,"x",AW42,"x",AX42,"x",AY42,"x",AZ42,"x",BA42,"x",BB42,"x",BC42,"x",BD42,"x",BE42,"x",BF42,"x",BG42,"x",BH42,"x",BI42,"x",BJ42,"x",BK42,"x",BL42,"x",BM42,"x",BN42,"x",BO42,"x",BP42,"x",BQ42,"x",BR42,"x",BS42,"x",BT42,"x",BU42,"x",BV42,"x",BW42,"x",BX42,"x",BY42,"x",BZ42,"x",CA42,"x",CB42,"x",CC42,"x",CD42,"x",CE42,"x",CF42,"x",CG42,"x",CH42,"x",CI42,"x",CJ42,"x",CK42,"x",CL42,"x",CM42,"x",CN42,"x",CO42,"x",CP42,"x",CQ42,"x",CR42,"x",CS42,"x",CT42,"x",CU42,"x",CV42,"x",CW42,"x",CX42,"x",CY42,"x",CZ42,"x",DA42,"x",DB42,"x",DC42,"x",DD42,"x",DE42,"x",DF42,"x",DG42,"x",DH42,"x",DI42,"x",DJ42,"x",DK42,"x",DL42,"x",DM42,"x",DN42,"x",DO42,"x",DP42,"x",DQ42,"x",DR42,"x",DS42,"x",DT42,"x",DU42,"x",DV42,"x",DW42,"x",DX42,"x",DY42,"x",DZ42,"x",EA42,"x",EB42,"x",EC42,"x") -> xxxxxxxxxxxxxxxxxxxxxxxxxxxxxxxxxxxxxxxxxxxxxxxxxxxxxxxxxxxxxxxxxxxxxxxxxxxxxxxxxxxxxxxxxxxxxxxxxxxxxxxxxxxxxxxxxxxxxxxxxxxxxxxx
A43: 1430 | B43: Student Contributions | C43: =SUMPRODUCT(SUMIF('Sch Parent Trial Balance Input'!$A:$A,'Sch Parent TB Converter'!$G43:$EC43,'Sch Parent Trial Balance Input'!C:C)) -> 0 | D43: =SUMPRODUCT(SUMIF('Sch Parent Trial Balance Input'!$A:$A,'Sch Parent TB Converter'!$G43:$EC43,'Sch Parent Trial Balance Input'!D:D)) -> 0 | E43: =SUMPRODUCT(SUMIF('Sch Parent Trial Balance Input'!$A:$A,'Sch Parent TB Converter'!$G43:$EC43,'Sch Parent Trial Balance Input'!E:E)) -> 0 | ED43: =CONCATENATE("x",G43,"x",H43,"x",I43,"x",J43,"x",K43,"x",L43,"x",M43,"x",N43,"x",O43,"x",P43,"x",Q43,"x",R43,"x",S43,"x",T43,"x",U43,"x",V43,"x",W43,"x",X43,"x",Y43,"x",Z43,"x",AA43,"x",AB43,"x",AC43,"x",AD43,"x",AE43,"x",AF43,"x",AG43,"x",AH43,"x",AI43,"x",AJ43,"x",AK43,"x",AL43,"x",AM43,"x",AN43,"x",AO43,"x",AP43,"x",AQ43,"x",AR43,"x",AS43,"x",AT43,"x",AU43,"x",AV43,"x",AW43,"x",AX43,"x",AY43,"x",AZ43,"x",BA43,"x",BB43,"x",BC43,"x",BD43,"x",BE43,"x",BF43,"x",BG43,"x",BH43,"x",BI43,"x",BJ43,"x",BK43,"x",BL43,"x",BM43,"x",BN43,"x",BO43,"x",BP43,"x",BQ43,"x",BR43,"x",BS43,"x",BT43,"x",BU43,"x",BV43,"x",BW43,"x",BX43,"x",BY43,"x",BZ43,"x",CA43,"x",CB43,"x",CC43,"x",CD43,"x",CE43,"x",CF43,"x",CG43,"x",CH43,"x",CI43,"x",CJ43,"x",CK43,"x",CL43,"x",CM43,"x",CN43,"x",CO43,"x",CP43,"x",CQ43,"x",CR43,"x",CS43,"x",CT43,"x",CU43,"x",CV43,"x",CW43,"x",CX43,"x",CY43,"x",CZ43,"x",DA43,"x",DB43,"x",DC43,"x",DD43,"x",DE43,"x",DF43,"x",DG43,"x",DH43,"x",DI43,"x",DJ43,"x",DK43,"x",DL43,"x",DM43,"x",DN43,"x",DO43,"x",DP43,"x",DQ43,"x",DR43,"x",DS43,"x",DT43,"x",DU43,"x",DV43,"x",DW43,"x",DX43,"x",DY43,"x",DZ43,"x",EA43,"x",EB43,"x",EC43,"x") -> xxxxxxxxxxxxxxxxxxxxxxxxxxxxxxxxxxxxxxxxxxxxxxxxxxxxxxxxxxxxxxxxxxxxxxxxxxxxxxxxxxxxxxxxxxxxxxxxxxxxxxxxxxxxxxxxxxxxxxxxxxxxxxxx
ED44: =CONCATENATE("x",G44,"x",H44,"x",I44,"x",J44,"x",K44,"x",L44,"x",M44,"x",N44,"x",O44,"x",P44,"x",Q44,"x",R44,"x",S44,"x",T44,"x",U44,"x",V44,"x",W44,"x",X44,"x",Y44,"x",Z44,"x",AA44,"x",AB44,"x",AC44,"x",AD44,"x",AE44,"x",AF44,"x",AG44,"x",AH44,"x",AI44,"x",AJ44,"x",AK44,"x",AL44,"x",AM44,"x",AN44,"x",AO44,"x",AP44,"x",AQ44,"x",AR44,"x",AS44,"x",AT44,"x",AU44,"x",AV44,"x",AW44,"x",AX44,"x",AY44,"x",AZ44,"x",BA44,"x",BB44,"x",BC44,"x",BD44,"x",BE44,"x",BF44,"x",BG44,"x",BH44,"x",BI44,"x",BJ44,"x",BK44,"x",BL44,"x",BM44,"x",BN44,"x",BO44,"x",BP44,"x",BQ44,"x",BR44,"x",BS44,"x",BT44,"x",BU44,"x",BV44,"x",BW44,"x",BX44,"x",BY44,"x",BZ44,"x",CA44,"x",CB44,"x",CC44,"x",CD44,"x",CE44,"x",CF44,"x",CG44,"x",CH44,"x",CI44,"x",CJ44,"x",CK44,"x",CL44,"x",CM44,"x",CN44,"x",CO44,"x",CP44,"x",CQ44,"x",CR44,"x",CS44,"x",CT44,"x",CU44,"x",CV44,"x",CW44,"x",CX44,"x",CY44,"x",CZ44,"x",DA44,"x",DB44,"x",DC44,"x",DD44,"x",DE44,"x",DF44,"x",DG44,"x",DH44,"x",DI44,"x",DJ44,"x",DK44,"x",DL44,"x",DM44,"x",DN44,"x",DO44,"x",DP44,"x",DQ44,"x",DR44,"x",DS44,"x",DT44,"x",DU44,"x",DV44,"x",DW44,"x",DX44,"x",DY44,"x",DZ44,"x",EA44,"x",EB44,"x",EC44,"x") -> xxxxxxxxxxxxxxxxxxxxxxxxxxxxxxxxxxxxxxxxxxxxxxxxxxxxxxxxxxxxxxxxxxxxxxxxxxxxxxxxxxxxxxxxxxxxxxxxxxxxxxxxxxxxxxxxxxxxxxxxxxxxxxxx
B45: Expenditure | ED45: =CONCATENATE("x",G45,"x",H45,"x",I45,"x",J45,"x",K45,"x",L45,"x",M45,"x",N45,"x",O45,"x",P45,"x",Q45,"x",R45,"x",S45,"x",T45,"x",U45,"x",V45,"x",W45,"x",X45,"x",Y45,"x",Z45,"x",AA45,"x",AB45,"x",AC45,"x",AD45,"x",AE45,"x",AF45,"x",AG45,"x",AH45,"x",AI45,"x",AJ45,"x",AK45,"x",AL45,"x",AM45,"x",AN45,"x",AO45,"x",AP45,"x",AQ45,"x",AR45,"x",AS45,"x",AT45,"x",AU45,"x",AV45,"x",AW45,"x",AX45,"x",AY45,"x",AZ45,"x",BA45,"x",BB45,"x",BC45,"x",BD45,"x",BE45,"x",BF45,"x",BG45,"x",BH45,"x",BI45,"x",BJ45,"x",BK45,"x",BL45,"x",BM45,"x",BN45,"x",BO45,"x",BP45,"x",BQ45,"x",BR45,"x",BS45,"x",BT45,"x",BU45,"x",BV45,"x",BW45,"x",BX45,"x",BY45,"x",BZ45,"x",CA45,"x",CB45,"x",CC45,"x",CD45,"x",CE45,"x",CF45,"x",CG45,"x",CH45,"x",CI45,"x",CJ45,"x",CK45,"x",CL45,"x",CM45,"x",CN45,"x",CO45,"x",CP45,"x",CQ45,"x",CR45,"x",CS45,"x",CT45,"x",CU45,"x",CV45,"x",CW45,"x",CX45,"x",CY45,"x",CZ45,"x",DA45,"x",DB45,"x",DC45,"x",DD45,"x",DE45,"x",DF45,"x",DG45,"x",DH45,"x",DI45,"x",DJ45,"x",DK45,"x",DL45,"x",DM45,"x",DN45,"x",DO45,"x",DP45,"x",DQ45,"x",DR45,"x",DS45,"x",DT45,"x",DU45,"x",DV45,"x",DW45,"x",DX45,"x",DY45,"x",DZ45,"x",EA45,"x",EB45,"x",EC45,"x") -> xxxxxxxxxxxxxxxxxxxxxxxxxxxxxxxxxxxxxxxxxxxxxxxxxxxxxxxxxxxxxxxxxxxxxxxxxxxxxxxxxxxxxxxxxxxxxxxxxxxxxxxxxxxxxxxxxxxxxxxxxxxxxxxx
A46: 2024 | B46: Other Hostel Expenses | C46: =SUMPRODUCT(SUMIF('Sch Parent Trial Balance Input'!$A:$A,'Sch Parent TB Converter'!$G46:$EC46,'Sch Parent Trial Balance Input'!C:C)) -> 0 | D46: =SUMPRODUCT(SUMIF('Sch Parent Trial Balance Input'!$A:$A,'Sch Parent TB Converter'!$G46:$EC46,'Sch Parent Trial Balance Input'!D:D)) -> 0 | E46: =SUMPRODUCT(SUMIF('Sch Parent Trial Balance Input'!$A:$A,'Sch Parent TB Converter'!$G46:$EC46,'Sch Parent Trial Balance Input'!E:E)) -> 0 | ED46: =CONCATENATE("x",G46,"x",H46,"x",I46,"x",J46,"x",K46,"x",L46,"x",M46,"x",N46,"x",O46,"x",P46,"x",Q46,"x",R46,"x",S46,"x",T46,"x",U46,"x",V46,"x",W46,"x",X46,"x",Y46,"x",Z46,"x",AA46,"x",AB46,"x",AC46,"x",AD46,"x",AE46,"x",AF46,"x",AG46,"x",AH46,"x",AI46,"x",AJ46,"x",AK46,"x",AL46,"x",AM46,"x",AN46,"x",AO46,"x",AP46,"x",AQ46,"x",AR46,"x",AS46,"x",AT46,"x",AU46,"x",AV46,"x",AW46,"x",AX46,"x",AY46,"x",AZ46,"x",BA46,"x",BB46,"x",BC46,"x",BD46,"x",BE46,"x",BF46,"x",BG46,"x",BH46,"x",BI46,"x",BJ46,"x",BK46,"x",BL46,"x",BM46,"x",BN46,"x",BO46,"x",BP46,"x",BQ46,"x",BR46,"x",BS46,"x",BT46,"x",BU46,"x",BV46,"x",BW46,"x",BX46,"x",BY46,"x",BZ46,"x",CA46,"x",CB46,"x",CC46,"x",CD46,"x",CE46,"x",CF46,"x",CG46,"x",CH46,"x",CI46,"x",CJ46,"x",CK46,"x",CL46,"x",CM46,"x",CN46,"x",CO46,"x",CP46,"x",CQ46,"x",CR46,"x",CS46,"x",CT46,"x",CU46,"x",CV46,"x",CW46,"x",CX46,"x",CY46,"x",CZ46,"x",DA46,"x",DB46,"x",DC46,"x",DD46,"x",DE46,"x",DF46,"x",DG46,"x",DH46,"x",DI46,"x",DJ46,"x",DK46,"x",DL46,"x",DM46,"x",DN46,"x",DO46,"x",DP46,"x",DQ46,"x",DR46,"x",DS46,"x",DT46,"x",DU46,"x",DV46,"x",DW46,"x",DX46,"x",DY46,"x",DZ46,"x",EA46,"x",EB46,"x",EC46,"x") -> xxxxxxxxxxxxxxxxxxxxxxxxxxxxxxxxxxxxxxxxxxxxxxxxxxxxxxxxxxxxxxxxxxxxxxxxxxxxxxxxxxxxxxxxxxxxxxxxxxxxxxxxxxxxxxxxxxxxxxxxxxxxxxxx
A47: 2038 | B47: Employee Benefit - Salaries | C47: =SUMPRODUCT(SUMIF('Sch Parent Trial Balance Input'!$A:$A,'Sch Parent TB Converter'!$G47:$EC47,'Sch Parent Trial Balance Input'!C:C)) -> 0 | D47: =SUMPRODUCT(SUMIF('Sch Parent Trial Balance Input'!$A:$A,'Sch Parent TB Converter'!$G47:$EC47,'Sch Parent Trial Balance Input'!D:D)) -> 0 | E47: =SUMPRODUCT(SUMIF('Sch Parent Trial Balance Input'!$A:$A,'Sch Parent TB Converter'!$G47:$EC47,'Sch Parent Trial Balance Input'!E:E)) -> 0 | ED47: =CONCATENATE("x",G47,"x",H47,"x",I47,"x",J47,"x",K47,"x",L47,"x",M47,"x",N47,"x",O47,"x",P47,"x",Q47,"x",R47,"x",S47,"x",T47,"x",U47,"x",V47,"x",W47,"x",X47,"x",Y47,"x",Z47,"x",AA47,"x",AB47,"x",AC47,"x",AD47,"x",AE47,"x",AF47,"x",AG47,"x",AH47,"x",AI47,"x",AJ47,"x",AK47,"x",AL47,"x",AM47,"x",AN47,"x",AO47,"x",AP47,"x",AQ47,"x",AR47,"x",AS47,"x",AT47,"x",AU47,"x",AV47,"x",AW47,"x",AX47,"x",AY47,"x",AZ47,"x",BA47,"x",BB47,"x",BC47,"x",BD47,"x",BE47,"x",BF47,"x",BG47,"x",BH47,"x",BI47,"x",BJ47,"x",BK47,"x",BL47,"x",BM47,"x",BN47,"x",BO47,"x",BP47,"x",BQ47,"x",BR47,"x",BS47,"x",BT47,"x",BU47,"x",BV47,"x",BW47,"x",BX47,"x",BY47,"x",BZ47,"x",CA47,"x",CB47,"x",CC47,"x",CD47,"x",CE47,"x",CF47,"x",CG47,"x",CH47,"x",CI47,"x",CJ47,"x",CK47,"x",CL47,"x",CM47,"x",CN47,"x",CO47,"x",CP47,"x",CQ47,"x",CR47,"x",CS47,"x",CT47,"x",CU47,"x",CV47,"x",CW47,"x",CX47,"x",CY47,"x",CZ47,"x",DA47,"x",DB47,"x",DC47,"x",DD47,"x",DE47,"x",DF47,"x",DG47,"x",DH47,"x",DI47,"x",DJ47,"x",DK47,"x",DL47,"x",DM47,"x",DN47,"x",DO47,"x",DP47,"x",DQ47,"x",DR47,"x",DS47,"x",DT47,"x",DU47,"x",DV47,"x",DW47,"x",DX47,"x",DY47,"x",DZ47,"x",EA47,"x",EB47,"x",EC47,"x") -> xxxxxxxxxxxxxxxxxxxxxxxxxxxxxxxxxxxxxxxxxxxxxxxxxxxxxxxxxxxxxxxxxxxxxxxxxxxxxxxxxxxxxxxxxxxxxxxxxxxxxxxxxxxxxxxxxxxxxxxxxxxxxxxx
ED48: =CONCATENATE("x",G48,"x",H48,"x",I48,"x",J48,"x",K48,"x",L48,"x",M48,"x",N48,"x",O48,"x",P48,"x",Q48,"x",R48,"x",S48,"x",T48,"x",U48,"x",V48,"x",W48,"x",X48,"x",Y48,"x",Z48,"x",AA48,"x",AB48,"x",AC48,"x",AD48,"x",AE48,"x",AF48,"x",AG48,"x",AH48,"x",AI48,"x",AJ48,"x",AK48,"x",AL48,"x",AM48,"x",AN48,"x",AO48,"x",AP48,"x",AQ48,"x",AR48,"x",AS48,"x",AT48,"x",AU48,"x",AV48,"x",AW48,"x",AX48,"x",AY48,"x",AZ48,"x",BA48,"x",BB48,"x",BC48,"x",BD48,"x",BE48,"x",BF48,"x",BG48,"x",BH48,"x",BI48,"x",BJ48,"x",BK48,"x",BL48,"x",BM48,"x",BN48,"x",BO48,"x",BP48,"x",BQ48,"x",BR48,"x",BS48,"x",BT48,"x",BU48,"x",BV48,"x",BW48,"x",BX48,"x",BY48,"x",BZ48,"x",CA48,"x",CB48,"x",CC48,"x",CD48,"x",CE48,"x",CF48,"x",CG48,"x",CH48,"x",CI48,"x",CJ48,"x",CK48,"x",CL48,"x",CM48,"x",CN48,"x",CO48,"x",CP48,"x",CQ48,"x",CR48,"x",CS48,"x",CT48,"x",CU48,"x",CV48,"x",CW48,"x",CX48,"x",CY48,"x",CZ48,"x",DA48,"x",DB48,"x",DC48,"x",DD48,"x",DE48,"x",DF48,"x",DG48,"x",DH48,"x",DI48,"x",DJ48,"x",DK48,"x",DL48,"x",DM48,"x",DN48,"x",DO48,"x",DP48,"x",DQ48,"x",DR48,"x",DS48,"x",DT48,"x",DU48,"x",DV48,"x",DW48,"x",DX48,"x",DY48,"x",DZ48,"x",EA48,"x",EB48,"x",EC48,"x") -> xxxxxxxxxxxxxxxxxxxxxxxxxxxxxxxxxxxxxxxxxxxxxxxxxxxxxxxxxxxxxxxxxxxxxxxxxxxxxxxxxxxxxxxxxxxxxxxxxxxxxxxxxxxxxxxxxxxxxxxxxxxxxxxx
B49: 4. Learning Resources | ED49: =CONCATENATE("x",G49,"x",H49,"x",I49,"x",J49,"x",K49,"x",L49,"x",M49,"x",N49,"x",O49,"x",P49,"x",Q49,"x",R49,"x",S49,"x",T49,"x",U49,"x",V49,"x",W49,"x",X49,"x",Y49,"x",Z49,"x",AA49,"x",AB49,"x",AC49,"x",AD49,"x",AE49,"x",AF49,"x",AG49,"x",AH49,"x",AI49,"x",AJ49,"x",AK49,"x",AL49,"x",AM49,"x",AN49,"x",AO49,"x",AP49,"x",AQ49,"x",AR49,"x",AS49,"x",AT49,"x",AU49,"x",AV49,"x",AW49,"x",AX49,"x",AY49,"x",AZ49,"x",BA49,"x",BB49,"x",BC49,"x",BD49,"x",BE49,"x",BF49,"x",BG49,"x",BH49,"x",BI49,"x",BJ49,"x",BK49,"x",BL49,"x",BM49,"x",BN49,"x",BO49,"x",BP49,"x",BQ49,"x",BR49,"x",BS49,"x",BT49,"x",BU49,"x",BV49,"x",BW49,"x",BX49,"x",BY49,"x",BZ49,"x",CA49,"x",CB49,"x",CC49,"x",CD49,"x",CE49,"x",CF49,"x",CG49,"x",CH49,"x",CI49,"x",CJ49,"x",CK49,"x",CL49,"x",CM49,"x",CN49,"x",CO49,"x",CP49,"x",CQ49,"x",CR49,"x",CS49,"x",CT49,"x",CU49,"x",CV49,"x",CW49,"x",CX49,"x",CY49,"x",CZ49,"x",DA49,"x",DB49,"x",DC49,"x",DD49,"x",DE49,"x",DF49,"x",DG49,"x",DH49,"x",DI49,"x",DJ49,"x",DK49,"x",DL49,"x",DM49,"x",DN49,"x",DO49,"x",DP49,"x",DQ49,"x",DR49,"x",DS49,"x",DT49,"x",DU49,"x",DV49,"x",DW49,"x",DX49,"x",DY49,"x",DZ49,"x",EA49,"x",EB49,"x",EC49,"x") -> xxxxxxxxxxxxxxxxxxxxxxxxxxxxxxxxxxxxxxxxxxxxxxxxxxxxxxxxxxxxxxxxxxxxxxxxxxxxxxxxxxxxxxxxxxxxxxxxxxxxxxxxxxxxxxxxxxxxxxxxxxxxxxxx
B50: Expenses | ED50: =CONCATENATE("x",G50,"x",H50,"x",I50,"x",J50,"x",K50,"x",L50,"x",M50,"x",N50,"x",O50,"x",P50,"x",Q50,"x",R50,"x",S50,"x",T50,"x",U50,"x",V50,"x",W50,"x",X50,"x",Y50,"x",Z50,"x",AA50,"x",AB50,"x",AC50,"x",AD50,"x",AE50,"x",AF50,"x",AG50,"x",AH50,"x",AI50,"x",AJ50,"x",AK50,"x",AL50,"x",AM50,"x",AN50,"x",AO50,"x",AP50,"x",AQ50,"x",AR50,"x",AS50,"x",AT50,"x",AU50,"x",AV50,"x",AW50,"x",AX50,"x",AY50,"x",AZ50,"x",BA50,"x",BB50,"x",BC50,"x",BD50,"x",BE50,"x",BF50,"x",BG50,"x",BH50,"x",BI50,"x",BJ50,"x",BK50,"x",BL50,"x",BM50,"x",BN50,"x",BO50,"x",BP50,"x",BQ50,"x",BR50,"x",BS50,"x",BT50,"x",BU50,"x",BV50,"x",BW50,"x",BX50,"x",BY50,"x",BZ50,"x",CA50,"x",CB50,"x",CC50,"x",CD50,"x",CE50,"x",CF50,"x",CG50,"x",CH50,"x",CI50,"x",CJ50,"x",CK50,"x",CL50,"x",CM50,"x",CN50,"x",CO50,"x",CP50,"x",CQ50,"x",CR50,"x",CS50,"x",CT50,"x",CU50,"x",CV50,"x",CW50,"x",CX50,"x",CY50,"x",CZ50,"x",DA50,"x",DB50,"x",DC50,"x",DD50,"x",DE50,"x",DF50,"x",DG50,"x",DH50,"x",DI50,"x",DJ50,"x",DK50,"x",DL50,"x",DM50,"x",DN50,"x",DO50,"x",DP50,"x",DQ50,"x",DR50,"x",DS50,"x",DT50,"x",DU50,"x",DV50,"x",DW50,"x",DX50,"x",DY50,"x",DZ50,"x",EA50,"x",EB50,"x",EC50,"x") -> xxxxxxxxxxxxxxxxxxxxxxxxxxxxxxxxxxxxxxxxxxxxxxxxxxxxxxxxxxxxxxxxxxxxxxxxxxxxxxxxxxxxxxxxxxxxxxxxxxxxxxxxxxxxxxxxxxxxxxxxxxxxxxxx
A51: 2310 | B51: Curricular | C51: =SUMPRODUCT(SUMIF('Sch Parent Trial Balance Input'!$A:$A,'Sch Parent TB Converter'!$G51:$EC51,'Sch Parent Trial Balance Input'!C:C)) -> 0 | D51: =SUMPRODUCT(SUMIF('Sch Parent Trial Balance Input'!$A:$A,'Sch Parent TB Converter'!$G51:$EC51,'Sch Parent Trial Balance Input'!D:D)) -> 0 | E51: =SUMPRODUCT(SUMIF('Sch Parent Trial Balance Input'!$A:$A,'Sch Parent TB Converter'!$G51:$EC51,'Sch Parent Trial Balance Input'!E:E)) -> 0 | ED51: =CONCATENATE("x",G51,"x",H51,"x",I51,"x",J51,"x",K51,"x",L51,"x",M51,"x",N51,"x",O51,"x",P51,"x",Q51,"x",R51,"x",S51,"x",T51,"x",U51,"x",V51,"x",W51,"x",X51,"x",Y51,"x",Z51,"x",AA51,"x",AB51,"x",AC51,"x",AD51,"x",AE51,"x",AF51,"x",AG51,"x",AH51,"x",AI51,"x",AJ51,"x",AK51,"x",AL51,"x",AM51,"x",AN51,"x",AO51,"x",AP51,"x",AQ51,"x",AR51,"x",AS51,"x",AT51,"x",AU51,"x",AV51,"x",AW51,"x",AX51,"x",AY51,"x",AZ51,"x",BA51,"x",BB51,"x",BC51,"x",BD51,"x",BE51,"x",BF51,"x",BG51,"x",BH51,"x",BI51,"x",BJ51,"x",BK51,"x",BL51,"x",BM51,"x",BN51,"x",BO51,"x",BP51,"x",BQ51,"x",BR51,"x",BS51,"x",BT51,"x",BU51,"x",BV51,"x",BW51,"x",BX51,"x",BY51,"x",BZ51,"x",CA51,"x",CB51,"x",CC51,"x",CD51,"x",CE51,"x",CF51,"x",CG51,"x",CH51,"x",CI51,"x",CJ51,"x",CK51,"x",CL51,"x",CM51,"x",CN51,"x",CO51,"x",CP51,"x",CQ51,"x",CR51,"x",CS51,"x",CT51,"x",CU51,"x",CV51,"x",CW51,"x",CX51,"x",CY51,"x",CZ51,"x",DA51,"x",DB51,"x",DC51,"x",DD51,"x",DE51,"x",DF51,"x",DG51,"x",DH51,"x",DI51,"x",DJ51,"x",DK51,"x",DL51,"x",DM51,"x",DN51,"x",DO51,"x",DP51,"x",DQ51,"x",DR51,"x",DS51,"x",DT51,"x",DU51,"x",DV51,"x",DW51,"x",DX51,"x",DY51,"x",DZ51,"x",EA51,"x",EB51,"x",EC51,"x") -> xxxxxxxxxxxxxxxxxxxxxxxxxxxxxxxxxxxxxxxxxxxxxxxxxxxxxxxxxxxxxxxxxxxxxxxxxxxxxxxxxxxxxxxxxxxxxxxxxxxxxxxxxxxxxxxxxxxxxxxxxxxxxxxx
A52: 2325 | B52: Information and Communication Technology | C52: =SUMPRODUCT(SUMIF('Sch Parent Trial Balance Input'!$A:$A,'Sch Parent TB Converter'!$G52:$EC52,'Sch Parent Trial Balance Input'!C:C)) -> 0 | D52: =SUMPRODUCT(SUMIF('Sch Parent Trial Balance Input'!$A:$A,'Sch Parent TB Converter'!$G52:$EC52,'Sch Parent Trial Balance Input'!D:D)) -> 0 | E52: =SUMPRODUCT(SUMIF('Sch Parent Trial Balance Input'!$A:$A,'Sch Parent TB Converter'!$G52:$EC52,'Sch Parent Trial Balance Input'!E:E)) -> 0 | ED52: =CONCATENATE("x",G52,"x",H52,"x",I52,"x",J52,"x",K52,"x",L52,"x",M52,"x",N52,"x",O52,"x",P52,"x",Q52,"x",R52,"x",S52,"x",T52,"x",U52,"x",V52,"x",W52,"x",X52,"x",Y52,"x",Z52,"x",AA52,"x",AB52,"x",AC52,"x",AD52,"x",AE52,"x",AF52,"x",AG52,"x",AH52,"x",AI52,"x",AJ52,"x",AK52,"x",AL52,"x",AM52,"x",AN52,"x",AO52,"x",AP52,"x",AQ52,"x",AR52,"x",AS52,"x",AT52,"x",AU52,"x",AV52,"x",AW52,"x",AX52,"x",AY52,"x",AZ52,"x",BA52,"x",BB52,"x",BC52,"x",BD52,"x",BE52,"x",BF52,"x",BG52,"x",BH52,"x",BI52,"x",BJ52,"x",BK52,"x",BL52,"x",BM52,"x",BN52,"x",BO52,"x",BP52,"x",BQ52,"x",BR52,"x",BS52,"x",BT52,"x",BU52,"x",BV52,"x",BW52,"x",BX52,"x",BY52,"x",BZ52,"x",CA52,"x",CB52,"x",CC52,"x",CD52,"x",CE52,"x",CF52,"x",CG52,"x",CH52,"x",CI52,"x",CJ52,"x",CK52,"x",CL52,"x",CM52,"x",CN52,"x",CO52,"x",CP52,"x",CQ52,"x",CR52,"x",CS52,"x",CT52,"x",CU52,"x",CV52,"x",CW52,"x",CX52,"x",CY52,"x",CZ52,"x",DA52,"x",DB52,"x",DC52,"x",DD52,"x",DE52,"x",DF52,"x",DG52,"x",DH52,"x",DI52,"x",DJ52,"x",DK52,"x",DL52,"x",DM52,"x",DN52,"x",DO52,"x",DP52,"x",DQ52,"x",DR52,"x",DS52,"x",DT52,"x",DU52,"x",DV52,"x",DW52,"x",DX52,"x",DY52,"x",DZ52,"x",EA52,"x",EB52,"x",EC52,"x") -> xxxxxxxxxxxxxxxxxxxxxxxxxxxxxxxxxxxxxxxxxxxxxxxxxxxxxxxxxxxxxxxxxxxxxxxxxxxxxxxxxxxxxxxxxxxxxxxxxxxxxxxxxxxxxxxxxxxxxxxxxxxxxxxx
A53: 2370 | B53: Employee Benefits - Salaries | C53: =SUMPRODUCT(SUMIF('Sch Parent Trial Balance Input'!$A:$A,'Sch Parent TB Converter'!$G53:$EC53,'Sch Parent Trial Balance Input'!C:C)) -> 0 | D53: =SUMPRODUCT(SUMIF('Sch Parent Trial Balance Input'!$A:$A,'Sch Parent TB Converter'!$G53:$EC53,'Sch Parent Trial Balance Input'!D:D)) -> 0 | E53: =SUMPRODUCT(SUMIF('Sch Parent Trial Balance Input'!$A:$A,'Sch Parent TB Converter'!$G53:$EC53,'Sch Parent Trial Balance Input'!E:E)) -> 0 | ED53: =CONCATENATE("x",G53,"x",H53,"x",I53,"x",J53,"x",K53,"x",L53,"x",M53,"x",N53,"x",O53,"x",P53,"x",Q53,"x",R53,"x",S53,"x",T53,"x",U53,"x",V53,"x",W53,"x",X53,"x",Y53,"x",Z53,"x",AA53,"x",AB53,"x",AC53,"x",AD53,"x",AE53,"x",AF53,"x",AG53,"x",AH53,"x",AI53,"x",AJ53,"x",AK53,"x",AL53,"x",AM53,"x",AN53,"x",AO53,"x",AP53,"x",AQ53,"x",AR53,"x",AS53,"x",AT53,"x",AU53,"x",AV53,"x",AW53,"x",AX53,"x",AY53,"x",AZ53,"x",BA53,"x",BB53,"x",BC53,"x",BD53,"x",BE53,"x",BF53,"x",BG53,"x",BH53,"x",BI53,"x",BJ53,"x",BK53,"x",BL53,"x",BM53,"x",BN53,"x",BO53,"x",BP53,"x",BQ53,"x",BR53,"x",BS53,"x",BT53,"x",BU53,"x",BV53,"x",BW53,"x",BX53,"x",BY53,"x",BZ53,"x",CA53,"x",CB53,"x",CC53,"x",CD53,"x",CE53,"x",CF53,"x",CG53,"x",CH53,"x",CI53,"x",CJ53,"x",CK53,"x",CL53,"x",CM53,"x",CN53,"x",CO53,"x",CP53,"x",CQ53,"x",CR53,"x",CS53,"x",CT53,"x",CU53,"x",CV53,"x",CW53,"x",CX53,"x",CY53,"x",CZ53,"x",DA53,"x",DB53,"x",DC53,"x",DD53,"x",DE53,"x",DF53,"x",DG53,"x",DH53,"x",DI53,"x",DJ53,"x",DK53,"x",DL53,"x",DM53,"x",DN53,"x",DO53,"x",DP53,"x",DQ53,"x",DR53,"x",DS53,"x",DT53,"x",DU53,"x",DV53,"x",DW53,"x",DX53,"x",DY53,"x",DZ53,"x",EA53,"x",EB53,"x",EC53,"x") -> xxxxxxxxxxxxxxxxxxxxxxxxxxxxxxxxxxxxxxxxxxxxxxxxxxxxxxxxxxxxxxxxxxxxxxxxxxxxxxxxxxxxxxxxxxxxxxxxxxxxxxxxxxxxxxxxxxxxxxxxxxxxxxxx
A54: 2380 | B54: Staff Development | C54: =SUMPRODUCT(SUMIF('Sch Parent Trial Balance Input'!$A:$A,'Sch Parent TB Converter'!$G54:$EC54,'Sch Parent Trial Balance Input'!C:C)) -> 0 | D54: =SUMPRODUCT(SUMIF('Sch Parent Trial Balance Input'!$A:$A,'Sch Parent TB Converter'!$G54:$EC54,'Sch Parent Trial Balance Input'!D:D)) -> 0 | E54: =SUMPRODUCT(SUMIF('Sch Parent Trial Balance Input'!$A:$A,'Sch Parent TB Converter'!$G54:$EC54,'Sch Parent Trial Balance Input'!E:E)) -> 0 | ED54: =CONCATENATE("x",G54,"x",H54,"x",I54,"x",J54,"x",K54,"x",L54,"x",M54,"x",N54,"x",O54,"x",P54,"x",Q54,"x",R54,"x",S54,"x",T54,"x",U54,"x",V54,"x",W54,"x",X54,"x",Y54,"x",Z54,"x",AA54,"x",AB54,"x",AC54,"x",AD54,"x",AE54,"x",AF54,"x",AG54,"x",AH54,"x",AI54,"x",AJ54,"x",AK54,"x",AL54,"x",AM54,"x",AN54,"x",AO54,"x",AP54,"x",AQ54,"x",AR54,"x",AS54,"x",AT54,"x",AU54,"x",AV54,"x",AW54,"x",AX54,"x",AY54,"x",AZ54,"x",BA54,"x",BB54,"x",BC54,"x",BD54,"x",BE54,"x",BF54,"x",BG54,"x",BH54,"x",BI54,"x",BJ54,"x",BK54,"x",BL54,"x",BM54,"x",BN54,"x",BO54,"x",BP54,"x",BQ54,"x",BR54,"x",BS54,"x",BT54,"x",BU54,"x",BV54,"x",BW54,"x",BX54,"x",BY54,"x",BZ54,"x",CA54,"x",CB54,"x",CC54,"x",CD54,"x",CE54,"x",CF54,"x",CG54,"x",CH54,"x",CI54,"x",CJ54,"x",CK54,"x",CL54,"x",CM54,"x",CN54,"x",CO54,"x",CP54,"x",CQ54,"x",CR54,"x",CS54,"x",CT54,"x",CU54,"x",CV54,"x",CW54,"x",CX54,"x",CY54,"x",CZ54,"x",DA54,"x",DB54,"x",DC54,"x",DD54,"x",DE54,"x",DF54,"x",DG54,"x",DH54,"x",DI54,"x",DJ54,"x",DK54,"x",DL54,"x",DM54,"x",DN54,"x",DO54,"x",DP54,"x",DQ54,"x",DR54,"x",DS54,"x",DT54,"x",DU54,"x",DV54,"x",DW54,"x",DX54,"x",DY54,"x",DZ54,"x",EA54,"x",EB54,"x",EC54,"x") -> xxxxxxxxxxxxxxxxxxxxxxxxxxxxxxxxxxxxxxxxxxxxxxxxxxxxxxxxxxxxxxxxxxxxxxxxxxxxxxxxxxxxxxxxxxxxxxxxxxxxxxxxxxxxxxxxxxxxxxxxxxxxxxxx
A55: 2360 | B55: Other Learning Resource Expenses | C55: =SUMPRODUCT(SUMIF('Sch Parent Trial Balance Input'!$A:$A,'Sch Parent TB Converter'!$G55:$EC55,'Sch Parent Trial Balance Input'!C:C)) -> 0 | D55: =SUMPRODUCT(SUMIF('Sch Parent Trial Balance Input'!$A:$A,'Sch Parent TB Converter'!$G55:$EC55,'Sch Parent Trial Balance Input'!D:D)) -> 0 | E55: =SUMPRODUCT(SUMIF('Sch Parent Trial Balance Input'!$A:$A,'Sch Parent TB Converter'!$G55:$EC55,'Sch Parent Trial Balance Input'!E:E)) -> 0 | ED55: =CONCATENATE("x",G55,"x",H55,"x",I55,"x",J55,"x",K55,"x",L55,"x",M55,"x",N55,"x",O55,"x",P55,"x",Q55,"x",R55,"x",S55,"x",T55,"x",U55,"x",V55,"x",W55,"x",X55,"x",Y55,"x",Z55,"x",AA55,"x",AB55,"x",AC55,"x",AD55,"x",AE55,"x",AF55,"x",AG55,"x",AH55,"x",AI55,"x",AJ55,"x",AK55,"x",AL55,"x",AM55,"x",AN55,"x",AO55,"x",AP55,"x",AQ55,"x",AR55,"x",AS55,"x",AT55,"x",AU55,"x",AV55,"x",AW55,"x",AX55,"x",AY55,"x",AZ55,"x",BA55,"x",BB55,"x",BC55,"x",BD55,"x",BE55,"x",BF55,"x",BG55,"x",BH55,"x",BI55,"x",BJ55,"x",BK55,"x",BL55,"x",BM55,"x",BN55,"x",BO55,"x",BP55,"x",BQ55,"x",BR55,"x",BS55,"x",BT55,"x",BU55,"x",BV55,"x",BW55,"x",BX55,"x",BY55,"x",BZ55,"x",CA55,"x",CB55,"x",CC55,"x",CD55,"x",CE55,"x",CF55,"x",CG55,"x",CH55,"x",CI55,"x",CJ55,"x",CK55,"x",CL55,"x",CM55,"x",CN55,"x",CO55,"x",CP55,"x",CQ55,"x",CR55,"x",CS55,"x",CT55,"x",CU55,"x",CV55,"x",CW55,"x",CX55,"x",CY55,"x",CZ55,"x",DA55,"x",DB55,"x",DC55,"x",DD55,"x",DE55,"x",DF55,"x",DG55,"x",DH55,"x",DI55,"x",DJ55,"x",DK55,"x",DL55,"x",DM55,"x",DN55,"x",DO55,"x",DP55,"x",DQ55,"x",DR55,"x",DS55,"x",DT55,"x",DU55,"x",DV55,"x",DW55,"x",DX55,"x",DY55,"x",DZ55,"x",EA55,"x",EB55,"x",EC55,"x") -> xxxxxxxxxxxxxxxxxxxxxxxxxxxxxxxxxxxxxxxxxxxxxxxxxxxxxxxxxxxxxxxxxxxxxxxxxxxxxxxxxxxxxxxxxxxxxxxxxxxxxxxxxxxxxxxxxxxxxxxxxxxxxxxx
ED56: =CONCATENATE("x",G56,"x",H56,"x",I56,"x",J56,"x",K56,"x",L56,"x",M56,"x",N56,"x",O56,"x",P56,"x",Q56,"x",R56,"x",S56,"x",T56,"x",U56,"x",V56,"x",W56,"x",X56,"x",Y56,"x",Z56,"x",AA56,"x",AB56,"x",AC56,"x",AD56,"x",AE56,"x",AF56,"x",AG56,"x",AH56,"x",AI56,"x",AJ56,"x",AK56,"x",AL56,"x",AM56,"x",AN56,"x",AO56,"x",AP56,"x",AQ56,"x",AR56,"x",AS56,"x",AT56,"x",AU56,"x",AV56,"x",AW56,"x",AX56,"x",AY56,"x",AZ56,"x",BA56,"x",BB56,"x",BC56,"x",BD56,"x",BE56,"x",BF56,"x",BG56,"x",BH56,"x",BI56,"x",BJ56,"x",BK56,"x",BL56,"x",BM56,"x",BN56,"x",BO56,"x",BP56,"x",BQ56,"x",BR56,"x",BS56,"x",BT56,"x",BU56,"x",BV56,"x",BW56,"x",BX56,"x",BY56,"x",BZ56,"x",CA56,"x",CB56,"x",CC56,"x",CD56,"x",CE56,"x",CF56,"x",CG56,"x",CH56,"x",CI56,"x",CJ56,"x",CK56,"x",CL56,"x",CM56,"x",CN56,"x",CO56,"x",CP56,"x",CQ56,"x",CR56,"x",CS56,"x",CT56,"x",CU56,"x",CV56,"x",CW56,"x",CX56,"x",CY56,"x",CZ56,"x",DA56,"x",DB56,"x",DC56,"x",DD56,"x",DE56,"x",DF56,"x",DG56,"x",DH56,"x",DI56,"x",DJ56,"x",DK56,"x",DL56,"x",DM56,"x",DN56,"x",DO56,"x",DP56,"x",DQ56,"x",DR56,"x",DS56,"x",DT56,"x",DU56,"x",DV56,"x",DW56,"x",DX56,"x",DY56,"x",DZ56,"x",EA56,"x",EB56,"x",EC56,"x") -> xxxxxxxxxxxxxxxxxxxxxxxxxxxxxxxxxxxxxxxxxxxxxxxxxxxxxxxxxxxxxxxxxxxxxxxxxxxxxxxxxxxxxxxxxxxxxxxxxxxxxxxxxxxxxxxxxxxxxxxxxxxxxxxx
B57: 5. Administration | ED57: =CONCATENATE("x",G57,"x",H57,"x",I57,"x",J57,"x",K57,"x",L57,"x",M57,"x",N57,"x",O57,"x",P57,"x",Q57,"x",R57,"x",S57,"x",T57,"x",U57,"x",V57,"x",W57,"x",X57,"x",Y57,"x",Z57,"x",AA57,"x",AB57,"x",AC57,"x",AD57,"x",AE57,"x",AF57,"x",AG57,"x",AH57,"x",AI57,"x",AJ57,"x",AK57,"x",AL57,"x",AM57,"x",AN57,"x",AO57,"x",AP57,"x",AQ57,"x",AR57,"x",AS57,"x",AT57,"x",AU57,"x",AV57,"x",AW57,"x",AX57,"x",AY57,"x",AZ57,"x",BA57,"x",BB57,"x",BC57,"x",BD57,"x",BE57,"x",BF57,"x",BG57,"x",BH57,"x",BI57,"x",BJ57,"x",BK57,"x",BL57,"x",BM57,"x",BN57,"x",BO57,"x",BP57,"x",BQ57,"x",BR57,"x",BS57,"x",BT57,"x",BU57,"x",BV57,"x",BW57,"x",BX57,"x",BY57,"x",BZ57,"x",CA57,"x",CB57,"x",CC57,"x",CD57,"x",CE57,"x",CF57,"x",CG57,"x",CH57,"x",CI57,"x",CJ57,"x",CK57,"x",CL57,"x",CM57,"x",CN57,"x",CO57,"x",CP57,"x",CQ57,"x",CR57,"x",CS57,"x",CT57,"x",CU57,"x",CV57,"x",CW57,"x",CX57,"x",CY57,"x",CZ57,"x",DA57,"x",DB57,"x",DC57,"x",DD57,"x",DE57,"x",DF57,"x",DG57,"x",DH57,"x",DI57,"x",DJ57,"x",DK57,"x",DL57,"x",DM57,"x",DN57,"x",DO57,"x",DP57,"x",DQ57,"x",DR57,"x",DS57,"x",DT57,"x",DU57,"x",DV57,"x",DW57,"x",DX57,"x",DY57,"x",DZ57,"x",EA57,"x",EB57,"x",EC57,"x") -> xxxxxxxxxxxxxxxxxxxxxxxxxxxxxxxxxxxxxxxxxxxxxxxxxxxxxxxxxxxxxxxxxxxxxxxxxxxxxxxxxxxxxxxxxxxxxxxxxxxxxxxxxxxxxxxxxxxxxxxxxxxxxxxx
B58: Expenses | ED58: =CONCATENATE("x",G58,"x",H58,"x",I58,"x",J58,"x",K58,"x",L58,"x",M58,"x",N58,"x",O58,"x",P58,"x",Q58,"x",R58,"x",S58,"x",T58,"x",U58,"x",V58,"x",W58,"x",X58,"x",Y58,"x",Z58,"x",AA58,"x",AB58,"x",AC58,"x",AD58,"x",AE58,"x",AF58,"x",AG58,"x",AH58,"x",AI58,"x",AJ58,"x",AK58,"x",AL58,"x",AM58,"x",AN58,"x",AO58,"x",AP58,"x",AQ58,"x",AR58,"x",AS58,"x",AT58,"x",AU58,"x",AV58,"x",AW58,"x",AX58,"x",AY58,"x",AZ58,"x",BA58,"x",BB58,"x",BC58,"x",BD58,"x",BE58,"x",BF58,"x",BG58,"x",BH58,"x",BI58,"x",BJ58,"x",BK58,"x",BL58,"x",BM58,"x",BN58,"x",BO58,"x",BP58,"x",BQ58,"x",BR58,"x",BS58,"x",BT58,"x",BU58,"x",BV58,"x",BW58,"x",BX58,"x",BY58,"x",BZ58,"x",CA58,"x",CB58,"x",CC58,"x",CD58,"x",CE58,"x",CF58,"x",CG58,"x",CH58,"x",CI58,"x",CJ58,"x",CK58,"x",CL58,"x",CM58,"x",CN58,"x",CO58,"x",CP58,"x",CQ58,"x",CR58,"x",CS58,"x",CT58,"x",CU58,"x",CV58,"x",CW58,"x",CX58,"x",CY58,"x",CZ58,"x",DA58,"x",DB58,"x",DC58,"x",DD58,"x",DE58,"x",DF58,"x",DG58,"x",DH58,"x",DI58,"x",DJ58,"x",DK58,"x",DL58,"x",DM58,"x",DN58,"x",DO58,"x",DP58,"x",DQ58,"x",DR58,"x",DS58,"x",DT58,"x",DU58,"x",DV58,"x",DW58,"x",DX58,"x",DY58,"x",DZ58,"x",EA58,"x",EB58,"x",EC58,"x") -> xxxxxxxxxxxxxxxxxxxxxxxxxxxxxxxxxxxxxxxxxxxxxxxxxxxxxxxxxxxxxxxxxxxxxxxxxxxxxxxxxxxxxxxxxxxxxxxxxxxxxxxxxxxxxxxxxxxxxxxxxxxxxxxx
A59: 2110 | B59: Service Providers, Contractors and Consultancy | C59: =SUMPRODUCT(SUMIF('Sch Parent Trial Balance Input'!$A:$A,'Sch Parent TB Converter'!$G59:$EC59,'Sch Parent Trial Balance Input'!C:C)) -> 0 | D59: =SUMPRODUCT(SUMIF('Sch Parent Trial Balance Input'!$A:$A,'Sch Parent TB Converter'!$G59:$EC59,'Sch Parent Trial Balance Input'!D:D)) -> 0 | E59: =SUMPRODUCT(SUMIF('Sch Parent Trial Balance Input'!$A:$A,'Sch Parent TB Converter'!$G59:$EC59,'Sch Parent Trial Balance Input'!E:E)) -> 0 | ED59: =CONCATENATE("x",G59,"x",H59,"x",I59,"x",J59,"x",K59,"x",L59,"x",M59,"x",N59,"x",O59,"x",P59,"x",Q59,"x",R59,"x",S59,"x",T59,"x",U59,"x",V59,"x",W59,"x",X59,"x",Y59,"x",Z59,"x",AA59,"x",AB59,"x",AC59,"x",AD59,"x",AE59,"x",AF59,"x",AG59,"x",AH59,"x",AI59,"x",AJ59,"x",AK59,"x",AL59,"x",AM59,"x",AN59,"x",AO59,"x",AP59,"x",AQ59,"x",AR59,"x",AS59,"x",AT59,"x",AU59,"x",AV59,"x",AW59,"x",AX59,"x",AY59,"x",AZ59,"x",BA59,"x",BB59,"x",BC59,"x",BD59,"x",BE59,"x",BF59,"x",BG59,"x",BH59,"x",BI59,"x",BJ59,"x",BK59,"x",BL59,"x",BM59,"x",BN59,"x",BO59,"x",BP59,"x",BQ59,"x",BR59,"x",BS59,"x",BT59,"x",BU59,"x",BV59,"x",BW59,"x",BX59,"x",BY59,"x",BZ59,"x",CA59,"x",CB59,"x",CC59,"x",CD59,"x",CE59,"x",CF59,"x",CG59,"x",CH59,"x",CI59,"x",CJ59,"x",CK59,"x",CL59,"x",CM59,"x",CN59,"x",CO59,"x",CP59,"x",CQ59,"x",CR59,"x",CS59,"x",CT59,"x",CU59,"x",CV59,"x",CW59,"x",CX59,"x",CY59,"x",CZ59,"x",DA59,"x",DB59,"x",DC59,"x",DD59,"x",DE59,"x",DF59,"x",DG59,"x",DH59,"x",DI59,"x",DJ59,"x",DK59,"x",DL59,"x",DM59,"x",DN59,"x",DO59,"x",DP59,"x",DQ59,"x",DR59,"x",DS59,"x",DT59,"x",DU59,"x",DV59,"x",DW59,"x",DX59,"x",DY59,"x",DZ59,"x",EA59,"x",EB59,"x",EC59,"x") -> xxxxxxxxxxxxxxxxxxxxxxxxxxxxxxxxxxxxxxxxxxxxxxxxxxxxxxxxxxxxxxxxxxxxxxxxxxxxxxxxxxxxxxxxxxxxxxxxxxxxxxxxxxxxxxxxxxxxxxxxxxxxxxxx
A60: 2120 | B60: Audit Fee | C60: =SUMPRODUCT(SUMIF('Sch Parent Trial Balance Input'!$A:$A,'Sch Parent TB Converter'!$G60:$EC60,'Sch Parent Trial Balance Input'!C:C)) -> 0 | D60: =SUMPRODUCT(SUMIF('Sch Parent Trial Balance Input'!$A:$A,'Sch Parent TB Converter'!$G60:$EC60,'Sch Parent Trial Balance Input'!D:D)) -> 0 | E60: =SUMPRODUCT(SUMIF('Sch Parent Trial Balance Input'!$A:$A,'Sch Parent TB Converter'!$G60:$EC60,'Sch Parent Trial Balance Input'!E:E)) -> 0 | ED60: =CONCATENATE("x",G60,"x",H60,"x",I60,"x",J60,"x",K60,"x",L60,"x",M60,"x",N60,"x",O60,"x",P60,"x",Q60,"x",R60,"x",S60,"x",T60,"x",U60,"x",V60,"x",W60,"x",X60,"x",Y60,"x",Z60,"x",AA60,"x",AB60,"x",AC60,"x",AD60,"x",AE60,"x",AF60,"x",AG60,"x",AH60,"x",AI60,"x",AJ60,"x",AK60,"x",AL60,"x",AM60,"x",AN60,"x",AO60,"x",AP60,"x",AQ60,"x",AR60,"x",AS60,"x",AT60,"x",AU60,"x",AV60,"x",AW60,"x",AX60,"x",AY60,"x",AZ60,"x",BA60,"x",BB60,"x",BC60,"x",BD60,"x",BE60,"x",BF60,"x",BG60,"x",BH60,"x",BI60,"x",BJ60,"x",BK60,"x",BL60,"x",BM60,"x",BN60,"x",BO60,"x",BP60,"x",BQ60,"x",BR60,"x",BS60,"x",BT60,"x",BU60,"x",BV60,"x",BW60,"x",BX60,"x",BY60,"x",BZ60,"x",CA60,"x",CB60,"x",CC60,"x",CD60,"x",CE60,"x",CF60,"x",CG60,"x",CH60,"x",CI60,"x",CJ60,"x",CK60,"x",CL60,"x",CM60,"x",CN60,"x",CO60,"x",CP60,"x",CQ60,"x",CR60,"x",CS60,"x",CT60,"x",CU60,"x",CV60,"x",CW60,"x",CX60,"x",CY60,"x",CZ60,"x",DA60,"x",DB60,"x",DC60,"x",DD60,"x",DE60,"x",DF60,"x",DG60,"x",DH60,"x",DI60,"x",DJ60,"x",DK60,"x",DL60,"x",DM60,"x",DN60,"x",DO60,"x",DP60,"x",DQ60,"x",DR60,"x",DS60,"x",DT60,"x",DU60,"x",DV60,"x",DW60,"x",DX60,"x",DY60,"x",DZ60,"x",EA60,"x",EB60,"x",EC60,"x") -> xxxxxxxxxxxxxxxxxxxxxxxxxxxxxxxxxxxxxxxxxxxxxxxxxxxxxxxxxxxxxxxxxxxxxxxxxxxxxxxxxxxxxxxxxxxxxxxxxxxxxxxxxxxxxxxxxxxxxxxxxxxxxxxx
A61: 2130 | B61: Board Fees and Expenses | C61: =SUMPRODUCT(SUMIF('Sch Parent Trial Balance Input'!$A:$A,'Sch Parent TB Converter'!$G61:$EC61,'Sch Parent Trial Balance Input'!C:C)) -> 0 | D61: =SUMPRODUCT(SUMIF('Sch Parent Trial Balance Input'!$A:$A,'Sch Parent TB Converter'!$G61:$EC61,'Sch Parent Trial Balance Input'!D:D)) -> 0 | E61: =SUMPRODUCT(SUMIF('Sch Parent Trial Balance Input'!$A:$A,'Sch Parent TB Converter'!$G61:$EC61,'Sch Parent Trial Balance Input'!E:E)) -> 0 | ED61: =CONCATENATE("x",G61,"x",H61,"x",I61,"x",J61,"x",K61,"x",L61,"x",M61,"x",N61,"x",O61,"x",P61,"x",Q61,"x",R61,"x",S61,"x",T61,"x",U61,"x",V61,"x",W61,"x",X61,"x",Y61,"x",Z61,"x",AA61,"x",AB61,"x",AC61,"x",AD61,"x",AE61,"x",AF61,"x",AG61,"x",AH61,"x",AI61,"x",AJ61,"x",AK61,"x",AL61,"x",AM61,"x",AN61,"x",AO61,"x",AP61,"x",AQ61,"x",AR61,"x",AS61,"x",AT61,"x",AU61,"x",AV61,"x",AW61,"x",AX61,"x",AY61,"x",AZ61,"x",BA61,"x",BB61,"x",BC61,"x",BD61,"x",BE61,"x",BF61,"x",BG61,"x",BH61,"x",BI61,"x",BJ61,"x",BK61,"x",BL61,"x",BM61,"x",BN61,"x",BO61,"x",BP61,"x",BQ61,"x",BR61,"x",BS61,"x",BT61,"x",BU61,"x",BV61,"x",BW61,"x",BX61,"x",BY61,"x",BZ61,"x",CA61,"x",CB61,"x",CC61,"x",CD61,"x",CE61,"x",CF61,"x",CG61,"x",CH61,"x",CI61,"x",CJ61,"x",CK61,"x",CL61,"x",CM61,"x",CN61,"x",CO61,"x",CP61,"x",CQ61,"x",CR61,"x",CS61,"x",CT61,"x",CU61,"x",CV61,"x",CW61,"x",CX61,"x",CY61,"x",CZ61,"x",DA61,"x",DB61,"x",DC61,"x",DD61,"x",DE61,"x",DF61,"x",DG61,"x",DH61,"x",DI61,"x",DJ61,"x",DK61,"x",DL61,"x",DM61,"x",DN61,"x",DO61,"x",DP61,"x",DQ61,"x",DR61,"x",DS61,"x",DT61,"x",DU61,"x",DV61,"x",DW61,"x",DX61,"x",DY61,"x",DZ61,"x",EA61,"x",EB61,"x",EC61,"x") -> xxxxxxxxxxxxxxxxxxxxxxxxxxxxxxxxxxxxxxxxxxxxxxxxxxxxxxxxxxxxxxxxxxxxxxxxxxxxxxxxxxxxxxxxxxxxxxxxxxxxxxxxxxxxxxxxxxxxxxxxxxxxxxxx
A62: 2136 | B62: Intervention Costs | C62: =SUMPRODUCT(SUMIF('Sch Parent Trial Balance Input'!$A:$A,'Sch Parent TB Converter'!$G62:$EC62,'Sch Parent Trial Balance Input'!C:C)) -> 0 | D62: =SUMPRODUCT(SUMIF('Sch Parent Trial Balance Input'!$A:$A,'Sch Parent TB Converter'!$G62:$EC62,'Sch Parent Trial Balance Input'!D:D)) -> 0 | E62: =SUMPRODUCT(SUMIF('Sch Parent Trial Balance Input'!$A:$A,'Sch Parent TB Converter'!$G62:$EC62,'Sch Parent Trial Balance Input'!E:E)) -> 0 | ED62: =CONCATENATE("x",G62,"x",H62,"x",I62,"x",J62,"x",K62,"x",L62,"x",M62,"x",N62,"x",O62,"x",P62,"x",Q62,"x",R62,"x",S62,"x",T62,"x",U62,"x",V62,"x",W62,"x",X62,"x",Y62,"x",Z62,"x",AA62,"x",AB62,"x",AC62,"x",AD62,"x",AE62,"x",AF62,"x",AG62,"x",AH62,"x",AI62,"x",AJ62,"x",AK62,"x",AL62,"x",AM62,"x",AN62,"x",AO62,"x",AP62,"x",AQ62,"x",AR62,"x",AS62,"x",AT62,"x",AU62,"x",AV62,"x",AW62,"x",AX62,"x",AY62,"x",AZ62,"x",BA62,"x",BB62,"x",BC62,"x",BD62,"x",BE62,"x",BF62,"x",BG62,"x",BH62,"x",BI62,"x",BJ62,"x",BK62,"x",BL62,"x",BM62,"x",BN62,"x",BO62,"x",BP62,"x",BQ62,"x",BR62,"x",BS62,"x",BT62,"x",BU62,"x",BV62,"x",BW62,"x",BX62,"x",BY62,"x",BZ62,"x",CA62,"x",CB62,"x",CC62,"x",CD62,"x",CE62,"x",CF62,"x",CG62,"x",CH62,"x",CI62,"x",CJ62,"x",CK62,"x",CL62,"x",CM62,"x",CN62,"x",CO62,"x",CP62,"x",CQ62,"x",CR62,"x",CS62,"x",CT62,"x",CU62,"x",CV62,"x",CW62,"x",CX62,"x",CY62,"x",CZ62,"x",DA62,"x",DB62,"x",DC62,"x",DD62,"x",DE62,"x",DF62,"x",DG62,"x",DH62,"x",DI62,"x",DJ62,"x",DK62,"x",DL62,"x",DM62,"x",DN62,"x",DO62,"x",DP62,"x",DQ62,"x",DR62,"x",DS62,"x",DT62,"x",DU62,"x",DV62,"x",DW62,"x",DX62,"x",DY62,"x",DZ62,"x",EA62,"x",EB62,"x",EC62,"x") -> xxxxxxxxxxxxxxxxxxxxxxxxxxxxxxxxxxxxxxxxxxxxxxxxxxxxxxxxxxxxxxxxxxxxxxxxxxxxxxxxxxxxxxxxxxxxxxxxxxxxxxxxxxxxxxxxxxxxxxxxxxxxxxxx
A63: 2170 | B63: Operating Lease | C63: =SUMPRODUCT(SUMIF('Sch Parent Trial Balance Input'!$A:$A,'Sch Parent TB Converter'!$G63:$EC63,'Sch Parent Trial Balance Input'!C:C)) -> 0 | D63: =SUMPRODUCT(SUMIF('Sch Parent Trial Balance Input'!$A:$A,'Sch Parent TB Converter'!$G63:$EC63,'Sch Parent Trial Balance Input'!D:D)) -> 0 | E63: =SUMPRODUCT(SUMIF('Sch Parent Trial Balance Input'!$A:$A,'Sch Parent TB Converter'!$G63:$EC63,'Sch Parent Trial Balance Input'!E:E)) -> 0 | ED63: =CONCATENATE("x",G63,"x",H63,"x",I63,"x",J63,"x",K63,"x",L63,"x",M63,"x",N63,"x",O63,"x",P63,"x",Q63,"x",R63,"x",S63,"x",T63,"x",U63,"x",V63,"x",W63,"x",X63,"x",Y63,"x",Z63,"x",AA63,"x",AB63,"x",AC63,"x",AD63,"x",AE63,"x",AF63,"x",AG63,"x",AH63,"x",AI63,"x",AJ63,"x",AK63,"x",AL63,"x",AM63,"x",AN63,"x",AO63,"x",AP63,"x",AQ63,"x",AR63,"x",AS63,"x",AT63,"x",AU63,"x",AV63,"x",AW63,"x",AX63,"x",AY63,"x",AZ63,"x",BA63,"x",BB63,"x",BC63,"x",BD63,"x",BE63,"x",BF63,"x",BG63,"x",BH63,"x",BI63,"x",BJ63,"x",BK63,"x",BL63,"x",BM63,"x",BN63,"x",BO63,"x",BP63,"x",BQ63,"x",BR63,"x",BS63,"x",BT63,"x",BU63,"x",BV63,"x",BW63,"x",BX63,"x",BY63,"x",BZ63,"x",CA63,"x",CB63,"x",CC63,"x",CD63,"x",CE63,"x",CF63,"x",CG63,"x",CH63,"x",CI63,"x",CJ63,"x",CK63,"x",CL63,"x",CM63,"x",CN63,"x",CO63,"x",CP63,"x",CQ63,"x",CR63,"x",CS63,"x",CT63,"x",CU63,"x",CV63,"x",CW63,"x",CX63,"x",CY63,"x",CZ63,"x",DA63,"x",DB63,"x",DC63,"x",DD63,"x",DE63,"x",DF63,"x",DG63,"x",DH63,"x",DI63,"x",DJ63,"x",DK63,"x",DL63,"x",DM63,"x",DN63,"x",DO63,"x",DP63,"x",DQ63,"x",DR63,"x",DS63,"x",DT63,"x",DU63,"x",DV63,"x",DW63,"x",DX63,"x",DY63,"x",DZ63,"x",EA63,"x",EB63,"x",EC63,"x") -> xxxxxxxxxxxxxxxxxxxxxxxxxxxxxxxxxxxxxxxxxxxxxxxxxxxxxxxxxxxxxxxxxxxxxxxxxxxxxxxxxxxxxxxxxxxxxxxxxxxxxxxxxxxxxxxxxxxxxxxxxxxxxxxx
A64: 2155 | B64: Legal Fees | C64: =SUMPRODUCT(SUMIF('Sch Parent Trial Balance Input'!$A:$A,'Sch Parent TB Converter'!$G64:$EC64,'Sch Parent Trial Balance Input'!C:C)) -> 0 | D64: =SUMPRODUCT(SUMIF('Sch Parent Trial Balance Input'!$A:$A,'Sch Parent TB Converter'!$G64:$EC64,'Sch Parent Trial Balance Input'!D:D)) -> 0 | E64: =SUMPRODUCT(SUMIF('Sch Parent Trial Balance Input'!$A:$A,'Sch Parent TB Converter'!$G64:$EC64,'Sch Parent Trial Balance Input'!E:E)) -> 0 | ED64: =CONCATENATE("x",G64,"x",H64,"x",I64,"x",J64,"x",K64,"x",L64,"x",M64,"x",N64,"x",O64,"x",P64,"x",Q64,"x",R64,"x",S64,"x",T64,"x",U64,"x",V64,"x",W64,"x",X64,"x",Y64,"x",Z64,"x",AA64,"x",AB64,"x",AC64,"x",AD64,"x",AE64,"x",AF64,"x",AG64,"x",AH64,"x",AI64,"x",AJ64,"x",AK64,"x",AL64,"x",AM64,"x",AN64,"x",AO64,"x",AP64,"x",AQ64,"x",AR64,"x",AS64,"x",AT64,"x",AU64,"x",AV64,"x",AW64,"x",AX64,"x",AY64,"x",AZ64,"x",BA64,"x",BB64,"x",BC64,"x",BD64,"x",BE64,"x",BF64,"x",BG64,"x",BH64,"x",BI64,"x",BJ64,"x",BK64,"x",BL64,"x",BM64,"x",BN64,"x",BO64,"x",BP64,"x",BQ64,"x",BR64,"x",BS64,"x",BT64,"x",BU64,"x",BV64,"x",BW64,"x",BX64,"x",BY64,"x",BZ64,"x",CA64,"x",CB64,"x",CC64,"x",CD64,"x",CE64,"x",CF64,"x",CG64,"x",CH64,"x",CI64,"x",CJ64,"x",CK64,"x",CL64,"x",CM64,"x",CN64,"x",CO64,"x",CP64,"x",CQ64,"x",CR64,"x",CS64,"x",CT64,"x",CU64,"x",CV64,"x",CW64,"x",CX64,"x",CY64,"x",CZ64,"x",DA64,"x",DB64,"x",DC64,"x",DD64,"x",DE64,"x",DF64,"x",DG64,"x",DH64,"x",DI64,"x",DJ64,"x",DK64,"x",DL64,"x",DM64,"x",DN64,"x",DO64,"x",DP64,"x",DQ64,"x",DR64,"x",DS64,"x",DT64,"x",DU64,"x",DV64,"x",DW64,"x",DX64,"x",DY64,"x",DZ64,"x",EA64,"x",EB64,"x",EC64,"x") -> xxxxxxxxxxxxxxxxxxxxxxxxxxxxxxxxxxxxxxxxxxxxxxxxxxxxxxxxxxxxxxxxxxxxxxxxxxxxxxxxxxxxxxxxxxxxxxxxxxxxxxxxxxxxxxxxxxxxxxxxxxxxxxxx
A65: 2160 | B65: Other Adminstration Expenses | C65: =SUMPRODUCT(SUMIF('Sch Parent Trial Balance Input'!$A:$A,'Sch Parent TB Converter'!$G65:$EC65,'Sch Parent Trial Balance Input'!C:C)) -> 0 | D65: =SUMPRODUCT(SUMIF('Sch Parent Trial Balance Input'!$A:$A,'Sch Parent TB Converter'!$G65:$EC65,'Sch Parent Trial Balance Input'!D:D)) -> 0 | E65: =SUMPRODUCT(SUMIF('Sch Parent Trial Balance Input'!$A:$A,'Sch Parent TB Converter'!$G65:$EC65,'Sch Parent Trial Balance Input'!E:E)) -> 0 | ED65: =CONCATENATE("x",G65,"x",H65,"x",I65,"x",J65,"x",K65,"x",L65,"x",M65,"x",N65,"x",O65,"x",P65,"x",Q65,"x",R65,"x",S65,"x",T65,"x",U65,"x",V65,"x",W65,"x",X65,"x",Y65,"x",Z65,"x",AA65,"x",AB65,"x",AC65,"x",AD65,"x",AE65,"x",AF65,"x",AG65,"x",AH65,"x",AI65,"x",AJ65,"x",AK65,"x",AL65,"x",AM65,"x",AN65,"x",AO65,"x",AP65,"x",AQ65,"x",AR65,"x",AS65,"x",AT65,"x",AU65,"x",AV65,"x",AW65,"x",AX65,"x",AY65,"x",AZ65,"x",BA65,"x",BB65,"x",BC65,"x",BD65,"x",BE65,"x",BF65,"x",BG65,"x",BH65,"x",BI65,"x",BJ65,"x",BK65,"x",BL65,"x",BM65,"x",BN65,"x",BO65,"x",BP65,"x",BQ65,"x",BR65,"x",BS65,"x",BT65,"x",BU65,"x",BV65,"x",BW65,"x",BX65,"x",BY65,"x",BZ65,"x",CA65,"x",CB65,"x",CC65,"x",CD65,"x",CE65,"x",CF65,"x",CG65,"x",CH65,"x",CI65,"x",CJ65,"x",CK65,"x",CL65,"x",CM65,"x",CN65,"x",CO65,"x",CP65,"x",CQ65,"x",CR65,"x",CS65,"x",CT65,"x",CU65,"x",CV65,"x",CW65,"x",CX65,"x",CY65,"x",CZ65,"x",DA65,"x",DB65,"x",DC65,"x",DD65,"x",DE65,"x",DF65,"x",DG65,"x",DH65,"x",DI65,"x",DJ65,"x",DK65,"x",DL65,"x",DM65,"x",DN65,"x",DO65,"x",DP65,"x",DQ65,"x",DR65,"x",DS65,"x",DT65,"x",DU65,"x",DV65,"x",DW65,"x",DX65,"x",DY65,"x",DZ65,"x",EA65,"x",EB65,"x",EC65,"x") -> xxxxxxxxxxxxxxxxxxxxxxxxxxxxxxxxxxxxxxxxxxxxxxxxxxxxxxxxxxxxxxxxxxxxxxxxxxxxxxxxxxxxxxxxxxxxxxxxxxxxxxxxxxxxxxxxxxxxxxxxxxxxxxxx
A66: 2180 | B66: Employee Benefits - Salaries | C66: =SUMPRODUCT(SUMIF('Sch Parent Trial Balance Input'!$A:$A,'Sch Parent TB Converter'!$G66:$EC66,'Sch Parent Trial Balance Input'!C:C)) -> 0 | D66: =SUMPRODUCT(SUMIF('Sch Parent Trial Balance Input'!$A:$A,'Sch Parent TB Converter'!$G66:$EC66,'Sch Parent Trial Balance Input'!D:D)) -> 0 | E66: =SUMPRODUCT(SUMIF('Sch Parent Trial Balance Input'!$A:$A,'Sch Parent TB Converter'!$G66:$EC66,'Sch Parent Trial Balance Input'!E:E)) -> 0 | ED66: =CONCATENATE("x",G66,"x",H66,"x",I66,"x",J66,"x",K66,"x",L66,"x",M66,"x",N66,"x",O66,"x",P66,"x",Q66,"x",R66,"x",S66,"x",T66,"x",U66,"x",V66,"x",W66,"x",X66,"x",Y66,"x",Z66,"x",AA66,"x",AB66,"x",AC66,"x",AD66,"x",AE66,"x",AF66,"x",AG66,"x",AH66,"x",AI66,"x",AJ66,"x",AK66,"x",AL66,"x",AM66,"x",AN66,"x",AO66,"x",AP66,"x",AQ66,"x",AR66,"x",AS66,"x",AT66,"x",AU66,"x",AV66,"x",AW66,"x",AX66,"x",AY66,"x",AZ66,"x",BA66,"x",BB66,"x",BC66,"x",BD66,"x",BE66,"x",BF66,"x",BG66,"x",BH66,"x",BI66,"x",BJ66,"x",BK66,"x",BL66,"x",BM66,"x",BN66,"x",BO66,"x",BP66,"x",BQ66,"x",BR66,"x",BS66,"x",BT66,"x",BU66,"x",BV66,"x",BW66,"x",BX66,"x",BY66,"x",BZ66,"x",CA66,"x",CB66,"x",CC66,"x",CD66,"x",CE66,"x",CF66,"x",CG66,"x",CH66,"x",CI66,"x",CJ66,"x",CK66,"x",CL66,"x",CM66,"x",CN66,"x",CO66,"x",CP66,"x",CQ66,"x",CR66,"x",CS66,"x",CT66,"x",CU66,"x",CV66,"x",CW66,"x",CX66,"x",CY66,"x",CZ66,"x",DA66,"x",DB66,"x",DC66,"x",DD66,"x",DE66,"x",DF66,"x",DG66,"x",DH66,"x",DI66,"x",DJ66,"x",DK66,"x",DL66,"x",DM66,"x",DN66,"x",DO66,"x",DP66,"x",DQ66,"x",DR66,"x",DS66,"x",DT66,"x",DU66,"x",DV66,"x",DW66,"x",DX66,"x",DY66,"x",DZ66,"x",EA66,"x",EB66,"x",EC66,"x") -> xxxxxxxxxxxxxxxxxxxxxxxxxxxxxxxxxxxxxxxxxxxxxxxxxxxxxxxxxxxxxxxxxxxxxxxxxxxxxxxxxxxxxxxxxxxxxxxxxxxxxxxxxxxxxxxxxxxxxxxxxxxxxxxx
A67: 2195 | B67: Insurance | C67: =SUMPRODUCT(SUMIF('Sch Parent Trial Balance Input'!$A:$A,'Sch Parent TB Converter'!$G67:$EC67,'Sch Parent Trial Balance Input'!C:C)) -> 0 | D67: =SUMPRODUCT(SUMIF('Sch Parent Trial Balance Input'!$A:$A,'Sch Parent TB Converter'!$G67:$EC67,'Sch Parent Trial Balance Input'!D:D)) -> 0 | E67: =SUMPRODUCT(SUMIF('Sch Parent Trial Balance Input'!$A:$A,'Sch Parent TB Converter'!$G67:$EC67,'Sch Parent Trial Balance Input'!E:E)) -> 0 | ED67: =CONCATENATE("x",G67,"x",H67,"x",I67,"x",J67,"x",K67,"x",L67,"x",M67,"x",N67,"x",O67,"x",P67,"x",Q67,"x",R67,"x",S67,"x",T67,"x",U67,"x",V67,"x",W67,"x",X67,"x",Y67,"x",Z67,"x",AA67,"x",AB67,"x",AC67,"x",AD67,"x",AE67,"x",AF67,"x",AG67,"x",AH67,"x",AI67,"x",AJ67,"x",AK67,"x",AL67,"x",AM67,"x",AN67,"x",AO67,"x",AP67,"x",AQ67,"x",AR67,"x",AS67,"x",AT67,"x",AU67,"x",AV67,"x",AW67,"x",AX67,"x",AY67,"x",AZ67,"x",BA67,"x",BB67,"x",BC67,"x",BD67,"x",BE67,"x",BF67,"x",BG67,"x",BH67,"x",BI67,"x",BJ67,"x",BK67,"x",BL67,"x",BM67,"x",BN67,"x",BO67,"x",BP67,"x",BQ67,"x",BR67,"x",BS67,"x",BT67,"x",BU67,"x",BV67,"x",BW67,"x",BX67,"x",BY67,"x",BZ67,"x",CA67,"x",CB67,"x",CC67,"x",CD67,"x",CE67,"x",CF67,"x",CG67,"x",CH67,"x",CI67,"x",CJ67,"x",CK67,"x",CL67,"x",CM67,"x",CN67,"x",CO67,"x",CP67,"x",CQ67,"x",CR67,"x",CS67,"x",CT67,"x",CU67,"x",CV67,"x",CW67,"x",CX67,"x",CY67,"x",CZ67,"x",DA67,"x",DB67,"x",DC67,"x",DD67,"x",DE67,"x",DF67,"x",DG67,"x",DH67,"x",DI67,"x",DJ67,"x",DK67,"x",DL67,"x",DM67,"x",DN67,"x",DO67,"x",DP67,"x",DQ67,"x",DR67,"x",DS67,"x",DT67,"x",DU67,"x",DV67,"x",DW67,"x",DX67,"x",DY67,"x",DZ67,"x",EA67,"x",EB67,"x",EC67,"x") -> xxxxxxxxxxxxxxxxxxxxxxxxxxxxxxxxxxxxxxxxxxxxxxxxxxxxxxxxxxxxxxxxxxxxxxxxxxxxxxxxxxxxxxxxxxxxxxxxxxxxxxxxxxxxxxxxxxxxxxxxxxxxxxxx
A68: 2196 | B68: Ka Ora, Ka Ako - Healthy School Lunches Programme | C68: =SUMPRODUCT(SUMIF('Sch Parent Trial Balance Input'!$A:$A,'Sch Parent TB Converter'!$G68:$EC68,'Sch Parent Trial Balance Input'!C:C)) -> 0 | D68: =SUMPRODUCT(SUMIF('Sch Parent Trial Balance Input'!$A:$A,'Sch Parent TB Converter'!$G68:$EC68,'Sch Parent Trial Balance Input'!D:D)) -> 0 | E68: =SUMPRODUCT(SUMIF('Sch Parent Trial Balance Input'!$A:$A,'Sch Parent TB Converter'!$G68:$EC68,'Sch Parent Trial Balance Input'!E:E)) -> 0 | ED68: =CONCATENATE("x",G68,"x",H68,"x",I68,"x",J68,"x",K68,"x",L68,"x",M68,"x",N68,"x",O68,"x",P68,"x",Q68,"x",R68,"x",S68,"x",T68,"x",U68,"x",V68,"x",W68,"x",X68,"x",Y68,"x",Z68,"x",AA68,"x",AB68,"x",AC68,"x",AD68,"x",AE68,"x",AF68,"x",AG68,"x",AH68,"x",AI68,"x",AJ68,"x",AK68,"x",AL68,"x",AM68,"x",AN68,"x",AO68,"x",AP68,"x",AQ68,"x",AR68,"x",AS68,"x",AT68,"x",AU68,"x",AV68,"x",AW68,"x",AX68,"x",AY68,"x",AZ68,"x",BA68,"x",BB68,"x",BC68,"x",BD68,"x",BE68,"x",BF68,"x",BG68,"x",BH68,"x",BI68,"x",BJ68,"x",BK68,"x",BL68,"x",BM68,"x",BN68,"x",BO68,"x",BP68,"x",BQ68,"x",BR68,"x",BS68,"x",BT68,"x",BU68,"x",BV68,"x",BW68,"x",BX68,"x",BY68,"x",BZ68,"x",CA68,"x",CB68,"x",CC68,"x",CD68,"x",CE68,"x",CF68,"x",CG68,"x",CH68,"x",CI68,"x",CJ68,"x",CK68,"x",CL68,"x",CM68,"x",CN68,"x",CO68,"x",CP68,"x",CQ68,"x",CR68,"x",CS68,"x",CT68,"x",CU68,"x",CV68,"x",CW68,"x",CX68,"x",CY68,"x",CZ68,"x",DA68,"x",DB68,"x",DC68,"x",DD68,"x",DE68,"x",DF68,"x",DG68,"x",DH68,"x",DI68,"x",DJ68,"x",DK68,"x",DL68,"x",DM68,"x",DN68,"x",DO68,"x",DP68,"x",DQ68,"x",DR68,"x",DS68,"x",DT68,"x",DU68,"x",DV68,"x",DW68,"x",DX68,"x",DY68,"x",DZ68,"x",EA68,"x",EB68,"x",EC68,"x") -> xxxxxxxxxxxxxxxxxxxxxxxxxxxxxxxxxxxxxxxxxxxxxxxxxxxxxxxxxxxxxxxxxxxxxxxxxxxxxxxxxxxxxxxxxxxxxxxxxxxxxxxxxxxxxxxxxxxxxxxxxxxxxxxx
ED69: =CONCATENATE("x",G69,"x",H69,"x",I69,"x",J69,"x",K69,"x",L69,"x",M69,"x",N69,"x",O69,"x",P69,"x",Q69,"x",R69,"x",S69,"x",T69,"x",U69,"x",V69,"x",W69,"x",X69,"x",Y69,"x",Z69,"x",AA69,"x",AB69,"x",AC69,"x",AD69,"x",AE69,"x",AF69,"x",AG69,"x",AH69,"x",AI69,"x",AJ69,"x",AK69,"x",AL69,"x",AM69,"x",AN69,"x",AO69,"x",AP69,"x",AQ69,"x",AR69,"x",AS69,"x",AT69,"x",AU69,"x",AV69,"x",AW69,"x",AX69,"x",AY69,"x",AZ69,"x",BA69,"x",BB69,"x",BC69,"x",BD69,"x",BE69,"x",BF69,"x",BG69,"x",BH69,"x",BI69,"x",BJ69,"x",BK69,"x",BL69,"x",BM69,"x",BN69,"x",BO69,"x",BP69,"x",BQ69,"x",BR69,"x",BS69,"x",BT69,"x",BU69,"x",BV69,"x",BW69,"x",BX69,"x",BY69,"x",BZ69,"x",CA69,"x",CB69,"x",CC69,"x",CD69,"x",CE69,"x",CF69,"x",CG69,"x",CH69,"x",CI69,"x",CJ69,"x",CK69,"x",CL69,"x",CM69,"x",CN69,"x",CO69,"x",CP69,"x",CQ69,"x",CR69,"x",CS69,"x",CT69,"x",CU69,"x",CV69,"x",CW69,"x",CX69,"x",CY69,"x",CZ69,"x",DA69,"x",DB69,"x",DC69,"x",DD69,"x",DE69,"x",DF69,"x",DG69,"x",DH69,"x",DI69,"x",DJ69,"x",DK69,"x",DL69,"x",DM69,"x",DN69,"x",DO69,"x",DP69,"x",DQ69,"x",DR69,"x",DS69,"x",DT69,"x",DU69,"x",DV69,"x",DW69,"x",DX69,"x",DY69,"x",DZ69,"x",EA69,"x",EB69,"x",EC69,"x") -> xxxxxxxxxxxxxxxxxxxxxxxxxxxxxxxxxxxxxxxxxxxxxxxxxxxxxxxxxxxxxxxxxxxxxxxxxxxxxxxxxxxxxxxxxxxxxxxxxxxxxxxxxxxxxxxxxxxxxxxxxxxxxxxx
B70: 6. Other Revenue and Expenses | ED70: =CONCATENATE("x",G70,"x",H70,"x",I70,"x",J70,"x",K70,"x",L70,"x",M70,"x",N70,"x",O70,"x",P70,"x",Q70,"x",R70,"x",S70,"x",T70,"x",U70,"x",V70,"x",W70,"x",X70,"x",Y70,"x",Z70,"x",AA70,"x",AB70,"x",AC70,"x",AD70,"x",AE70,"x",AF70,"x",AG70,"x",AH70,"x",AI70,"x",AJ70,"x",AK70,"x",AL70,"x",AM70,"x",AN70,"x",AO70,"x",AP70,"x",AQ70,"x",AR70,"x",AS70,"x",AT70,"x",AU70,"x",AV70,"x",AW70,"x",AX70,"x",AY70,"x",AZ70,"x",BA70,"x",BB70,"x",BC70,"x",BD70,"x",BE70,"x",BF70,"x",BG70,"x",BH70,"x",BI70,"x",BJ70,"x",BK70,"x",BL70,"x",BM70,"x",BN70,"x",BO70,"x",BP70,"x",BQ70,"x",BR70,"x",BS70,"x",BT70,"x",BU70,"x",BV70,"x",BW70,"x",BX70,"x",BY70,"x",BZ70,"x",CA70,"x",CB70,"x",CC70,"x",CD70,"x",CE70,"x",CF70,"x",CG70,"x",CH70,"x",CI70,"x",CJ70,"x",CK70,"x",CL70,"x",CM70,"x",CN70,"x",CO70,"x",CP70,"x",CQ70,"x",CR70,"x",CS70,"x",CT70,"x",CU70,"x",CV70,"x",CW70,"x",CX70,"x",CY70,"x",CZ70,"x",DA70,"x",DB70,"x",DC70,"x",DD70,"x",DE70,"x",DF70,"x",DG70,"x",DH70,"x",DI70,"x",DJ70,"x",DK70,"x",DL70,"x",DM70,"x",DN70,"x",DO70,"x",DP70,"x",DQ70,"x",DR70,"x",DS70,"x",DT70,"x",DU70,"x",DV70,"x",DW70,"x",DX70,"x",DY70,"x",DZ70,"x",EA70,"x",EB70,"x",EC70,"x") -> xxxxxxxxxxxxxxxxxxxxxxxxxxxxxxxxxxxxxxxxxxxxxxxxxxxxxxxxxxxxxxxxxxxxxxxxxxxxxxxxxxxxxxxxxxxxxxxxxxxxxxxxxxxxxxxxxxxxxxxxxxxxxxxx
B71: Revenue | ED71: =CONCATENATE("x",G71,"x",H71,"x",I71,"x",J71,"x",K71,"x",L71,"x",M71,"x",N71,"x",O71,"x",P71,"x",Q71,"x",R71,"x",S71,"x",T71,"x",U71,"x",V71,"x",W71,"x",X71,"x",Y71,"x",Z71,"x",AA71,"x",AB71,"x",AC71,"x",AD71,"x",AE71,"x",AF71,"x",AG71,"x",AH71,"x",AI71,"x",AJ71,"x",AK71,"x",AL71,"x",AM71,"x",AN71,"x",AO71,"x",AP71,"x",AQ71,"x",AR71,"x",AS71,"x",AT71,"x",AU71,"x",AV71,"x",AW71,"x",AX71,"x",AY71,"x",AZ71,"x",BA71,"x",BB71,"x",BC71,"x",BD71,"x",BE71,"x",BF71,"x",BG71,"x",BH71,"x",BI71,"x",BJ71,"x",BK71,"x",BL71,"x",BM71,"x",BN71,"x",BO71,"x",BP71,"x",BQ71,"x",BR71,"x",BS71,"x",BT71,"x",BU71,"x",BV71,"x",BW71,"x",BX71,"x",BY71,"x",BZ71,"x",CA71,"x",CB71,"x",CC71,"x",CD71,"x",CE71,"x",CF71,"x",CG71,"x",CH71,"x",CI71,"x",CJ71,"x",CK71,"x",CL71,"x",CM71,"x",CN71,"x",CO71,"x",CP71,"x",CQ71,"x",CR71,"x",CS71,"x",CT71,"x",CU71,"x",CV71,"x",CW71,"x",CX71,"x",CY71,"x",CZ71,"x",DA71,"x",DB71,"x",DC71,"x",DD71,"x",DE71,"x",DF71,"x",DG71,"x",DH71,"x",DI71,"x",DJ71,"x",DK71,"x",DL71,"x",DM71,"x",DN71,"x",DO71,"x",DP71,"x",DQ71,"x",DR71,"x",DS71,"x",DT71,"x",DU71,"x",DV71,"x",DW71,"x",DX71,"x",DY71,"x",DZ71,"x",EA71,"x",EB71,"x",EC71,"x") -> xxxxxxxxxxxxxxxxxxxxxxxxxxxxxxxxxxxxxxxxxxxxxxxxxxxxxxxxxxxxxxxxxxxxxxxxxxxxxxxxxxxxxxxxxxxxxxxxxxxxxxxxxxxxxxxxxxxxxxxxxxxxxxxx
A72: 1710 | B72: Gain/Loss on Sale of Assets | C72: =SUMPRODUCT(SUMIF('Sch Parent Trial Balance Input'!$A:$A,'Sch Parent TB Converter'!$G72:$EC72,'Sch Parent Trial Balance Input'!C:C)) -> 0 | D72: =SUMPRODUCT(SUMIF('Sch Parent Trial Balance Input'!$A:$A,'Sch Parent TB Converter'!$G72:$EC72,'Sch Parent Trial Balance Input'!D:D)) -> 0 | E72: =SUMPRODUCT(SUMIF('Sch Parent Trial Balance Input'!$A:$A,'Sch Parent TB Converter'!$G72:$EC72,'Sch Parent Trial Balance Input'!E:E)) -> 0 | ED72: =CONCATENATE("x",G72,"x",H72,"x",I72,"x",J72,"x",K72,"x",L72,"x",M72,"x",N72,"x",O72,"x",P72,"x",Q72,"x",R72,"x",S72,"x",T72,"x",U72,"x",V72,"x",W72,"x",X72,"x",Y72,"x",Z72,"x",AA72,"x",AB72,"x",AC72,"x",AD72,"x",AE72,"x",AF72,"x",AG72,"x",AH72,"x",AI72,"x",AJ72,"x",AK72,"x",AL72,"x",AM72,"x",AN72,"x",AO72,"x",AP72,"x",AQ72,"x",AR72,"x",AS72,"x",AT72,"x",AU72,"x",AV72,"x",AW72,"x",AX72,"x",AY72,"x",AZ72,"x",BA72,"x",BB72,"x",BC72,"x",BD72,"x",BE72,"x",BF72,"x",BG72,"x",BH72,"x",BI72,"x",BJ72,"x",BK72,"x",BL72,"x",BM72,"x",BN72,"x",BO72,"x",BP72,"x",BQ72,"x",BR72,"x",BS72,"x",BT72,"x",BU72,"x",BV72,"x",BW72,"x",BX72,"x",BY72,"x",BZ72,"x",CA72,"x",CB72,"x",CC72,"x",CD72,"x",CE72,"x",CF72,"x",CG72,"x",CH72,"x",CI72,"x",CJ72,"x",CK72,"x",CL72,"x",CM72,"x",CN72,"x",CO72,"x",CP72,"x",CQ72,"x",CR72,"x",CS72,"x",CT72,"x",CU72,"x",CV72,"x",CW72,"x",CX72,"x",CY72,"x",CZ72,"x",DA72,"x",DB72,"x",DC72,"x",DD72,"x",DE72,"x",DF72,"x",DG72,"x",DH72,"x",DI72,"x",DJ72,"x",DK72,"x",DL72,"x",DM72,"x",DN72,"x",DO72,"x",DP72,"x",DQ72,"x",DR72,"x",DS72,"x",DT72,"x",DU72,"x",DV72,"x",DW72,"x",DX72,"x",DY72,"x",DZ72,"x",EA72,"x",EB72,"x",EC72,"x") -> xxxxxxxxxxxxxxxxxxxxxxxxxxxxxxxxxxxxxxxxxxxxxxxxxxxxxxxxxxxxxxxxxxxxxxxxxxxxxxxxxxxxxxxxxxxxxxxxxxxxxxxxxxxxxxxxxxxxxxxxxxxxxxxx
A73: 1320 | B73: Interest Received | C73: =SUMPRODUCT(SUMIF('Sch Parent Trial Balance Input'!$A:$A,'Sch Parent TB Converter'!$G73:$EC73,'Sch Parent Trial Balance Input'!C:C)) -> 0 | D73: =SUMPRODUCT(SUMIF('Sch Parent Trial Balance Input'!$A:$A,'Sch Parent TB Converter'!$G73:$EC73,'Sch Parent Trial Balance Input'!D:D)) -> 0 | E73: =SUMPRODUCT(SUMIF('Sch Parent Trial Balance Input'!$A:$A,'Sch Parent TB Converter'!$G73:$EC73,'Sch Parent Trial Balance Input'!E:E)) -> 0 | ED73: =CONCATENATE("x",G73,"x",H73,"x",I73,"x",J73,"x",K73,"x",L73,"x",M73,"x",N73,"x",O73,"x",P73,"x",Q73,"x",R73,"x",S73,"x",T73,"x",U73,"x",V73,"x",W73,"x",X73,"x",Y73,"x",Z73,"x",AA73,"x",AB73,"x",AC73,"x",AD73,"x",AE73,"x",AF73,"x",AG73,"x",AH73,"x",AI73,"x",AJ73,"x",AK73,"x",AL73,"x",AM73,"x",AN73,"x",AO73,"x",AP73,"x",AQ73,"x",AR73,"x",AS73,"x",AT73,"x",AU73,"x",AV73,"x",AW73,"x",AX73,"x",AY73,"x",AZ73,"x",BA73,"x",BB73,"x",BC73,"x",BD73,"x",BE73,"x",BF73,"x",BG73,"x",BH73,"x",BI73,"x",BJ73,"x",BK73,"x",BL73,"x",BM73,"x",BN73,"x",BO73,"x",BP73,"x",BQ73,"x",BR73,"x",BS73,"x",BT73,"x",BU73,"x",BV73,"x",BW73,"x",BX73,"x",BY73,"x",BZ73,"x",CA73,"x",CB73,"x",CC73,"x",CD73,"x",CE73,"x",CF73,"x",CG73,"x",CH73,"x",CI73,"x",CJ73,"x",CK73,"x",CL73,"x",CM73,"x",CN73,"x",CO73,"x",CP73,"x",CQ73,"x",CR73,"x",CS73,"x",CT73,"x",CU73,"x",CV73,"x",CW73,"x",CX73,"x",CY73,"x",CZ73,"x",DA73,"x",DB73,"x",DC73,"x",DD73,"x",DE73,"x",DF73,"x",DG73,"x",DH73,"x",DI73,"x",DJ73,"x",DK73,"x",DL73,"x",DM73,"x",DN73,"x",DO73,"x",DP73,"x",DQ73,"x",DR73,"x",DS73,"x",DT73,"x",DU73,"x",DV73,"x",DW73,"x",DX73,"x",DY73,"x",DZ73,"x",EA73,"x",EB73,"x",EC73,"x") -> xxxxxxxxxxxxxxxxxxxxxxxxxxxxxxxxxxxxxxxxxxxxxxxxxxxxxxxxxxxxxxxxxxxxxxxxxxxxxxxxxxxxxxxxxxxxxxxxxxxxxxxxxxxxxxxxxxxxxxxxxxxxxxxx
A74: 1330 | B74: Other Investment Income | C74: =SUMPRODUCT(SUMIF('Sch Parent Trial Balance Input'!$A:$A,'Sch Parent TB Converter'!$G74:$EC74,'Sch Parent Trial Balance Input'!C:C)) -> 0 | D74: =SUMPRODUCT(SUMIF('Sch Parent Trial Balance Input'!$A:$A,'Sch Parent TB Converter'!$G74:$EC74,'Sch Parent Trial Balance Input'!D:D)) -> 0 | E74: =SUMPRODUCT(SUMIF('Sch Parent Trial Balance Input'!$A:$A,'Sch Parent TB Converter'!$G74:$EC74,'Sch Parent Trial Balance Input'!E:E)) -> 0 | ED74: =CONCATENATE("x",G74,"x",H74,"x",I74,"x",J74,"x",K74,"x",L74,"x",M74,"x",N74,"x",O74,"x",P74,"x",Q74,"x",R74,"x",S74,"x",T74,"x",U74,"x",V74,"x",W74,"x",X74,"x",Y74,"x",Z74,"x",AA74,"x",AB74,"x",AC74,"x",AD74,"x",AE74,"x",AF74,"x",AG74,"x",AH74,"x",AI74,"x",AJ74,"x",AK74,"x",AL74,"x",AM74,"x",AN74,"x",AO74,"x",AP74,"x",AQ74,"x",AR74,"x",AS74,"x",AT74,"x",AU74,"x",AV74,"x",AW74,"x",AX74,"x",AY74,"x",AZ74,"x",BA74,"x",BB74,"x",BC74,"x",BD74,"x",BE74,"x",BF74,"x",BG74,"x",BH74,"x",BI74,"x",BJ74,"x",BK74,"x",BL74,"x",BM74,"x",BN74,"x",BO74,"x",BP74,"x",BQ74,"x",BR74,"x",BS74,"x",BT74,"x",BU74,"x",BV74,"x",BW74,"x",BX74,"x",BY74,"x",BZ74,"x",CA74,"x",CB74,"x",CC74,"x",CD74,"x",CE74,"x",CF74,"x",CG74,"x",CH74,"x",CI74,"x",CJ74,"x",CK74,"x",CL74,"x",CM74,"x",CN74,"x",CO74,"x",CP74,"x",CQ74,"x",CR74,"x",CS74,"x",CT74,"x",CU74,"x",CV74,"x",CW74,"x",CX74,"x",CY74,"x",CZ74,"x",DA74,"x",DB74,"x",DC74,"x",DD74,"x",DE74,"x",DF74,"x",DG74,"x",DH74,"x",DI74,"x",DJ74,"x",DK74,"x",DL74,"x",DM74,"x",DN74,"x",DO74,"x",DP74,"x",DQ74,"x",DR74,"x",DS74,"x",DT74,"x",DU74,"x",DV74,"x",DW74,"x",DX74,"x",DY74,"x",DZ74,"x",EA74,"x",EB74,"x",EC74,"x") -> xxxxxxxxxxxxxxxxxxxxxxxxxxxxxxxxxxxxxxxxxxxxxxxxxxxxxxxxxxxxxxxxxxxxxxxxxxxxxxxxxxxxxxxxxxxxxxxxxxxxxxxxxxxxxxxxxxxxxxxxxxxxxxxx
A75: 1720 | B75: Other Revenue | C75: =SUMPRODUCT(SUMIF('Sch Parent Trial Balance Input'!$A:$A,'Sch Parent TB Converter'!$G75:$EC75,'Sch Parent Trial Balance Input'!C:C)) -> 0 | D75: =SUMPRODUCT(SUMIF('Sch Parent Trial Balance Input'!$A:$A,'Sch Parent TB Converter'!$G75:$EC75,'Sch Parent Trial Balance Input'!D:D)) -> 0 | E75: =SUMPRODUCT(SUMIF('Sch Parent Trial Balance Input'!$A:$A,'Sch Parent TB Converter'!$G75:$EC75,'Sch Parent Trial Balance Input'!E:E)) -> 0 | ED75: =CONCATENATE("x",G75,"x",H75,"x",I75,"x",J75,"x",K75,"x",L75,"x",M75,"x",N75,"x",O75,"x",P75,"x",Q75,"x",R75,"x",S75,"x",T75,"x",U75,"x",V75,"x",W75,"x",X75,"x",Y75,"x",Z75,"x",AA75,"x",AB75,"x",AC75,"x",AD75,"x",AE75,"x",AF75,"x",AG75,"x",AH75,"x",AI75,"x",AJ75,"x",AK75,"x",AL75,"x",AM75,"x",AN75,"x",AO75,"x",AP75,"x",AQ75,"x",AR75,"x",AS75,"x",AT75,"x",AU75,"x",AV75,"x",AW75,"x",AX75,"x",AY75,"x",AZ75,"x",BA75,"x",BB75,"x",BC75,"x",BD75,"x",BE75,"x",BF75,"x",BG75,"x",BH75,"x",BI75,"x",BJ75,"x",BK75,"x",BL75,"x",BM75,"x",BN75,"x",BO75,"x",BP75,"x",BQ75,"x",BR75,"x",BS75,"x",BT75,"x",BU75,"x",BV75,"x",BW75,"x",BX75,"x",BY75,"x",BZ75,"x",CA75,"x",CB75,"x",CC75,"x",CD75,"x",CE75,"x",CF75,"x",CG75,"x",CH75,"x",CI75,"x",CJ75,"x",CK75,"x",CL75,"x",CM75,"x",CN75,"x",CO75,"x",CP75,"x",CQ75,"x",CR75,"x",CS75,"x",CT75,"x",CU75,"x",CV75,"x",CW75,"x",CX75,"x",CY75,"x",CZ75,"x",DA75,"x",DB75,"x",DC75,"x",DD75,"x",DE75,"x",DF75,"x",DG75,"x",DH75,"x",DI75,"x",DJ75,"x",DK75,"x",DL75,"x",DM75,"x",DN75,"x",DO75,"x",DP75,"x",DQ75,"x",DR75,"x",DS75,"x",DT75,"x",DU75,"x",DV75,"x",DW75,"x",DX75,"x",DY75,"x",DZ75,"x",EA75,"x",EB75,"x",EC75,"x") -> xxxxxxxxxxxxxxxxxxxxxxxxxxxxxxxxxxxxxxxxxxxxxxxxxxxxxxxxxxxxxxxxxxxxxxxxxxxxxxxxxxxxxxxxxxxxxxxxxxxxxxxxxxxxxxxxxxxxxxxxxxxxxxxx
A76: 1703 | B76: Use of Land and Buildings Integrated | C76: =SUMPRODUCT(SUMIF('Sch Parent Trial Balance Input'!$A:$A,'Sch Parent TB Converter'!$G76:$EC76,'Sch Parent Trial Balance Input'!C:C)) -> 0 | D76: =SUMPRODUCT(SUMIF('Sch Parent Trial Balance Input'!$A:$A,'Sch Parent TB Converter'!$G76:$EC76,'Sch Parent Trial Balance Input'!D:D)) -> 0 | E76: =SUMPRODUCT(SUMIF('Sch Parent Trial Balance Input'!$A:$A,'Sch Parent TB Converter'!$G76:$EC76,'Sch Parent Trial Balance Input'!E:E)) -> 0 | ED76: =CONCATENATE("x",G76,"x",H76,"x",I76,"x",J76,"x",K76,"x",L76,"x",M76,"x",N76,"x",O76,"x",P76,"x",Q76,"x",R76,"x",S76,"x",T76,"x",U76,"x",V76,"x",W76,"x",X76,"x",Y76,"x",Z76,"x",AA76,"x",AB76,"x",AC76,"x",AD76,"x",AE76,"x",AF76,"x",AG76,"x",AH76,"x",AI76,"x",AJ76,"x",AK76,"x",AL76,"x",AM76,"x",AN76,"x",AO76,"x",AP76,"x",AQ76,"x",AR76,"x",AS76,"x",AT76,"x",AU76,"x",AV76,"x",AW76,"x",AX76,"x",AY76,"x",AZ76,"x",BA76,"x",BB76,"x",BC76,"x",BD76,"x",BE76,"x",BF76,"x",BG76,"x",BH76,"x",BI76,"x",BJ76,"x",BK76,"x",BL76,"x",BM76,"x",BN76,"x",BO76,"x",BP76,"x",BQ76,"x",BR76,"x",BS76,"x",BT76,"x",BU76,"x",BV76,"x",BW76,"x",BX76,"x",BY76,"x",BZ76,"x",CA76,"x",CB76,"x",CC76,"x",CD76,"x",CE76,"x",CF76,"x",CG76,"x",CH76,"x",CI76,"x",CJ76,"x",CK76,"x",CL76,"x",CM76,"x",CN76,"x",CO76,"x",CP76,"x",CQ76,"x",CR76,"x",CS76,"x",CT76,"x",CU76,"x",CV76,"x",CW76,"x",CX76,"x",CY76,"x",CZ76,"x",DA76,"x",DB76,"x",DC76,"x",DD76,"x",DE76,"x",DF76,"x",DG76,"x",DH76,"x",DI76,"x",DJ76,"x",DK76,"x",DL76,"x",DM76,"x",DN76,"x",DO76,"x",DP76,"x",DQ76,"x",DR76,"x",DS76,"x",DT76,"x",DU76,"x",DV76,"x",DW76,"x",DX76,"x",DY76,"x",DZ76,"x",EA76,"x",EB76,"x",EC76,"x") -> xxxxxxxxxxxxxxxxxxxxxxxxxxxxxxxxxxxxxxxxxxxxxxxxxxxxxxxxxxxxxxxxxxxxxxxxxxxxxxxxxxxxxxxxxxxxxxxxxxxxxxxxxxxxxxxxxxxxxxxxxxxxxxxx
ED77: =CONCATENATE("x",G77,"x",H77,"x",I77,"x",J77,"x",K77,"x",L77,"x",M77,"x",N77,"x",O77,"x",P77,"x",Q77,"x",R77,"x",S77,"x",T77,"x",U77,"x",V77,"x",W77,"x",X77,"x",Y77,"x",Z77,"x",AA77,"x",AB77,"x",AC77,"x",AD77,"x",AE77,"x",AF77,"x",AG77,"x",AH77,"x",AI77,"x",AJ77,"x",AK77,"x",AL77,"x",AM77,"x",AN77,"x",AO77,"x",AP77,"x",AQ77,"x",AR77,"x",AS77,"x",AT77,"x",AU77,"x",AV77,"x",AW77,"x",AX77,"x",AY77,"x",AZ77,"x",BA77,"x",BB77,"x",BC77,"x",BD77,"x",BE77,"x",BF77,"x",BG77,"x",BH77,"x",BI77,"x",BJ77,"x",BK77,"x",BL77,"x",BM77,"x",BN77,"x",BO77,"x",BP77,"x",BQ77,"x",BR77,"x",BS77,"x",BT77,"x",BU77,"x",BV77,"x",BW77,"x",BX77,"x",BY77,"x",BZ77,"x",CA77,"x",CB77,"x",CC77,"x",CD77,"x",CE77,"x",CF77,"x",CG77,"x",CH77,"x",CI77,"x",CJ77,"x",CK77,"x",CL77,"x",CM77,"x",CN77,"x",CO77,"x",CP77,"x",CQ77,"x",CR77,"x",CS77,"x",CT77,"x",CU77,"x",CV77,"x",CW77,"x",CX77,"x",CY77,"x",CZ77,"x",DA77,"x",DB77,"x",DC77,"x",DD77,"x",DE77,"x",DF77,"x",DG77,"x",DH77,"x",DI77,"x",DJ77,"x",DK77,"x",DL77,"x",DM77,"x",DN77,"x",DO77,"x",DP77,"x",DQ77,"x",DR77,"x",DS77,"x",DT77,"x",DU77,"x",DV77,"x",DW77,"x",DX77,"x",DY77,"x",DZ77,"x",EA77,"x",EB77,"x",EC77,"x") -> xxxxxxxxxxxxxxxxxxxxxxxxxxxxxxxxxxxxxxxxxxxxxxxxxxxxxxxxxxxxxxxxxxxxxxxxxxxxxxxxxxxxxxxxxxxxxxxxxxxxxxxxxxxxxxxxxxxxxxxxxxxxxxxx
B78: Expenses | ED78: =CONCATENATE("x",G78,"x",H78,"x",I78,"x",J78,"x",K78,"x",L78,"x",M78,"x",N78,"x",O78,"x",P78,"x",Q78,"x",R78,"x",S78,"x",T78,"x",U78,"x",V78,"x",W78,"x",X78,"x",Y78,"x",Z78,"x",AA78,"x",AB78,"x",AC78,"x",AD78,"x",AE78,"x",AF78,"x",AG78,"x",AH78,"x",AI78,"x",AJ78,"x",AK78,"x",AL78,"x",AM78,"x",AN78,"x",AO78,"x",AP78,"x",AQ78,"x",AR78,"x",AS78,"x",AT78,"x",AU78,"x",AV78,"x",AW78,"x",AX78,"x",AY78,"x",AZ78,"x",BA78,"x",BB78,"x",BC78,"x",BD78,"x",BE78,"x",BF78,"x",BG78,"x",BH78,"x",BI78,"x",BJ78,"x",BK78,"x",BL78,"x",BM78,"x",BN78,"x",BO78,"x",BP78,"x",BQ78,"x",BR78,"x",BS78,"x",BT78,"x",BU78,"x",BV78,"x",BW78,"x",BX78,"x",BY78,"x",BZ78,"x",CA78,"x",CB78,"x",CC78,"x",CD78,"x",CE78,"x",CF78,"x",CG78,"x",CH78,"x",CI78,"x",CJ78,"x",CK78,"x",CL78,"x",CM78,"x",CN78,"x",CO78,"x",CP78,"x",CQ78,"x",CR78,"x",CS78,"x",CT78,"x",CU78,"x",CV78,"x",CW78,"x",CX78,"x",CY78,"x",CZ78,"x",DA78,"x",DB78,"x",DC78,"x",DD78,"x",DE78,"x",DF78,"x",DG78,"x",DH78,"x",DI78,"x",DJ78,"x",DK78,"x",DL78,"x",DM78,"x",DN78,"x",DO78,"x",DP78,"x",DQ78,"x",DR78,"x",DS78,"x",DT78,"x",DU78,"x",DV78,"x",DW78,"x",DX78,"x",DY78,"x",DZ78,"x",EA78,"x",EB78,"x",EC78,"x") -> xxxxxxxxxxxxxxxxxxxxxxxxxxxxxxxxxxxxxxxxxxxxxxxxxxxxxxxxxxxxxxxxxxxxxxxxxxxxxxxxxxxxxxxxxxxxxxxxxxxxxxxxxxxxxxxxxxxxxxxxxxxxxxxx
A79: 2090 | B79: Interest | C79: =SUMPRODUCT(SUMIF('Sch Parent Trial Balance Input'!$A:$A,'Sch Parent TB Converter'!$G79:$EC79,'Sch Parent Trial Balance Input'!C:C)) -> 0 | D79: =SUMPRODUCT(SUMIF('Sch Parent Trial Balance Input'!$A:$A,'Sch Parent TB Converter'!$G79:$EC79,'Sch Parent Trial Balance Input'!D:D)) -> 0 | E79: =SUMPRODUCT(SUMIF('Sch Parent Trial Balance Input'!$A:$A,'Sch Parent TB Converter'!$G79:$EC79,'Sch Parent Trial Balance Input'!E:E)) -> 0 | ED79: =CONCATENATE("x",G79,"x",H79,"x",I79,"x",J79,"x",K79,"x",L79,"x",M79,"x",N79,"x",O79,"x",P79,"x",Q79,"x",R79,"x",S79,"x",T79,"x",U79,"x",V79,"x",W79,"x",X79,"x",Y79,"x",Z79,"x",AA79,"x",AB79,"x",AC79,"x",AD79,"x",AE79,"x",AF79,"x",AG79,"x",AH79,"x",AI79,"x",AJ79,"x",AK79,"x",AL79,"x",AM79,"x",AN79,"x",AO79,"x",AP79,"x",AQ79,"x",AR79,"x",AS79,"x",AT79,"x",AU79,"x",AV79,"x",AW79,"x",AX79,"x",AY79,"x",AZ79,"x",BA79,"x",BB79,"x",BC79,"x",BD79,"x",BE79,"x",BF79,"x",BG79,"x",BH79,"x",BI79,"x",BJ79,"x",BK79,"x",BL79,"x",BM79,"x",BN79,"x",BO79,"x",BP79,"x",BQ79,"x",BR79,"x",BS79,"x",BT79,"x",BU79,"x",BV79,"x",BW79,"x",BX79,"x",BY79,"x",BZ79,"x",CA79,"x",CB79,"x",CC79,"x",CD79,"x",CE79,"x",CF79,"x",CG79,"x",CH79,"x",CI79,"x",CJ79,"x",CK79,"x",CL79,"x",CM79,"x",CN79,"x",CO79,"x",CP79,"x",CQ79,"x",CR79,"x",CS79,"x",CT79,"x",CU79,"x",CV79,"x",CW79,"x",CX79,"x",CY79,"x",CZ79,"x",DA79,"x",DB79,"x",DC79,"x",DD79,"x",DE79,"x",DF79,"x",DG79,"x",DH79,"x",DI79,"x",DJ79,"x",DK79,"x",DL79,"x",DM79,"x",DN79,"x",DO79,"x",DP79,"x",DQ79,"x",DR79,"x",DS79,"x",DT79,"x",DU79,"x",DV79,"x",DW79,"x",DX79,"x",DY79,"x",DZ79,"x",EA79,"x",EB79,"x",EC79,"x") -> xxxxxxxxxxxxxxxxxxxxxxxxxxxxxxxxxxxxxxxxxxxxxxxxxxxxxxxxxxxxxxxxxxxxxxxxxxxxxxxxxxxxxxxxxxxxxxxxxxxxxxxxxxxxxxxxxxxxxxxxxxxxxxxx
A80: 2084 | B80: Impairment of PPE | C80: =SUMPRODUCT(SUMIF('Sch Parent Trial Balance Input'!$A:$A,'Sch Parent TB Converter'!$G80:$EC80,'Sch Parent Trial Balance Input'!C:C)) -> 0 | D80: =SUMPRODUCT(SUMIF('Sch Parent Trial Balance Input'!$A:$A,'Sch Parent TB Converter'!$G80:$EC80,'Sch Parent Trial Balance Input'!D:D)) -> 0 | E80: =SUMPRODUCT(SUMIF('Sch Parent Trial Balance Input'!$A:$A,'Sch Parent TB Converter'!$G80:$EC80,'Sch Parent Trial Balance Input'!E:E)) -> 0 | ED80: =CONCATENATE("x",G80,"x",H80,"x",I80,"x",J80,"x",K80,"x",L80,"x",M80,"x",N80,"x",O80,"x",P80,"x",Q80,"x",R80,"x",S80,"x",T80,"x",U80,"x",V80,"x",W80,"x",X80,"x",Y80,"x",Z80,"x",AA80,"x",AB80,"x",AC80,"x",AD80,"x",AE80,"x",AF80,"x",AG80,"x",AH80,"x",AI80,"x",AJ80,"x",AK80,"x",AL80,"x",AM80,"x",AN80,"x",AO80,"x",AP80,"x",AQ80,"x",AR80,"x",AS80,"x",AT80,"x",AU80,"x",AV80,"x",AW80,"x",AX80,"x",AY80,"x",AZ80,"x",BA80,"x",BB80,"x",BC80,"x",BD80,"x",BE80,"x",BF80,"x",BG80,"x",BH80,"x",BI80,"x",BJ80,"x",BK80,"x",BL80,"x",BM80,"x",BN80,"x",BO80,"x",BP80,"x",BQ80,"x",BR80,"x",BS80,"x",BT80,"x",BU80,"x",BV80,"x",BW80,"x",BX80,"x",BY80,"x",BZ80,"x",CA80,"x",CB80,"x",CC80,"x",CD80,"x",CE80,"x",CF80,"x",CG80,"x",CH80,"x",CI80,"x",CJ80,"x",CK80,"x",CL80,"x",CM80,"x",CN80,"x",CO80,"x",CP80,"x",CQ80,"x",CR80,"x",CS80,"x",CT80,"x",CU80,"x",CV80,"x",CW80,"x",CX80,"x",CY80,"x",CZ80,"x",DA80,"x",DB80,"x",DC80,"x",DD80,"x",DE80,"x",DF80,"x",DG80,"x",DH80,"x",DI80,"x",DJ80,"x",DK80,"x",DL80,"x",DM80,"x",DN80,"x",DO80,"x",DP80,"x",DQ80,"x",DR80,"x",DS80,"x",DT80,"x",DU80,"x",DV80,"x",DW80,"x",DX80,"x",DY80,"x",DZ80,"x",EA80,"x",EB80,"x",EC80,"x") -> xxxxxxxxxxxxxxxxxxxxxxxxxxxxxxxxxxxxxxxxxxxxxxxxxxxxxxxxxxxxxxxxxxxxxxxxxxxxxxxxxxxxxxxxxxxxxxxxxxxxxxxxxxxxxxxxxxxxxxxxxxxxxxxx
A81: 2070 | B81: Loss on Disposal of Assets | C81: =SUMPRODUCT(SUMIF('Sch Parent Trial Balance Input'!$A:$A,'Sch Parent TB Converter'!$G81:$EC81,'Sch Parent Trial Balance Input'!C:C)) -> 0 | D81: =SUMPRODUCT(SUMIF('Sch Parent Trial Balance Input'!$A:$A,'Sch Parent TB Converter'!$G81:$EC81,'Sch Parent Trial Balance Input'!D:D)) -> 0 | E81: =SUMPRODUCT(SUMIF('Sch Parent Trial Balance Input'!$A:$A,'Sch Parent TB Converter'!$G81:$EC81,'Sch Parent Trial Balance Input'!E:E)) -> 0 | ED81: =CONCATENATE("x",G81,"x",H81,"x",I81,"x",J81,"x",K81,"x",L81,"x",M81,"x",N81,"x",O81,"x",P81,"x",Q81,"x",R81,"x",S81,"x",T81,"x",U81,"x",V81,"x",W81,"x",X81,"x",Y81,"x",Z81,"x",AA81,"x",AB81,"x",AC81,"x",AD81,"x",AE81,"x",AF81,"x",AG81,"x",AH81,"x",AI81,"x",AJ81,"x",AK81,"x",AL81,"x",AM81,"x",AN81,"x",AO81,"x",AP81,"x",AQ81,"x",AR81,"x",AS81,"x",AT81,"x",AU81,"x",AV81,"x",AW81,"x",AX81,"x",AY81,"x",AZ81,"x",BA81,"x",BB81,"x",BC81,"x",BD81,"x",BE81,"x",BF81,"x",BG81,"x",BH81,"x",BI81,"x",BJ81,"x",BK81,"x",BL81,"x",BM81,"x",BN81,"x",BO81,"x",BP81,"x",BQ81,"x",BR81,"x",BS81,"x",BT81,"x",BU81,"x",BV81,"x",BW81,"x",BX81,"x",BY81,"x",BZ81,"x",CA81,"x",CB81,"x",CC81,"x",CD81,"x",CE81,"x",CF81,"x",CG81,"x",CH81,"x",CI81,"x",CJ81,"x",CK81,"x",CL81,"x",CM81,"x",CN81,"x",CO81,"x",CP81,"x",CQ81,"x",CR81,"x",CS81,"x",CT81,"x",CU81,"x",CV81,"x",CW81,"x",CX81,"x",CY81,"x",CZ81,"x",DA81,"x",DB81,"x",DC81,"x",DD81,"x",DE81,"x",DF81,"x",DG81,"x",DH81,"x",DI81,"x",DJ81,"x",DK81,"x",DL81,"x",DM81,"x",DN81,"x",DO81,"x",DP81,"x",DQ81,"x",DR81,"x",DS81,"x",DT81,"x",DU81,"x",DV81,"x",DW81,"x",DX81,"x",DY81,"x",DZ81,"x",EA81,"x",EB81,"x",EC81,"x") -> xxxxxxxxxxxxxxxxxxxxxxxxxxxxxxxxxxxxxxxxxxxxxxxxxxxxxxxxxxxxxxxxxxxxxxxxxxxxxxxxxxxxxxxxxxxxxxxxxxxxxxxxxxxxxxxxxxxxxxxxxxxxxxxx
A82: 2082 | B82: Loss on Uncollectable Accounts Receivable | C82: =SUMPRODUCT(SUMIF('Sch Parent Trial Balance Input'!$A:$A,'Sch Parent TB Converter'!$G82:$EC82,'Sch Parent Trial Balance Input'!C:C)) -> 0 | D82: =SUMPRODUCT(SUMIF('Sch Parent Trial Balance Input'!$A:$A,'Sch Parent TB Converter'!$G82:$EC82,'Sch Parent Trial Balance Input'!D:D)) -> 0 | E82: =SUMPRODUCT(SUMIF('Sch Parent Trial Balance Input'!$A:$A,'Sch Parent TB Converter'!$G82:$EC82,'Sch Parent Trial Balance Input'!E:E)) -> 0 | ED82: =CONCATENATE("x",G82,"x",H82,"x",I82,"x",J82,"x",K82,"x",L82,"x",M82,"x",N82,"x",O82,"x",P82,"x",Q82,"x",R82,"x",S82,"x",T82,"x",U82,"x",V82,"x",W82,"x",X82,"x",Y82,"x",Z82,"x",AA82,"x",AB82,"x",AC82,"x",AD82,"x",AE82,"x",AF82,"x",AG82,"x",AH82,"x",AI82,"x",AJ82,"x",AK82,"x",AL82,"x",AM82,"x",AN82,"x",AO82,"x",AP82,"x",AQ82,"x",AR82,"x",AS82,"x",AT82,"x",AU82,"x",AV82,"x",AW82,"x",AX82,"x",AY82,"x",AZ82,"x",BA82,"x",BB82,"x",BC82,"x",BD82,"x",BE82,"x",BF82,"x",BG82,"x",BH82,"x",BI82,"x",BJ82,"x",BK82,"x",BL82,"x",BM82,"x",BN82,"x",BO82,"x",BP82,"x",BQ82,"x",BR82,"x",BS82,"x",BT82,"x",BU82,"x",BV82,"x",BW82,"x",BX82,"x",BY82,"x",BZ82,"x",CA82,"x",CB82,"x",CC82,"x",CD82,"x",CE82,"x",CF82,"x",CG82,"x",CH82,"x",CI82,"x",CJ82,"x",CK82,"x",CL82,"x",CM82,"x",CN82,"x",CO82,"x",CP82,"x",CQ82,"x",CR82,"x",CS82,"x",CT82,"x",CU82,"x",CV82,"x",CW82,"x",CX82,"x",CY82,"x",CZ82,"x",DA82,"x",DB82,"x",DC82,"x",DD82,"x",DE82,"x",DF82,"x",DG82,"x",DH82,"x",DI82,"x",DJ82,"x",DK82,"x",DL82,"x",DM82,"x",DN82,"x",DO82,"x",DP82,"x",DQ82,"x",DR82,"x",DS82,"x",DT82,"x",DU82,"x",DV82,"x",DW82,"x",DX82,"x",DY82,"x",DZ82,"x",EA82,"x",EB82,"x",EC82,"x") -> xxxxxxxxxxxxxxxxxxxxxxxxxxxxxxxxxxxxxxxxxxxxxxxxxxxxxxxxxxxxxxxxxxxxxxxxxxxxxxxxxxxxxxxxxxxxxxxxxxxxxxxxxxxxxxxxxxxxxxxxxxxxxxxx
A83: 2086 | B83: Impairment Loss - Other | C83: =SUMPRODUCT(SUMIF('Sch Parent Trial Balance Input'!$A:$A,'Sch Parent TB Converter'!$G83:$EC83,'Sch Parent Trial Balance Input'!C:C)) -> 0 | D83: =SUMPRODUCT(SUMIF('Sch Parent Trial Balance Input'!$A:$A,'Sch Parent TB Converter'!$G83:$EC83,'Sch Parent Trial Balance Input'!D:D)) -> 0 | E83: =SUMPRODUCT(SUMIF('Sch Parent Trial Balance Input'!$A:$A,'Sch Parent TB Converter'!$G83:$EC83,'Sch Parent Trial Balance Input'!E:E)) -> 0 | ED83: =CONCATENATE("x",G83,"x",H83,"x",I83,"x",J83,"x",K83,"x",L83,"x",M83,"x",N83,"x",O83,"x",P83,"x",Q83,"x",R83,"x",S83,"x",T83,"x",U83,"x",V83,"x",W83,"x",X83,"x",Y83,"x",Z83,"x",AA83,"x",AB83,"x",AC83,"x",AD83,"x",AE83,"x",AF83,"x",AG83,"x",AH83,"x",AI83,"x",AJ83,"x",AK83,"x",AL83,"x",AM83,"x",AN83,"x",AO83,"x",AP83,"x",AQ83,"x",AR83,"x",AS83,"x",AT83,"x",AU83,"x",AV83,"x",AW83,"x",AX83,"x",AY83,"x",AZ83,"x",BA83,"x",BB83,"x",BC83,"x",BD83,"x",BE83,"x",BF83,"x",BG83,"x",BH83,"x",BI83,"x",BJ83,"x",BK83,"x",BL83,"x",BM83,"x",BN83,"x",BO83,"x",BP83,"x",BQ83,"x",BR83,"x",BS83,"x",BT83,"x",BU83,"x",BV83,"x",BW83,"x",BX83,"x",BY83,"x",BZ83,"x",CA83,"x",CB83,"x",CC83,"x",CD83,"x",CE83,"x",CF83,"x",CG83,"x",CH83,"x",CI83,"x",CJ83,"x",CK83,"x",CL83,"x",CM83,"x",CN83,"x",CO83,"x",CP83,"x",CQ83,"x",CR83,"x",CS83,"x",CT83,"x",CU83,"x",CV83,"x",CW83,"x",CX83,"x",CY83,"x",CZ83,"x",DA83,"x",DB83,"x",DC83,"x",DD83,"x",DE83,"x",DF83,"x",DG83,"x",DH83,"x",DI83,"x",DJ83,"x",DK83,"x",DL83,"x",DM83,"x",DN83,"x",DO83,"x",DP83,"x",DQ83,"x",DR83,"x",DS83,"x",DT83,"x",DU83,"x",DV83,"x",DW83,"x",DX83,"x",DY83,"x",DZ83,"x",EA83,"x",EB83,"x",EC83,"x") -> xxxxxxxxxxxxxxxxxxxxxxxxxxxxxxxxxxxxxxxxxxxxxxxxxxxxxxxxxxxxxxxxxxxxxxxxxxxxxxxxxxxxxxxxxxxxxxxxxxxxxxxxxxxxxxxxxxxxxxxxxxxxxxxx
A84: 2185 | B84: Transport Expenditure | C84: =SUMPRODUCT(SUMIF('Sch Parent Trial Balance Input'!$A:$A,'Sch Parent TB Converter'!$G84:$EC84,'Sch Parent Trial Balance Input'!C:C)) -> 0 | D84: =SUMPRODUCT(SUMIF('Sch Parent Trial Balance Input'!$A:$A,'Sch Parent TB Converter'!$G84:$EC84,'Sch Parent Trial Balance Input'!D:D)) -> 0 | E84: =SUMPRODUCT(SUMIF('Sch Parent Trial Balance Input'!$A:$A,'Sch Parent TB Converter'!$G84:$EC84,'Sch Parent Trial Balance Input'!E:E)) -> 0 | ED84: =CONCATENATE("x",G84,"x",H84,"x",I84,"x",J84,"x",K84,"x",L84,"x",M84,"x",N84,"x",O84,"x",P84,"x",Q84,"x",R84,"x",S84,"x",T84,"x",U84,"x",V84,"x",W84,"x",X84,"x",Y84,"x",Z84,"x",AA84,"x",AB84,"x",AC84,"x",AD84,"x",AE84,"x",AF84,"x",AG84,"x",AH84,"x",AI84,"x",AJ84,"x",AK84,"x",AL84,"x",AM84,"x",AN84,"x",AO84,"x",AP84,"x",AQ84,"x",AR84,"x",AS84,"x",AT84,"x",AU84,"x",AV84,"x",AW84,"x",AX84,"x",AY84,"x",AZ84,"x",BA84,"x",BB84,"x",BC84,"x",BD84,"x",BE84,"x",BF84,"x",BG84,"x",BH84,"x",BI84,"x",BJ84,"x",BK84,"x",BL84,"x",BM84,"x",BN84,"x",BO84,"x",BP84,"x",BQ84,"x",BR84,"x",BS84,"x",BT84,"x",BU84,"x",BV84,"x",BW84,"x",BX84,"x",BY84,"x",BZ84,"x",CA84,"x",CB84,"x",CC84,"x",CD84,"x",CE84,"x",CF84,"x",CG84,"x",CH84,"x",CI84,"x",CJ84,"x",CK84,"x",CL84,"x",CM84,"x",CN84,"x",CO84,"x",CP84,"x",CQ84,"x",CR84,"x",CS84,"x",CT84,"x",CU84,"x",CV84,"x",CW84,"x",CX84,"x",CY84,"x",CZ84,"x",DA84,"x",DB84,"x",DC84,"x",DD84,"x",DE84,"x",DF84,"x",DG84,"x",DH84,"x",DI84,"x",DJ84,"x",DK84,"x",DL84,"x",DM84,"x",DN84,"x",DO84,"x",DP84,"x",DQ84,"x",DR84,"x",DS84,"x",DT84,"x",DU84,"x",DV84,"x",DW84,"x",DX84,"x",DY84,"x",DZ84,"x",EA84,"x",EB84,"x",EC84,"x") -> xxxxxxxxxxxxxxxxxxxxxxxxxxxxxxxxxxxxxxxxxxxxxxxxxxxxxxxxxxxxxxxxxxxxxxxxxxxxxxxxxxxxxxxxxxxxxxxxxxxxxxxxxxxxxxxxxxxxxxxxxxxxxxxx
A85: 2840 | B85: Revaluation of equity investments | C85: =SUMPRODUCT(SUMIF('Sch Parent Trial Balance Input'!$A:$A,'Sch Parent TB Converter'!$G85:$EC85,'Sch Parent Trial Balance Input'!C:C)) -> 0 | D85: =SUMPRODUCT(SUMIF('Sch Parent Trial Balance Input'!$A:$A,'Sch Parent TB Converter'!$G85:$EC85,'Sch Parent Trial Balance Input'!D:D)) -> 0 | E85: =SUMPRODUCT(SUMIF('Sch Parent Trial Balance Input'!$A:$A,'Sch Parent TB Converter'!$G85:$EC85,'Sch Parent Trial Balance Input'!E:E)) -> 0 | ED85: =CONCATENATE("x",G85,"x",H85,"x",I85,"x",J85,"x",K85,"x",L85,"x",M85,"x",N85,"x",O85,"x",P85,"x",Q85,"x",R85,"x",S85,"x",T85,"x",U85,"x",V85,"x",W85,"x",X85,"x",Y85,"x",Z85,"x",AA85,"x",AB85,"x",AC85,"x",AD85,"x",AE85,"x",AF85,"x",AG85,"x",AH85,"x",AI85,"x",AJ85,"x",AK85,"x",AL85,"x",AM85,"x",AN85,"x",AO85,"x",AP85,"x",AQ85,"x",AR85,"x",AS85,"x",AT85,"x",AU85,"x",AV85,"x",AW85,"x",AX85,"x",AY85,"x",AZ85,"x",BA85,"x",BB85,"x",BC85,"x",BD85,"x",BE85,"x",BF85,"x",BG85,"x",BH85,"x",BI85,"x",BJ85,"x",BK85,"x",BL85,"x",BM85,"x",BN85,"x",BO85,"x",BP85,"x",BQ85,"x",BR85,"x",BS85,"x",BT85,"x",BU85,"x",BV85,"x",BW85,"x",BX85,"x",BY85,"x",BZ85,"x",CA85,"x",CB85,"x",CC85,"x",CD85,"x",CE85,"x",CF85,"x",CG85,"x",CH85,"x",CI85,"x",CJ85,"x",CK85,"x",CL85,"x",CM85,"x",CN85,"x",CO85,"x",CP85,"x",CQ85,"x",CR85,"x",CS85,"x",CT85,"x",CU85,"x",CV85,"x",CW85,"x",CX85,"x",CY85,"x",CZ85,"x",DA85,"x",DB85,"x",DC85,"x",DD85,"x",DE85,"x",DF85,"x",DG85,"x",DH85,"x",DI85,"x",DJ85,"x",DK85,"x",DL85,"x",DM85,"x",DN85,"x",DO85,"x",DP85,"x",DQ85,"x",DR85,"x",DS85,"x",DT85,"x",DU85,"x",DV85,"x",DW85,"x",DX85,"x",DY85,"x",DZ85,"x",EA85,"x",EB85,"x",EC85,"x") -> xxxxxxxxxxxxxxxxxxxxxxxxxxxxxxxxxxxxxxxxxxxxxxxxxxxxxxxxxxxxxxxxxxxxxxxxxxxxxxxxxxxxxxxxxxxxxxxxxxxxxxxxxxxxxxxxxxxxxxxxxxxxxxxx
ED86: =CONCATENATE("x",G86,"x",H86,"x",I86,"x",J86,"x",K86,"x",L86,"x",M86,"x",N86,"x",O86,"x",P86,"x",Q86,"x",R86,"x",S86,"x",T86,"x",U86,"x",V86,"x",W86,"x",X86,"x",Y86,"x",Z86,"x",AA86,"x",AB86,"x",AC86,"x",AD86,"x",AE86,"x",AF86,"x",AG86,"x",AH86,"x",AI86,"x",AJ86,"x",AK86,"x",AL86,"x",AM86,"x",AN86,"x",AO86,"x",AP86,"x",AQ86,"x",AR86,"x",AS86,"x",AT86,"x",AU86,"x",AV86,"x",AW86,"x",AX86,"x",AY86,"x",AZ86,"x",BA86,"x",BB86,"x",BC86,"x",BD86,"x",BE86,"x",BF86,"x",BG86,"x",BH86,"x",BI86,"x",BJ86,"x",BK86,"x",BL86,"x",BM86,"x",BN86,"x",BO86,"x",BP86,"x",BQ86,"x",BR86,"x",BS86,"x",BT86,"x",BU86,"x",BV86,"x",BW86,"x",BX86,"x",BY86,"x",BZ86,"x",CA86,"x",CB86,"x",CC86,"x",CD86,"x",CE86,"x",CF86,"x",CG86,"x",CH86,"x",CI86,"x",CJ86,"x",CK86,"x",CL86,"x",CM86,"x",CN86,"x",CO86,"x",CP86,"x",CQ86,"x",CR86,"x",CS86,"x",CT86,"x",CU86,"x",CV86,"x",CW86,"x",CX86,"x",CY86,"x",CZ86,"x",DA86,"x",DB86,"x",DC86,"x",DD86,"x",DE86,"x",DF86,"x",DG86,"x",DH86,"x",DI86,"x",DJ86,"x",DK86,"x",DL86,"x",DM86,"x",DN86,"x",DO86,"x",DP86,"x",DQ86,"x",DR86,"x",DS86,"x",DT86,"x",DU86,"x",DV86,"x",DW86,"x",DX86,"x",DY86,"x",DZ86,"x",EA86,"x",EB86,"x",EC86,"x") -> xxxxxxxxxxxxxxxxxxxxxxxxxxxxxxxxxxxxxxxxxxxxxxxxxxxxxxxxxxxxxxxxxxxxxxxxxxxxxxxxxxxxxxxxxxxxxxxxxxxxxxxxxxxxxxxxxxxxxxxxxxxxxxxx
B87: 7. Property | ED87: =CONCATENATE("x",G87,"x",H87,"x",I87,"x",J87,"x",K87,"x",L87,"x",M87,"x",N87,"x",O87,"x",P87,"x",Q87,"x",R87,"x",S87,"x",T87,"x",U87,"x",V87,"x",W87,"x",X87,"x",Y87,"x",Z87,"x",AA87,"x",AB87,"x",AC87,"x",AD87,"x",AE87,"x",AF87,"x",AG87,"x",AH87,"x",AI87,"x",AJ87,"x",AK87,"x",AL87,"x",AM87,"x",AN87,"x",AO87,"x",AP87,"x",AQ87,"x",AR87,"x",AS87,"x",AT87,"x",AU87,"x",AV87,"x",AW87,"x",AX87,"x",AY87,"x",AZ87,"x",BA87,"x",BB87,"x",BC87,"x",BD87,"x",BE87,"x",BF87,"x",BG87,"x",BH87,"x",BI87,"x",BJ87,"x",BK87,"x",BL87,"x",BM87,"x",BN87,"x",BO87,"x",BP87,"x",BQ87,"x",BR87,"x",BS87,"x",BT87,"x",BU87,"x",BV87,"x",BW87,"x",BX87,"x",BY87,"x",BZ87,"x",CA87,"x",CB87,"x",CC87,"x",CD87,"x",CE87,"x",CF87,"x",CG87,"x",CH87,"x",CI87,"x",CJ87,"x",CK87,"x",CL87,"x",CM87,"x",CN87,"x",CO87,"x",CP87,"x",CQ87,"x",CR87,"x",CS87,"x",CT87,"x",CU87,"x",CV87,"x",CW87,"x",CX87,"x",CY87,"x",CZ87,"x",DA87,"x",DB87,"x",DC87,"x",DD87,"x",DE87,"x",DF87,"x",DG87,"x",DH87,"x",DI87,"x",DJ87,"x",DK87,"x",DL87,"x",DM87,"x",DN87,"x",DO87,"x",DP87,"x",DQ87,"x",DR87,"x",DS87,"x",DT87,"x",DU87,"x",DV87,"x",DW87,"x",DX87,"x",DY87,"x",DZ87,"x",EA87,"x",EB87,"x",EC87,"x") -> xxxxxxxxxxxxxxxxxxxxxxxxxxxxxxxxxxxxxxxxxxxxxxxxxxxxxxxxxxxxxxxxxxxxxxxxxxxxxxxxxxxxxxxxxxxxxxxxxxxxxxxxxxxxxxxxxxxxxxxxxxxxxxxx
B88: Expenses | ED88: =CONCATENATE("x",G88,"x",H88,"x",I88,"x",J88,"x",K88,"x",L88,"x",M88,"x",N88,"x",O88,"x",P88,"x",Q88,"x",R88,"x",S88,"x",T88,"x",U88,"x",V88,"x",W88,"x",X88,"x",Y88,"x",Z88,"x",AA88,"x",AB88,"x",AC88,"x",AD88,"x",AE88,"x",AF88,"x",AG88,"x",AH88,"x",AI88,"x",AJ88,"x",AK88,"x",AL88,"x",AM88,"x",AN88,"x",AO88,"x",AP88,"x",AQ88,"x",AR88,"x",AS88,"x",AT88,"x",AU88,"x",AV88,"x",AW88,"x",AX88,"x",AY88,"x",AZ88,"x",BA88,"x",BB88,"x",BC88,"x",BD88,"x",BE88,"x",BF88,"x",BG88,"x",BH88,"x",BI88,"x",BJ88,"x",BK88,"x",BL88,"x",BM88,"x",BN88,"x",BO88,"x",BP88,"x",BQ88,"x",BR88,"x",BS88,"x",BT88,"x",BU88,"x",BV88,"x",BW88,"x",BX88,"x",BY88,"x",BZ88,"x",CA88,"x",CB88,"x",CC88,"x",CD88,"x",CE88,"x",CF88,"x",CG88,"x",CH88,"x",CI88,"x",CJ88,"x",CK88,"x",CL88,"x",CM88,"x",CN88,"x",CO88,"x",CP88,"x",CQ88,"x",CR88,"x",CS88,"x",CT88,"x",CU88,"x",CV88,"x",CW88,"x",CX88,"x",CY88,"x",CZ88,"x",DA88,"x",DB88,"x",DC88,"x",DD88,"x",DE88,"x",DF88,"x",DG88,"x",DH88,"x",DI88,"x",DJ88,"x",DK88,"x",DL88,"x",DM88,"x",DN88,"x",DO88,"x",DP88,"x",DQ88,"x",DR88,"x",DS88,"x",DT88,"x",DU88,"x",DV88,"x",DW88,"x",DX88,"x",DY88,"x",DZ88,"x",EA88,"x",EB88,"x",EC88,"x") -> xxxxxxxxxxxxxxxxxxxxxxxxxxxxxxxxxxxxxxxxxxxxxxxxxxxxxxxxxxxxxxxxxxxxxxxxxxxxxxxxxxxxxxxxxxxxxxxxxxxxxxxxxxxxxxxxxxxxxxxxxxxxxxxx
A89: 2520 | B89: Consultancy and Contract Services | C89: =SUMPRODUCT(SUMIF('Sch Parent Trial Balance Input'!$A:$A,'Sch Parent TB Converter'!$G89:$EC89,'Sch Parent Trial Balance Input'!C:C)) -> 0 | D89: =SUMPRODUCT(SUMIF('Sch Parent Trial Balance Input'!$A:$A,'Sch Parent TB Converter'!$G89:$EC89,'Sch Parent Trial Balance Input'!D:D)) -> 0 | E89: =SUMPRODUCT(SUMIF('Sch Parent Trial Balance Input'!$A:$A,'Sch Parent TB Converter'!$G89:$EC89,'Sch Parent Trial Balance Input'!E:E)) -> 0 | ED89: =CONCATENATE("x",G89,"x",H89,"x",I89,"x",J89,"x",K89,"x",L89,"x",M89,"x",N89,"x",O89,"x",P89,"x",Q89,"x",R89,"x",S89,"x",T89,"x",U89,"x",V89,"x",W89,"x",X89,"x",Y89,"x",Z89,"x",AA89,"x",AB89,"x",AC89,"x",AD89,"x",AE89,"x",AF89,"x",AG89,"x",AH89,"x",AI89,"x",AJ89,"x",AK89,"x",AL89,"x",AM89,"x",AN89,"x",AO89,"x",AP89,"x",AQ89,"x",AR89,"x",AS89,"x",AT89,"x",AU89,"x",AV89,"x",AW89,"x",AX89,"x",AY89,"x",AZ89,"x",BA89,"x",BB89,"x",BC89,"x",BD89,"x",BE89,"x",BF89,"x",BG89,"x",BH89,"x",BI89,"x",BJ89,"x",BK89,"x",BL89,"x",BM89,"x",BN89,"x",BO89,"x",BP89,"x",BQ89,"x",BR89,"x",BS89,"x",BT89,"x",BU89,"x",BV89,"x",BW89,"x",BX89,"x",BY89,"x",BZ89,"x",CA89,"x",CB89,"x",CC89,"x",CD89,"x",CE89,"x",CF89,"x",CG89,"x",CH89,"x",CI89,"x",CJ89,"x",CK89,"x",CL89,"x",CM89,"x",CN89,"x",CO89,"x",CP89,"x",CQ89,"x",CR89,"x",CS89,"x",CT89,"x",CU89,"x",CV89,"x",CW89,"x",CX89,"x",CY89,"x",CZ89,"x",DA89,"x",DB89,"x",DC89,"x",DD89,"x",DE89,"x",DF89,"x",DG89,"x",DH89,"x",DI89,"x",DJ89,"x",DK89,"x",DL89,"x",DM89,"x",DN89,"x",DO89,"x",DP89,"x",DQ89,"x",DR89,"x",DS89,"x",DT89,"x",DU89,"x",DV89,"x",DW89,"x",DX89,"x",DY89,"x",DZ89,"x",EA89,"x",EB89,"x",EC89,"x") -> xxxxxxxxxxxxxxxxxxxxxxxxxxxxxxxxxxxxxxxxxxxxxxxxxxxxxxxxxxxxxxxxxxxxxxxxxxxxxxxxxxxxxxxxxxxxxxxxxxxxxxxxxxxxxxxxxxxxxxxxxxxxxxxx
A90: 2530 | B90: Cyclical Maintenance | C90: =SUMPRODUCT(SUMIF('Sch Parent Trial Balance Input'!$A:$A,'Sch Parent TB Converter'!$G90:$EC90,'Sch Parent Trial Balance Input'!C:C)) -> 0 | D90: =SUMPRODUCT(SUMIF('Sch Parent Trial Balance Input'!$A:$A,'Sch Parent TB Converter'!$G90:$EC90,'Sch Parent Trial Balance Input'!D:D)) -> 0 | E90: =SUMPRODUCT(SUMIF('Sch Parent Trial Balance Input'!$A:$A,'Sch Parent TB Converter'!$G90:$EC90,'Sch Parent Trial Balance Input'!E:E)) -> 0 | ED90: =CONCATENATE("x",G90,"x",H90,"x",I90,"x",J90,"x",K90,"x",L90,"x",M90,"x",N90,"x",O90,"x",P90,"x",Q90,"x",R90,"x",S90,"x",T90,"x",U90,"x",V90,"x",W90,"x",X90,"x",Y90,"x",Z90,"x",AA90,"x",AB90,"x",AC90,"x",AD90,"x",AE90,"x",AF90,"x",AG90,"x",AH90,"x",AI90,"x",AJ90,"x",AK90,"x",AL90,"x",AM90,"x",AN90,"x",AO90,"x",AP90,"x",AQ90,"x",AR90,"x",AS90,"x",AT90,"x",AU90,"x",AV90,"x",AW90,"x",AX90,"x",AY90,"x",AZ90,"x",BA90,"x",BB90,"x",BC90,"x",BD90,"x",BE90,"x",BF90,"x",BG90,"x",BH90,"x",BI90,"x",BJ90,"x",BK90,"x",BL90,"x",BM90,"x",BN90,"x",BO90,"x",BP90,"x",BQ90,"x",BR90,"x",BS90,"x",BT90,"x",BU90,"x",BV90,"x",BW90,"x",BX90,"x",BY90,"x",BZ90,"x",CA90,"x",CB90,"x",CC90,"x",CD90,"x",CE90,"x",CF90,"x",CG90,"x",CH90,"x",CI90,"x",CJ90,"x",CK90,"x",CL90,"x",CM90,"x",CN90,"x",CO90,"x",CP90,"x",CQ90,"x",CR90,"x",CS90,"x",CT90,"x",CU90,"x",CV90,"x",CW90,"x",CX90,"x",CY90,"x",CZ90,"x",DA90,"x",DB90,"x",DC90,"x",DD90,"x",DE90,"x",DF90,"x",DG90,"x",DH90,"x",DI90,"x",DJ90,"x",DK90,"x",DL90,"x",DM90,"x",DN90,"x",DO90,"x",DP90,"x",DQ90,"x",DR90,"x",DS90,"x",DT90,"x",DU90,"x",DV90,"x",DW90,"x",DX90,"x",DY90,"x",DZ90,"x",EA90,"x",EB90,"x",EC90,"x") -> xxxxxxxxxxxxxxxxxxxxxxxxxxxxxxxxxxxxxxxxxxxxxxxxxxxxxxxxxxxxxxxxxxxxxxxxxxxxxxxxxxxxxxxxxxxxxxxxxxxxxxxxxxxxxxxxxxxxxxxxxxxxxxxx
A91: 2550 | B91: Heat, Light and Water | C91: =SUMPRODUCT(SUMIF('Sch Parent Trial Balance Input'!$A:$A,'Sch Parent TB Converter'!$G91:$EC91,'Sch Parent Trial Balance Input'!C:C)) -> 0 | D91: =SUMPRODUCT(SUMIF('Sch Parent Trial Balance Input'!$A:$A,'Sch Parent TB Converter'!$G91:$EC91,'Sch Parent Trial Balance Input'!D:D)) -> 0 | E91: =SUMPRODUCT(SUMIF('Sch Parent Trial Balance Input'!$A:$A,'Sch Parent TB Converter'!$G91:$EC91,'Sch Parent Trial Balance Input'!E:E)) -> 0 | ED91: =CONCATENATE("x",G91,"x",H91,"x",I91,"x",J91,"x",K91,"x",L91,"x",M91,"x",N91,"x",O91,"x",P91,"x",Q91,"x",R91,"x",S91,"x",T91,"x",U91,"x",V91,"x",W91,"x",X91,"x",Y91,"x",Z91,"x",AA91,"x",AB91,"x",AC91,"x",AD91,"x",AE91,"x",AF91,"x",AG91,"x",AH91,"x",AI91,"x",AJ91,"x",AK91,"x",AL91,"x",AM91,"x",AN91,"x",AO91,"x",AP91,"x",AQ91,"x",AR91,"x",AS91,"x",AT91,"x",AU91,"x",AV91,"x",AW91,"x",AX91,"x",AY91,"x",AZ91,"x",BA91,"x",BB91,"x",BC91,"x",BD91,"x",BE91,"x",BF91,"x",BG91,"x",BH91,"x",BI91,"x",BJ91,"x",BK91,"x",BL91,"x",BM91,"x",BN91,"x",BO91,"x",BP91,"x",BQ91,"x",BR91,"x",BS91,"x",BT91,"x",BU91,"x",BV91,"x",BW91,"x",BX91,"x",BY91,"x",BZ91,"x",CA91,"x",CB91,"x",CC91,"x",CD91,"x",CE91,"x",CF91,"x",CG91,"x",CH91,"x",CI91,"x",CJ91,"x",CK91,"x",CL91,"x",CM91,"x",CN91,"x",CO91,"x",CP91,"x",CQ91,"x",CR91,"x",CS91,"x",CT91,"x",CU91,"x",CV91,"x",CW91,"x",CX91,"x",CY91,"x",CZ91,"x",DA91,"x",DB91,"x",DC91,"x",DD91,"x",DE91,"x",DF91,"x",DG91,"x",DH91,"x",DI91,"x",DJ91,"x",DK91,"x",DL91,"x",DM91,"x",DN91,"x",DO91,"x",DP91,"x",DQ91,"x",DR91,"x",DS91,"x",DT91,"x",DU91,"x",DV91,"x",DW91,"x",DX91,"x",DY91,"x",DZ91,"x",EA91,"x",EB91,"x",EC91,"x") -> xxxxxxxxxxxxxxxxxxxxxxxxxxxxxxxxxxxxxxxxxxxxxxxxxxxxxxxxxxxxxxxxxxxxxxxxxxxxxxxxxxxxxxxxxxxxxxxxxxxxxxxxxxxxxxxxxxxxxxxxxxxxxxxx
A92: 2575 | B92: Rates | C92: =SUMPRODUCT(SUMIF('Sch Parent Trial Balance Input'!$A:$A,'Sch Parent TB Converter'!$G92:$EC92,'Sch Parent Trial Balance Input'!C:C)) -> 0 | D92: =SUMPRODUCT(SUMIF('Sch Parent Trial Balance Input'!$A:$A,'Sch Parent TB Converter'!$G92:$EC92,'Sch Parent Trial Balance Input'!D:D)) -> 0 | E92: =SUMPRODUCT(SUMIF('Sch Parent Trial Balance Input'!$A:$A,'Sch Parent TB Converter'!$G92:$EC92,'Sch Parent Trial Balance Input'!E:E)) -> 0 | ED92: =CONCATENATE("x",G92,"x",H92,"x",I92,"x",J92,"x",K92,"x",L92,"x",M92,"x",N92,"x",O92,"x",P92,"x",Q92,"x",R92,"x",S92,"x",T92,"x",U92,"x",V92,"x",W92,"x",X92,"x",Y92,"x",Z92,"x",AA92,"x",AB92,"x",AC92,"x",AD92,"x",AE92,"x",AF92,"x",AG92,"x",AH92,"x",AI92,"x",AJ92,"x",AK92,"x",AL92,"x",AM92,"x",AN92,"x",AO92,"x",AP92,"x",AQ92,"x",AR92,"x",AS92,"x",AT92,"x",AU92,"x",AV92,"x",AW92,"x",AX92,"x",AY92,"x",AZ92,"x",BA92,"x",BB92,"x",BC92,"x",BD92,"x",BE92,"x",BF92,"x",BG92,"x",BH92,"x",BI92,"x",BJ92,"x",BK92,"x",BL92,"x",BM92,"x",BN92,"x",BO92,"x",BP92,"x",BQ92,"x",BR92,"x",BS92,"x",BT92,"x",BU92,"x",BV92,"x",BW92,"x",BX92,"x",BY92,"x",BZ92,"x",CA92,"x",CB92,"x",CC92,"x",CD92,"x",CE92,"x",CF92,"x",CG92,"x",CH92,"x",CI92,"x",CJ92,"x",CK92,"x",CL92,"x",CM92,"x",CN92,"x",CO92,"x",CP92,"x",CQ92,"x",CR92,"x",CS92,"x",CT92,"x",CU92,"x",CV92,"x",CW92,"x",CX92,"x",CY92,"x",CZ92,"x",DA92,"x",DB92,"x",DC92,"x",DD92,"x",DE92,"x",DF92,"x",DG92,"x",DH92,"x",DI92,"x",DJ92,"x",DK92,"x",DL92,"x",DM92,"x",DN92,"x",DO92,"x",DP92,"x",DQ92,"x",DR92,"x",DS92,"x",DT92,"x",DU92,"x",DV92,"x",DW92,"x",DX92,"x",DY92,"x",DZ92,"x",EA92,"x",EB92,"x",EC92,"x") -> xxxxxxxxxxxxxxxxxxxxxxxxxxxxxxxxxxxxxxxxxxxxxxxxxxxxxxxxxxxxxxxxxxxxxxxxxxxxxxxxxxxxxxxxxxxxxxxxxxxxxxxxxxxxxxxxxxxxxxxxxxxxxxxx
A93: 2580 | B93: Repairs and Maintenance | C93: =SUMPRODUCT(SUMIF('Sch Parent Trial Balance Input'!$A:$A,'Sch Parent TB Converter'!$G93:$EC93,'Sch Parent Trial Balance Input'!C:C)) -> 0 | D93: =SUMPRODUCT(SUMIF('Sch Parent Trial Balance Input'!$A:$A,'Sch Parent TB Converter'!$G93:$EC93,'Sch Parent Trial Balance Input'!D:D)) -> 0 | E93: =SUMPRODUCT(SUMIF('Sch Parent Trial Balance Input'!$A:$A,'Sch Parent TB Converter'!$G93:$EC93,'Sch Parent Trial Balance Input'!E:E)) -> 0 | ED93: =CONCATENATE("x",G93,"x",H93,"x",I93,"x",J93,"x",K93,"x",L93,"x",M93,"x",N93,"x",O93,"x",P93,"x",Q93,"x",R93,"x",S93,"x",T93,"x",U93,"x",V93,"x",W93,"x",X93,"x",Y93,"x",Z93,"x",AA93,"x",AB93,"x",AC93,"x",AD93,"x",AE93,"x",AF93,"x",AG93,"x",AH93,"x",AI93,"x",AJ93,"x",AK93,"x",AL93,"x",AM93,"x",AN93,"x",AO93,"x",AP93,"x",AQ93,"x",AR93,"x",AS93,"x",AT93,"x",AU93,"x",AV93,"x",AW93,"x",AX93,"x",AY93,"x",AZ93,"x",BA93,"x",BB93,"x",BC93,"x",BD93,"x",BE93,"x",BF93,"x",BG93,"x",BH93,"x",BI93,"x",BJ93,"x",BK93,"x",BL93,"x",BM93,"x",BN93,"x",BO93,"x",BP93,"x",BQ93,"x",BR93,"x",BS93,"x",BT93,"x",BU93,"x",BV93,"x",BW93,"x",BX93,"x",BY93,"x",BZ93,"x",CA93,"x",CB93,"x",CC93,"x",CD93,"x",CE93,"x",CF93,"x",CG93,"x",CH93,"x",CI93,"x",CJ93,"x",CK93,"x",CL93,"x",CM93,"x",CN93,"x",CO93,"x",CP93,"x",CQ93,"x",CR93,"x",CS93,"x",CT93,"x",CU93,"x",CV93,"x",CW93,"x",CX93,"x",CY93,"x",CZ93,"x",DA93,"x",DB93,"x",DC93,"x",DD93,"x",DE93,"x",DF93,"x",DG93,"x",DH93,"x",DI93,"x",DJ93,"x",DK93,"x",DL93,"x",DM93,"x",DN93,"x",DO93,"x",DP93,"x",DQ93,"x",DR93,"x",DS93,"x",DT93,"x",DU93,"x",DV93,"x",DW93,"x",DX93,"x",DY93,"x",DZ93,"x",EA93,"x",EB93,"x",EC93,"x") -> xxxxxxxxxxxxxxxxxxxxxxxxxxxxxxxxxxxxxxxxxxxxxxxxxxxxxxxxxxxxxxxxxxxxxxxxxxxxxxxxxxxxxxxxxxxxxxxxxxxxxxxxxxxxxxxxxxxxxxxxxxxxxxxx
A94: 2585 | B94: Use of Land and Buildings | C94: =SUMPRODUCT(SUMIF('Sch Parent Trial Balance Input'!$A:$A,'Sch Parent TB Converter'!$G94:$EC94,'Sch Parent Trial Balance Input'!C:C)) -> 0 | D94: =SUMPRODUCT(SUMIF('Sch Parent Trial Balance Input'!$A:$A,'Sch Parent TB Converter'!$G94:$EC94,'Sch Parent Trial Balance Input'!D:D)) -> 0 | E94: =SUMPRODUCT(SUMIF('Sch Parent Trial Balance Input'!$A:$A,'Sch Parent TB Converter'!$G94:$EC94,'Sch Parent Trial Balance Input'!E:E)) -> 0 | ED94: =CONCATENATE("x",G94,"x",H94,"x",I94,"x",J94,"x",K94,"x",L94,"x",M94,"x",N94,"x",O94,"x",P94,"x",Q94,"x",R94,"x",S94,"x",T94,"x",U94,"x",V94,"x",W94,"x",X94,"x",Y94,"x",Z94,"x",AA94,"x",AB94,"x",AC94,"x",AD94,"x",AE94,"x",AF94,"x",AG94,"x",AH94,"x",AI94,"x",AJ94,"x",AK94,"x",AL94,"x",AM94,"x",AN94,"x",AO94,"x",AP94,"x",AQ94,"x",AR94,"x",AS94,"x",AT94,"x",AU94,"x",AV94,"x",AW94,"x",AX94,"x",AY94,"x",AZ94,"x",BA94,"x",BB94,"x",BC94,"x",BD94,"x",BE94,"x",BF94,"x",BG94,"x",BH94,"x",BI94,"x",BJ94,"x",BK94,"x",BL94,"x",BM94,"x",BN94,"x",BO94,"x",BP94,"x",BQ94,"x",BR94,"x",BS94,"x",BT94,"x",BU94,"x",BV94,"x",BW94,"x",BX94,"x",BY94,"x",BZ94,"x",CA94,"x",CB94,"x",CC94,"x",CD94,"x",CE94,"x",CF94,"x",CG94,"x",CH94,"x",CI94,"x",CJ94,"x",CK94,"x",CL94,"x",CM94,"x",CN94,"x",CO94,"x",CP94,"x",CQ94,"x",CR94,"x",CS94,"x",CT94,"x",CU94,"x",CV94,"x",CW94,"x",CX94,"x",CY94,"x",CZ94,"x",DA94,"x",DB94,"x",DC94,"x",DD94,"x",DE94,"x",DF94,"x",DG94,"x",DH94,"x",DI94,"x",DJ94,"x",DK94,"x",DL94,"x",DM94,"x",DN94,"x",DO94,"x",DP94,"x",DQ94,"x",DR94,"x",DS94,"x",DT94,"x",DU94,"x",DV94,"x",DW94,"x",DX94,"x",DY94,"x",DZ94,"x",EA94,"x",EB94,"x",EC94,"x") -> xxxxxxxxxxxxxxxxxxxxxxxxxxxxxxxxxxxxxxxxxxxxxxxxxxxxxxxxxxxxxxxxxxxxxxxxxxxxxxxxxxxxxxxxxxxxxxxxxxxxxxxxxxxxxxxxxxxxxxxxxxxxxxxx
A95: 2570 | B95: Employee Benefits - Salaries | C95: =SUMPRODUCT(SUMIF('Sch Parent Trial Balance Input'!$A:$A,'Sch Parent TB Converter'!$G95:$EC95,'Sch Parent Trial Balance Input'!C:C)) -> 0 | D95: =SUMPRODUCT(SUMIF('Sch Parent Trial Balance Input'!$A:$A,'Sch Parent TB Converter'!$G95:$EC95,'Sch Parent Trial Balance Input'!D:D)) -> 0 | E95: =SUMPRODUCT(SUMIF('Sch Parent Trial Balance Input'!$A:$A,'Sch Parent TB Converter'!$G95:$EC95,'Sch Parent Trial Balance Input'!E:E)) -> 0 | ED95: =CONCATENATE("x",G95,"x",H95,"x",I95,"x",J95,"x",K95,"x",L95,"x",M95,"x",N95,"x",O95,"x",P95,"x",Q95,"x",R95,"x",S95,"x",T95,"x",U95,"x",V95,"x",W95,"x",X95,"x",Y95,"x",Z95,"x",AA95,"x",AB95,"x",AC95,"x",AD95,"x",AE95,"x",AF95,"x",AG95,"x",AH95,"x",AI95,"x",AJ95,"x",AK95,"x",AL95,"x",AM95,"x",AN95,"x",AO95,"x",AP95,"x",AQ95,"x",AR95,"x",AS95,"x",AT95,"x",AU95,"x",AV95,"x",AW95,"x",AX95,"x",AY95,"x",AZ95,"x",BA95,"x",BB95,"x",BC95,"x",BD95,"x",BE95,"x",BF95,"x",BG95,"x",BH95,"x",BI95,"x",BJ95,"x",BK95,"x",BL95,"x",BM95,"x",BN95,"x",BO95,"x",BP95,"x",BQ95,"x",BR95,"x",BS95,"x",BT95,"x",BU95,"x",BV95,"x",BW95,"x",BX95,"x",BY95,"x",BZ95,"x",CA95,"x",CB95,"x",CC95,"x",CD95,"x",CE95,"x",CF95,"x",CG95,"x",CH95,"x",CI95,"x",CJ95,"x",CK95,"x",CL95,"x",CM95,"x",CN95,"x",CO95,"x",CP95,"x",CQ95,"x",CR95,"x",CS95,"x",CT95,"x",CU95,"x",CV95,"x",CW95,"x",CX95,"x",CY95,"x",CZ95,"x",DA95,"x",DB95,"x",DC95,"x",DD95,"x",DE95,"x",DF95,"x",DG95,"x",DH95,"x",DI95,"x",DJ95,"x",DK95,"x",DL95,"x",DM95,"x",DN95,"x",DO95,"x",DP95,"x",DQ95,"x",DR95,"x",DS95,"x",DT95,"x",DU95,"x",DV95,"x",DW95,"x",DX95,"x",DY95,"x",DZ95,"x",EA95,"x",EB95,"x",EC95,"x") -> xxxxxxxxxxxxxxxxxxxxxxxxxxxxxxxxxxxxxxxxxxxxxxxxxxxxxxxxxxxxxxxxxxxxxxxxxxxxxxxxxxxxxxxxxxxxxxxxxxxxxxxxxxxxxxxxxxxxxxxxxxxxxxxx
A96: 2560 | B96: Other Property Expenses | C96: =SUMPRODUCT(SUMIF('Sch Parent Trial Balance Input'!$A:$A,'Sch Parent TB Converter'!$G96:$EC96,'Sch Parent Trial Balance Input'!C:C)) -> 0 | D96: =SUMPRODUCT(SUMIF('Sch Parent Trial Balance Input'!$A:$A,'Sch Parent TB Converter'!$G96:$EC96,'Sch Parent Trial Balance Input'!D:D)) -> 0 | E96: =SUMPRODUCT(SUMIF('Sch Parent Trial Balance Input'!$A:$A,'Sch Parent TB Converter'!$G96:$EC96,'Sch Parent Trial Balance Input'!E:E)) -> 0 | ED96: =CONCATENATE("x",G96,"x",H96,"x",I96,"x",J96,"x",K96,"x",L96,"x",M96,"x",N96,"x",O96,"x",P96,"x",Q96,"x",R96,"x",S96,"x",T96,"x",U96,"x",V96,"x",W96,"x",X96,"x",Y96,"x",Z96,"x",AA96,"x",AB96,"x",AC96,"x",AD96,"x",AE96,"x",AF96,"x",AG96,"x",AH96,"x",AI96,"x",AJ96,"x",AK96,"x",AL96,"x",AM96,"x",AN96,"x",AO96,"x",AP96,"x",AQ96,"x",AR96,"x",AS96,"x",AT96,"x",AU96,"x",AV96,"x",AW96,"x",AX96,"x",AY96,"x",AZ96,"x",BA96,"x",BB96,"x",BC96,"x",BD96,"x",BE96,"x",BF96,"x",BG96,"x",BH96,"x",BI96,"x",BJ96,"x",BK96,"x",BL96,"x",BM96,"x",BN96,"x",BO96,"x",BP96,"x",BQ96,"x",BR96,"x",BS96,"x",BT96,"x",BU96,"x",BV96,"x",BW96,"x",BX96,"x",BY96,"x",BZ96,"x",CA96,"x",CB96,"x",CC96,"x",CD96,"x",CE96,"x",CF96,"x",CG96,"x",CH96,"x",CI96,"x",CJ96,"x",CK96,"x",CL96,"x",CM96,"x",CN96,"x",CO96,"x",CP96,"x",CQ96,"x",CR96,"x",CS96,"x",CT96,"x",CU96,"x",CV96,"x",CW96,"x",CX96,"x",CY96,"x",CZ96,"x",DA96,"x",DB96,"x",DC96,"x",DD96,"x",DE96,"x",DF96,"x",DG96,"x",DH96,"x",DI96,"x",DJ96,"x",DK96,"x",DL96,"x",DM96,"x",DN96,"x",DO96,"x",DP96,"x",DQ96,"x",DR96,"x",DS96,"x",DT96,"x",DU96,"x",DV96,"x",DW96,"x",DX96,"x",DY96,"x",DZ96,"x",EA96,"x",EB96,"x",EC96,"x") -> xxxxxxxxxxxxxxxxxxxxxxxxxxxxxxxxxxxxxxxxxxxxxxxxxxxxxxxxxxxxxxxxxxxxxxxxxxxxxxxxxxxxxxxxxxxxxxxxxxxxxxxxxxxxxxxxxxxxxxxxxxxxxxxx
ED97: =CONCATENATE("x",G97,"x",H97,"x",I97,"x",J97,"x",K97,"x",L97,"x",M97,"x",N97,"x",O97,"x",P97,"x",Q97,"x",R97,"x",S97,"x",T97,"x",U97,"x",V97,"x",W97,"x",X97,"x",Y97,"x",Z97,"x",AA97,"x",AB97,"x",AC97,"x",AD97,"x",AE97,"x",AF97,"x",AG97,"x",AH97,"x",AI97,"x",AJ97,"x",AK97,"x",AL97,"x",AM97,"x",AN97,"x",AO97,"x",AP97,"x",AQ97,"x",AR97,"x",AS97,"x",AT97,"x",AU97,"x",AV97,"x",AW97,"x",AX97,"x",AY97,"x",AZ97,"x",BA97,"x",BB97,"x",BC97,"x",BD97,"x",BE97,"x",BF97,"x",BG97,"x",BH97,"x",BI97,"x",BJ97,"x",BK97,"x",BL97,"x",BM97,"x",BN97,"x",BO97,"x",BP97,"x",BQ97,"x",BR97,"x",BS97,"x",BT97,"x",BU97,"x",BV97,"x",BW97,"x",BX97,"x",BY97,"x",BZ97,"x",CA97,"x",CB97,"x",CC97,"x",CD97,"x",CE97,"x",CF97,"x",CG97,"x",CH97,"x",CI97,"x",CJ97,"x",CK97,"x",CL97,"x",CM97,"x",CN97,"x",CO97,"x",CP97,"x",CQ97,"x",CR97,"x",CS97,"x",CT97,"x",CU97,"x",CV97,"x",CW97,"x",CX97,"x",CY97,"x",CZ97,"x",DA97,"x",DB97,"x",DC97,"x",DD97,"x",DE97,"x",DF97,"x",DG97,"x",DH97,"x",DI97,"x",DJ97,"x",DK97,"x",DL97,"x",DM97,"x",DN97,"x",DO97,"x",DP97,"x",DQ97,"x",DR97,"x",DS97,"x",DT97,"x",DU97,"x",DV97,"x",DW97,"x",DX97,"x",DY97,"x",DZ97,"x",EA97,"x",EB97,"x",EC97,"x") -> xxxxxxxxxxxxxxxxxxxxxxxxxxxxxxxxxxxxxxxxxxxxxxxxxxxxxxxxxxxxxxxxxxxxxxxxxxxxxxxxxxxxxxxxxxxxxxxxxxxxxxxxxxxxxxxxxxxxxxxxxxxxxxxx
B98: 8. Depreciation | ED98: =CONCATENATE("x",G98,"x",H98,"x",I98,"x",J98,"x",K98,"x",L98,"x",M98,"x",N98,"x",O98,"x",P98,"x",Q98,"x",R98,"x",S98,"x",T98,"x",U98,"x",V98,"x",W98,"x",X98,"x",Y98,"x",Z98,"x",AA98,"x",AB98,"x",AC98,"x",AD98,"x",AE98,"x",AF98,"x",AG98,"x",AH98,"x",AI98,"x",AJ98,"x",AK98,"x",AL98,"x",AM98,"x",AN98,"x",AO98,"x",AP98,"x",AQ98,"x",AR98,"x",AS98,"x",AT98,"x",AU98,"x",AV98,"x",AW98,"x",AX98,"x",AY98,"x",AZ98,"x",BA98,"x",BB98,"x",BC98,"x",BD98,"x",BE98,"x",BF98,"x",BG98,"x",BH98,"x",BI98,"x",BJ98,"x",BK98,"x",BL98,"x",BM98,"x",BN98,"x",BO98,"x",BP98,"x",BQ98,"x",BR98,"x",BS98,"x",BT98,"x",BU98,"x",BV98,"x",BW98,"x",BX98,"x",BY98,"x",BZ98,"x",CA98,"x",CB98,"x",CC98,"x",CD98,"x",CE98,"x",CF98,"x",CG98,"x",CH98,"x",CI98,"x",CJ98,"x",CK98,"x",CL98,"x",CM98,"x",CN98,"x",CO98,"x",CP98,"x",CQ98,"x",CR98,"x",CS98,"x",CT98,"x",CU98,"x",CV98,"x",CW98,"x",CX98,"x",CY98,"x",CZ98,"x",DA98,"x",DB98,"x",DC98,"x",DD98,"x",DE98,"x",DF98,"x",DG98,"x",DH98,"x",DI98,"x",DJ98,"x",DK98,"x",DL98,"x",DM98,"x",DN98,"x",DO98,"x",DP98,"x",DQ98,"x",DR98,"x",DS98,"x",DT98,"x",DU98,"x",DV98,"x",DW98,"x",DX98,"x",DY98,"x",DZ98,"x",EA98,"x",EB98,"x",EC98,"x") -> xxxxxxxxxxxxxxxxxxxxxxxxxxxxxxxxxxxxxxxxxxxxxxxxxxxxxxxxxxxxxxxxxxxxxxxxxxxxxxxxxxxxxxxxxxxxxxxxxxxxxxxxxxxxxxxxxxxxxxxxxxxxxxxx
B99: Expenses | ED99: =CONCATENATE("x",G99,"x",H99,"x",I99,"x",J99,"x",K99,"x",L99,"x",M99,"x",N99,"x",O99,"x",P99,"x",Q99,"x",R99,"x",S99,"x",T99,"x",U99,"x",V99,"x",W99,"x",X99,"x",Y99,"x",Z99,"x",AA99,"x",AB99,"x",AC99,"x",AD99,"x",AE99,"x",AF99,"x",AG99,"x",AH99,"x",AI99,"x",AJ99,"x",AK99,"x",AL99,"x",AM99,"x",AN99,"x",AO99,"x",AP99,"x",AQ99,"x",AR99,"x",AS99,"x",AT99,"x",AU99,"x",AV99,"x",AW99,"x",AX99,"x",AY99,"x",AZ99,"x",BA99,"x",BB99,"x",BC99,"x",BD99,"x",BE99,"x",BF99,"x",BG99,"x",BH99,"x",BI99,"x",BJ99,"x",BK99,"x",BL99,"x",BM99,"x",BN99,"x",BO99,"x",BP99,"x",BQ99,"x",BR99,"x",BS99,"x",BT99,"x",BU99,"x",BV99,"x",BW99,"x",BX99,"x",BY99,"x",BZ99,"x",CA99,"x",CB99,"x",CC99,"x",CD99,"x",CE99,"x",CF99,"x",CG99,"x",CH99,"x",CI99,"x",CJ99,"x",CK99,"x",CL99,"x",CM99,"x",CN99,"x",CO99,"x",CP99,"x",CQ99,"x",CR99,"x",CS99,"x",CT99,"x",CU99,"x",CV99,"x",CW99,"x",CX99,"x",CY99,"x",CZ99,"x",DA99,"x",DB99,"x",DC99,"x",DD99,"x",DE99,"x",DF99,"x",DG99,"x",DH99,"x",DI99,"x",DJ99,"x",DK99,"x",DL99,"x",DM99,"x",DN99,"x",DO99,"x",DP99,"x",DQ99,"x",DR99,"x",DS99,"x",DT99,"x",DU99,"x",DV99,"x",DW99,"x",DX99,"x",DY99,"x",DZ99,"x",EA99,"x",EB99,"x",EC99,"x") -> xxxxxxxxxxxxxxxxxxxxxxxxxxxxxxxxxxxxxxxxxxxxxxxxxxxxxxxxxxxxxxxxxxxxxxxxxxxxxxxxxxxxxxxxxxxxxxxxxxxxxxxxxxxxxxxxxxxxxxxxxxxxxxxx
A100: 2210 | B100: Buildings - School | C100: =SUMPRODUCT(SUMIF('Sch Parent Trial Balance Input'!$A:$A,'Sch Parent TB Converter'!$G100:$EC100,'Sch Parent Trial Balance Input'!C:C)) -> 0 | D100: =SUMPRODUCT(SUMIF('Sch Parent Trial Balance Input'!$A:$A,'Sch Parent TB Converter'!$G100:$EC100,'Sch Parent Trial Balance Input'!D:D)) -> 0 | E100: =SUMPRODUCT(SUMIF('Sch Parent Trial Balance Input'!$A:$A,'Sch Parent TB Converter'!$G100:$EC100,'Sch Parent Trial Balance Input'!E:E)) -> 0 | ED100: =CONCATENATE("x",G100,"x",H100,"x",I100,"x",J100,"x",K100,"x",L100,"x",M100,"x",N100,"x",O100,"x",P100,"x",Q100,"x",R100,"x",S100,"x",T100,"x",U100,"x",V100,"x",W100,"x",X100,"x",Y100,"x",Z100,"x",AA100,"x",AB100,"x",AC100,"x",AD100,"x",AE100,"x",AF100,"x",AG100,"x",AH100,"x",AI100,"x",AJ100,"x",AK100,"x",AL100,"x",AM100,"x",AN100,"x",AO100,"x",AP100,"x",AQ100,"x",AR100,"x",AS100,"x",AT100,"x",AU100,"x",AV100,"x",AW100,"x",AX100,"x",AY100,"x",AZ100,"x",BA100,"x",BB100,"x",BC100,"x",BD100,"x",BE100,"x",BF100,"x",BG100,"x",BH100,"x",BI100,"x",BJ100,"x",BK100,"x",BL100,"x",BM100,"x",BN100,"x",BO100,"x",BP100,"x",BQ100,"x",BR100,"x",BS100,"x",BT100,"x",BU100,"x",BV100,"x",BW100,"x",BX100,"x",BY100,"x",BZ100,"x",CA100,"x",CB100,"x",CC100,"x",CD100,"x",CE100,"x",CF100,"x",CG100,"x",CH100,"x",CI100,"x",CJ100,"x",CK100,"x",CL100,"x",CM100,"x",CN100,"x",CO100,"x",CP100,"x",CQ100,"x",CR100,"x",CS100,"x",CT100,"x",CU100,"x",CV100,"x",CW100,"x",CX100,"x",CY100,"x",CZ100,"x",DA100,"x",DB100,"x",DC100,"x",DD100,"x",DE100,"x",DF100,"x",DG100,"x",DH100,"x",DI100,"x",DJ100,"x",DK100,"x",DL100,"x",DM100,"x",DN100,"x",DO100,"x",DP100,"x",DQ100,"x",DR100,"x",DS100,"x",DT100,"x",DU100,"x",DV100,"x",DW100,"x",DX100,"x",DY100,"x",DZ100,"x",EA100,"x",EB100,"x",EC100,"x") -> xxxxxxxxxxxxxxxxxxxxxxxxxxxxxxxxxxxxxxxxxxxxxxxxxxxxxxxxxxxxxxxxxxxxxxxxxxxxxxxxxxxxxxxxxxxxxxxxxxxxxxxxxxxxxxxxxxxxxxxxxxxxxxxx
A101: 2215 | B101: Building Improvements - Crown | C101: =SUMPRODUCT(SUMIF('Sch Parent Trial Balance Input'!$A:$A,'Sch Parent TB Converter'!$G101:$EC101,'Sch Parent Trial Balance Input'!C:C)) -> 0 | D101: =SUMPRODUCT(SUMIF('Sch Parent Trial Balance Input'!$A:$A,'Sch Parent TB Converter'!$G101:$EC101,'Sch Parent Trial Balance Input'!D:D)) -> 0 | E101: =SUMPRODUCT(SUMIF('Sch Parent Trial Balance Input'!$A:$A,'Sch Parent TB Converter'!$G101:$EC101,'Sch Parent Trial Balance Input'!E:E)) -> 0 | ED101: =CONCATENATE("x",G101,"x",H101,"x",I101,"x",J101,"x",K101,"x",L101,"x",M101,"x",N101,"x",O101,"x",P101,"x",Q101,"x",R101,"x",S101,"x",T101,"x",U101,"x",V101,"x",W101,"x",X101,"x",Y101,"x",Z101,"x",AA101,"x",AB101,"x",AC101,"x",AD101,"x",AE101,"x",AF101,"x",AG101,"x",AH101,"x",AI101,"x",AJ101,"x",AK101,"x",AL101,"x",AM101,"x",AN101,"x",AO101,"x",AP101,"x",AQ101,"x",AR101,"x",AS101,"x",AT101,"x",AU101,"x",AV101,"x",AW101,"x",AX101,"x",AY101,"x",AZ101,"x",BA101,"x",BB101,"x",BC101,"x",BD101,"x",BE101,"x",BF101,"x",BG101,"x",BH101,"x",BI101,"x",BJ101,"x",BK101,"x",BL101,"x",BM101,"x",BN101,"x",BO101,"x",BP101,"x",BQ101,"x",BR101,"x",BS101,"x",BT101,"x",BU101,"x",BV101,"x",BW101,"x",BX101,"x",BY101,"x",BZ101,"x",CA101,"x",CB101,"x",CC101,"x",CD101,"x",CE101,"x",CF101,"x",CG101,"x",CH101,"x",CI101,"x",CJ101,"x",CK101,"x",CL101,"x",CM101,"x",CN101,"x",CO101,"x",CP101,"x",CQ101,"x",CR101,"x",CS101,"x",CT101,"x",CU101,"x",CV101,"x",CW101,"x",CX101,"x",CY101,"x",CZ101,"x",DA101,"x",DB101,"x",DC101,"x",DD101,"x",DE101,"x",DF101,"x",DG101,"x",DH101,"x",DI101,"x",DJ101,"x",DK101,"x",DL101,"x",DM101,"x",DN101,"x",DO101,"x",DP101,"x",DQ101,"x",DR101,"x",DS101,"x",DT101,"x",DU101,"x",DV101,"x",DW101,"x",DX101,"x",DY101,"x",DZ101,"x",EA101,"x",EB101,"x",EC101,"x") -> xxxxxxxxxxxxxxxxxxxxxxxxxxxxxxxxxxxxxxxxxxxxxxxxxxxxxxxxxxxxxxxxxxxxxxxxxxxxxxxxxxxxxxxxxxxxxxxxxxxxxxxxxxxxxxxxxxxxxxxxxxxxxxxx
A102: 2216 | B102: Hostel | C102: =SUMPRODUCT(SUMIF('Sch Parent Trial Balance Input'!$A:$A,'Sch Parent TB Converter'!$G102:$EC102,'Sch Parent Trial Balance Input'!C:C)) -> 0 | D102: =SUMPRODUCT(SUMIF('Sch Parent Trial Balance Input'!$A:$A,'Sch Parent TB Converter'!$G102:$EC102,'Sch Parent Trial Balance Input'!D:D)) -> 0 | E102: =SUMPRODUCT(SUMIF('Sch Parent Trial Balance Input'!$A:$A,'Sch Parent TB Converter'!$G102:$EC102,'Sch Parent Trial Balance Input'!E:E)) -> 0 | ED102: =CONCATENATE("x",G102,"x",H102,"x",I102,"x",J102,"x",K102,"x",L102,"x",M102,"x",N102,"x",O102,"x",P102,"x",Q102,"x",R102,"x",S102,"x",T102,"x",U102,"x",V102,"x",W102,"x",X102,"x",Y102,"x",Z102,"x",AA102,"x",AB102,"x",AC102,"x",AD102,"x",AE102,"x",AF102,"x",AG102,"x",AH102,"x",AI102,"x",AJ102,"x",AK102,"x",AL102,"x",AM102,"x",AN102,"x",AO102,"x",AP102,"x",AQ102,"x",AR102,"x",AS102,"x",AT102,"x",AU102,"x",AV102,"x",AW102,"x",AX102,"x",AY102,"x",AZ102,"x",BA102,"x",BB102,"x",BC102,"x",BD102,"x",BE102,"x",BF102,"x",BG102,"x",BH102,"x",BI102,"x",BJ102,"x",BK102,"x",BL102,"x",BM102,"x",BN102,"x",BO102,"x",BP102,"x",BQ102,"x",BR102,"x",BS102,"x",BT102,"x",BU102,"x",BV102,"x",BW102,"x",BX102,"x",BY102,"x",BZ102,"x",CA102,"x",CB102,"x",CC102,"x",CD102,"x",CE102,"x",CF102,"x",CG102,"x",CH102,"x",CI102,"x",CJ102,"x",CK102,"x",CL102,"x",CM102,"x",CN102,"x",CO102,"x",CP102,"x",CQ102,"x",CR102,"x",CS102,"x",CT102,"x",CU102,"x",CV102,"x",CW102,"x",CX102,"x",CY102,"x",CZ102,"x",DA102,"x",DB102,"x",DC102,"x",DD102,"x",DE102,"x",DF102,"x",DG102,"x",DH102,"x",DI102,"x",DJ102,"x",DK102,"x",DL102,"x",DM102,"x",DN102,"x",DO102,"x",DP102,"x",DQ102,"x",DR102,"x",DS102,"x",DT102,"x",DU102,"x",DV102,"x",DW102,"x",DX102,"x",DY102,"x",DZ102,"x",EA102,"x",EB102,"x",EC102,"x") -> xxxxxxxxxxxxxxxxxxxxxxxxxxxxxxxxxxxxxxxxxxxxxxxxxxxxxxxxxxxxxxxxxxxxxxxxxxxxxxxxxxxxxxxxxxxxxxxxxxxxxxxxxxxxxxxxxxxxxxxxxxxxxxxx
A103: 2230 | B103: Furniture and Equipment | C103: =SUMPRODUCT(SUMIF('Sch Parent Trial Balance Input'!$A:$A,'Sch Parent TB Converter'!$G103:$EC103,'Sch Parent Trial Balance Input'!C:C)) -> 0 | D103: =SUMPRODUCT(SUMIF('Sch Parent Trial Balance Input'!$A:$A,'Sch Parent TB Converter'!$G103:$EC103,'Sch Parent Trial Balance Input'!D:D)) -> 0 | E103: =SUMPRODUCT(SUMIF('Sch Parent Trial Balance Input'!$A:$A,'Sch Parent TB Converter'!$G103:$EC103,'Sch Parent Trial Balance Input'!E:E)) -> 0 | ED103: =CONCATENATE("x",G103,"x",H103,"x",I103,"x",J103,"x",K103,"x",L103,"x",M103,"x",N103,"x",O103,"x",P103,"x",Q103,"x",R103,"x",S103,"x",T103,"x",U103,"x",V103,"x",W103,"x",X103,"x",Y103,"x",Z103,"x",AA103,"x",AB103,"x",AC103,"x",AD103,"x",AE103,"x",AF103,"x",AG103,"x",AH103,"x",AI103,"x",AJ103,"x",AK103,"x",AL103,"x",AM103,"x",AN103,"x",AO103,"x",AP103,"x",AQ103,"x",AR103,"x",AS103,"x",AT103,"x",AU103,"x",AV103,"x",AW103,"x",AX103,"x",AY103,"x",AZ103,"x",BA103,"x",BB103,"x",BC103,"x",BD103,"x",BE103,"x",BF103,"x",BG103,"x",BH103,"x",BI103,"x",BJ103,"x",BK103,"x",BL103,"x",BM103,"x",BN103,"x",BO103,"x",BP103,"x",BQ103,"x",BR103,"x",BS103,"x",BT103,"x",BU103,"x",BV103,"x",BW103,"x",BX103,"x",BY103,"x",BZ103,"x",CA103,"x",CB103,"x",CC103,"x",CD103,"x",CE103,"x",CF103,"x",CG103,"x",CH103,"x",CI103,"x",CJ103,"x",CK103,"x",CL103,"x",CM103,"x",CN103,"x",CO103,"x",CP103,"x",CQ103,"x",CR103,"x",CS103,"x",CT103,"x",CU103,"x",CV103,"x",CW103,"x",CX103,"x",CY103,"x",CZ103,"x",DA103,"x",DB103,"x",DC103,"x",DD103,"x",DE103,"x",DF103,"x",DG103,"x",DH103,"x",DI103,"x",DJ103,"x",DK103,"x",DL103,"x",DM103,"x",DN103,"x",DO103,"x",DP103,"x",DQ103,"x",DR103,"x",DS103,"x",DT103,"x",DU103,"x",DV103,"x",DW103,"x",DX103,"x",DY103,"x",DZ103,"x",EA103,"x",EB103,"x",EC103,"x") -> xxxxxxxxxxxxxxxxxxxxxxxxxxxxxxxxxxxxxxxxxxxxxxxxxxxxxxxxxxxxxxxxxxxxxxxxxxxxxxxxxxxxxxxxxxxxxxxxxxxxxxxxxxxxxxxxxxxxxxxxxxxxxxxx
A104: 2220 | B104: Information and Communication Technology | C104: =SUMPRODUCT(SUMIF('Sch Parent Trial Balance Input'!$A:$A,'Sch Parent TB Converter'!$G104:$EC104,'Sch Parent Trial Balance Input'!C:C)) -> 0 | D104: =SUMPRODUCT(SUMIF('Sch Parent Trial Balance Input'!$A:$A,'Sch Parent TB Converter'!$G104:$EC104,'Sch Parent Trial Balance Input'!D:D)) -> 0 | E104: =SUMPRODUCT(SUMIF('Sch Parent Trial Balance Input'!$A:$A,'Sch Parent TB Converter'!$G104:$EC104,'Sch Parent Trial Balance Input'!E:E)) -> 0 | ED104: =CONCATENATE("x",G104,"x",H104,"x",I104,"x",J104,"x",K104,"x",L104,"x",M104,"x",N104,"x",O104,"x",P104,"x",Q104,"x",R104,"x",S104,"x",T104,"x",U104,"x",V104,"x",W104,"x",X104,"x",Y104,"x",Z104,"x",AA104,"x",AB104,"x",AC104,"x",AD104,"x",AE104,"x",AF104,"x",AG104,"x",AH104,"x",AI104,"x",AJ104,"x",AK104,"x",AL104,"x",AM104,"x",AN104,"x",AO104,"x",AP104,"x",AQ104,"x",AR104,"x",AS104,"x",AT104,"x",AU104,"x",AV104,"x",AW104,"x",AX104,"x",AY104,"x",AZ104,"x",BA104,"x",BB104,"x",BC104,"x",BD104,"x",BE104,"x",BF104,"x",BG104,"x",BH104,"x",BI104,"x",BJ104,"x",BK104,"x",BL104,"x",BM104,"x",BN104,"x",BO104,"x",BP104,"x",BQ104,"x",BR104,"x",BS104,"x",BT104,"x",BU104,"x",BV104,"x",BW104,"x",BX104,"x",BY104,"x",BZ104,"x",CA104,"x",CB104,"x",CC104,"x",CD104,"x",CE104,"x",CF104,"x",CG104,"x",CH104,"x",CI104,"x",CJ104,"x",CK104,"x",CL104,"x",CM104,"x",CN104,"x",CO104,"x",CP104,"x",CQ104,"x",CR104,"x",CS104,"x",CT104,"x",CU104,"x",CV104,"x",CW104,"x",CX104,"x",CY104,"x",CZ104,"x",DA104,"x",DB104,"x",DC104,"x",DD104,"x",DE104,"x",DF104,"x",DG104,"x",DH104,"x",DI104,"x",DJ104,"x",DK104,"x",DL104,"x",DM104,"x",DN104,"x",DO104,"x",DP104,"x",DQ104,"x",DR104,"x",DS104,"x",DT104,"x",DU104,"x",DV104,"x",DW104,"x",DX104,"x",DY104,"x",DZ104,"x",EA104,"x",EB104,"x",EC104,"x") -> xxxxxxxxxxxxxxxxxxxxxxxxxxxxxxxxxxxxxxxxxxxxxxxxxxxxxxxxxxxxxxxxxxxxxxxxxxxxxxxxxxxxxxxxxxxxxxxxxxxxxxxxxxxxxxxxxxxxxxxxxxxxxxxx
A105: 2280 | B105: Intangible Assets | C105: =SUMPRODUCT(SUMIF('Sch Parent Trial Balance Input'!$A:$A,'Sch Parent TB Converter'!$G105:$EC105,'Sch Parent Trial Balance Input'!C:C)) -> 0 | D105: =SUMPRODUCT(SUMIF('Sch Parent Trial Balance Input'!$A:$A,'Sch Parent TB Converter'!$G105:$EC105,'Sch Parent Trial Balance Input'!D:D)) -> 0 | E105: =SUMPRODUCT(SUMIF('Sch Parent Trial Balance Input'!$A:$A,'Sch Parent TB Converter'!$G105:$EC105,'Sch Parent Trial Balance Input'!E:E)) -> 0 | ED105: =CONCATENATE("x",G105,"x",H105,"x",I105,"x",J105,"x",K105,"x",L105,"x",M105,"x",N105,"x",O105,"x",P105,"x",Q105,"x",R105,"x",S105,"x",T105,"x",U105,"x",V105,"x",W105,"x",X105,"x",Y105,"x",Z105,"x",AA105,"x",AB105,"x",AC105,"x",AD105,"x",AE105,"x",AF105,"x",AG105,"x",AH105,"x",AI105,"x",AJ105,"x",AK105,"x",AL105,"x",AM105,"x",AN105,"x",AO105,"x",AP105,"x",AQ105,"x",AR105,"x",AS105,"x",AT105,"x",AU105,"x",AV105,"x",AW105,"x",AX105,"x",AY105,"x",AZ105,"x",BA105,"x",BB105,"x",BC105,"x",BD105,"x",BE105,"x",BF105,"x",BG105,"x",BH105,"x",BI105,"x",BJ105,"x",BK105,"x",BL105,"x",BM105,"x",BN105,"x",BO105,"x",BP105,"x",BQ105,"x",BR105,"x",BS105,"x",BT105,"x",BU105,"x",BV105,"x",BW105,"x",BX105,"x",BY105,"x",BZ105,"x",CA105,"x",CB105,"x",CC105,"x",CD105,"x",CE105,"x",CF105,"x",CG105,"x",CH105,"x",CI105,"x",CJ105,"x",CK105,"x",CL105,"x",CM105,"x",CN105,"x",CO105,"x",CP105,"x",CQ105,"x",CR105,"x",CS105,"x",CT105,"x",CU105,"x",CV105,"x",CW105,"x",CX105,"x",CY105,"x",CZ105,"x",DA105,"x",DB105,"x",DC105,"x",DD105,"x",DE105,"x",DF105,"x",DG105,"x",DH105,"x",DI105,"x",DJ105,"x",DK105,"x",DL105,"x",DM105,"x",DN105,"x",DO105,"x",DP105,"x",DQ105,"x",DR105,"x",DS105,"x",DT105,"x",DU105,"x",DV105,"x",DW105,"x",DX105,"x",DY105,"x",DZ105,"x",EA105,"x",EB105,"x",EC105,"x") -> xxxxxxxxxxxxxxxxxxxxxxxxxxxxxxxxxxxxxxxxxxxxxxxxxxxxxxxxxxxxxxxxxxxxxxxxxxxxxxxxxxxxxxxxxxxxxxxxxxxxxxxxxxxxxxxxxxxxxxxxxxxxxxxx
...

Sheet Sch Parent Inputs
A2: Parent School Name: | B2: ='Subsidiary Inputs'!B2 -> Kiwi Park School | E2: Authority: | F2: State
A3: Year: | B3: 2026 | C3: Donations scheme: | D3: Yes | E3: Teen parent unit: | F3: Yes
B4: Check: | C4: =IF(SUBTOTAL(9,C9:C263)=0,"Balances","Does Not Balance") -> Balances | D4: =IF(SUBTOTAL(9,D9:D263)=0,"Balances","Does Not Balance") -> Balances | E4: =IF(SUBTOTAL(9,E9:E263)=0,"Balances","Does Not Balance") -> Balances | F4: =IF(SUBTOTAL(9,F9:F263)=0,"Balances","Does Not Balance") -> Balances
C6: =FY -> 2026 | D6: =FY -> 2026 | E6: =PY -> 2025 | F6: =FY -> 2026
A7: Kiwi Park Code | B7: Description | C7: Actual | D7: Budget (Unaudited) | E7: =C7 -> Actual | F7: Opening B/S
C8: $ | D8: $ | E8: $ | F8: $
B9: Revenue & Expenditure
B10: 1. Government Grants
B11: Revenue
A12: 1120 | B12: =IFERROR(VLOOKUP($A12,SchParentTBConverter,2,),"Missing") -> Government Grants - Ministry of Education | C12: ='Sch Parent TB Converter'!C16 -> 0 | D12: ='Sch Parent TB Converter'!D16 -> 0 | E12: ='Sch Parent TB Converter'!E16 -> 0 | F12: 0
A13: 1160 | B13: =IFERROR(VLOOKUP($A13,SchParentTBConverter,2,),"Missing") -> Teachers' Salaries Grants | C13: ='Sch Parent TB Converter'!C17 -> 0 | D13: ='Sch Parent TB Converter'!D17 -> 0 | E13: ='Sch Parent TB Converter'!E17 -> 0 | F13: 0
A14: 1170 | B14: =IFERROR(VLOOKUP($A14,SchParentTBConverter,2,),"Missing") -> Use of Land and Buildings Grants | C14: ='Sch Parent TB Converter'!C18 -> 0 | D14: ='Sch Parent TB Converter'!D18 -> 0 | E14: ='Sch Parent TB Converter'!E18 -> 0 | F14: 0
A15: 1181 | B15: =IFERROR(VLOOKUP($A15,SchParentTBConverter,2,),"Missing") -> Ka Ora, Ka Ako - Healthy School Lunches Programme | C15: ='Sch Parent TB Converter'!C19 -> 0 | D15: ='Sch Parent TB Converter'!D19 -> 0 | E15: ='Sch Parent TB Converter'!E19 -> 0 | F15: 0
A16: 1130 | B16: =IFERROR(VLOOKUP($A16,SchParentTBConverter,2,),"Missing") -> Other Government Grants | C16: ='Sch Parent TB Converter'!C20 -> 0 | D16: ='Sch Parent TB Converter'!D20 -> 0 | E16: ='Sch Parent TB Converter'!E20 -> 0 | F16: 0
B17: Total Government Grants | C17: =SUBTOTAL(9,C12:C16) -> 0 | D17: =SUBTOTAL(9,D12:D16) -> 0 | E17: =SUBTOTAL(9,E12:E16) -> 0 | F17: =SUBTOTAL(9,F12:F16) -> 0
B19: 2. Local Funds
B20: Revenue
A21: 1510 | B21: =IFERROR(VLOOKUP($A21,SchParentTBConverter,2,),"Missing") -> Fees for Extra Curricular Activities | C21: ='Sch Parent TB Converter'!C28 -> 0 | D21: ='Sch Parent TB Converter'!D28 -> 0 | E21: ='Sch Parent TB Converter'!E28 -> 0 | F21: 0
A22: 1520 | B22: =IFERROR(VLOOKUP($A22,SchParentTBConverter,2,),"Missing") -> Donations and Bequests | C22: ='Sch Parent TB Converter'!C24 -> 0 | D22: ='Sch Parent TB Converter'!D24 -> 0 | E22: ='Sch Parent TB Converter'!E24 -> 0 | F22: 0
A23: 1530 | B23: =IFERROR(VLOOKUP($A23,SchParentTBConverter,2,),"Missing") -> Fundraising & Community Grants | C23: ='Sch Parent TB Converter'!C25 -> 0 | D23: ='Sch Parent TB Converter'!D25 -> 0 | E23: ='Sch Parent TB Converter'!E25 -> 0 | F23: 0
A24: 1560 | B24: =IFERROR(VLOOKUP($A24,SchParentTBConverter,2,),"Missing") -> Trading | C24: ='Sch Parent TB Converter'!C27 -> 0 | D24: ='Sch Parent TB Converter'!D27 -> 0 | E24: ='Sch Parent TB Converter'!E27 -> 0 | F24: 0
A25: 1570 | B25: =IFERROR(VLOOKUP($A25,SchParentTBConverter,2,),"Missing") -> Other Revenue | C25: ='Sch Parent TB Converter'!C26 -> 0 | D25: ='Sch Parent TB Converter'!D26 -> 0 | E25: ='Sch Parent TB Converter'!E26 -> 0 | F25: 0
A26: 1473 | B26: =IFERROR(VLOOKUP($A26,SchParentTBConverter,2,),"Missing") -> International Student Fees | C26: ='Sch Parent TB Converter'!C29 -> 0 | D26: ='Sch Parent TB Converter'!D29 -> 0 | E26: ='Sch Parent TB Converter'!E29 -> 0 | F26: 0
B27: Total Revenue Local Funds | C27: =SUBTOTAL(9,C22:C26) -> 0 | D27: =SUBTOTAL(9,D22:D26) -> 0 | E27: =SUBTOTAL(9,E22:E26) -> 0 | F27: =SUBTOTAL(9,F22:F26) -> 0
B29: Expenses
A30: 2410 | B30: =IFERROR(VLOOKUP($A30,SchParentTBConverter,2,),"Missing") -> Extra Curricular Activities Costs | C30: ='Sch Parent TB Converter'!C32 -> 0 | D30: ='Sch Parent TB Converter'!D32 -> 0 | E30: ='Sch Parent TB Converter'!E32 -> 0 | F30: 0
A31: 2440 | B31: =IFERROR(VLOOKUP($A31,SchParentTBConverter,2,),"Missing") -> Trading | C31: ='Sch Parent TB Converter'!C33 -> 0 | D31: ='Sch Parent TB Converter'!D33 -> 0 | E31: ='Sch Parent TB Converter'!E33 -> 0 | F31: 0
A32: 2420 | B32: =IFERROR(VLOOKUP($A32,SchParentTBConverter,2,),"Missing") -> Fundraising and Community Grant Costs | C32: ='Sch Parent TB Converter'!C34 -> 0 | D32: ='Sch Parent TB Converter'!D34 -> 0 | E32: ='Sch Parent TB Converter'!E34 -> 0 | F32: 0
A33: 2430 | B33: =IFERROR(VLOOKUP($A33,SchParentTBConverter,2,),"Missing") -> Other Locally Raised Funds Expenditure | C33: ='Sch Parent TB Converter'!C35 -> 0 | D33: ='Sch Parent TB Converter'!D35 -> 0 | E33: ='Sch Parent TB Converter'!E35 -> 0 | F33: 0
A34: 2060 | B34: =IFERROR(VLOOKUP($A34,SchParentTBConverter,2,),"Missing") -> International Student - Employee Benefits - Salaries | C34: ='Sch Parent TB Converter'!C36 -> 0 | D34: ='Sch Parent TB Converter'!D36 -> 0 | E34: ='Sch Parent TB Converter'!E36 -> 0 | F34: 0
A35: 2062 | B35: =IFERROR(VLOOKUP($A35,SchParentTBConverter,2,),"Missing") -> International Student - Other Expenses | C35: ='Sch Parent TB Converter'!C37 -> 0 | D35: ='Sch Parent TB Converter'!D37 -> 0 | E35: ='Sch Parent TB Converter'!E37 -> 0 | F35: 0
B36: Total Expenses Local Funds | C36: =SUBTOTAL(9,C30:C35) -> 0 | D36: =SUBTOTAL(9,D30:D35) -> 0 | E36: =SUBTOTAL(9,E30:E35) -> 0 | F36: =SUBTOTAL(9,F30:F35) -> 0
B38: 3. Hostel
B39: Revenue
A40: 1410 | B40: =IFERROR(VLOOKUP($A40,SchParentTBConverter,2,),"Missing") -> Hostel Fees | C40: ='Sch Parent TB Converter'!C41 -> 0 | D40: ='Sch Parent TB Converter'!D41 -> 0 | E40: ='Sch Parent TB Converter'!E41 -> 0 | F40: 0
A41: 1450 | B41: =IFERROR(VLOOKUP($A41,SchParentTBConverter,2,),"Missing") -> Other Revenue | C41: ='Sch Parent TB Converter'!C42 -> 0 | D41: ='Sch Parent TB Converter'!D42 -> 0 | E41: ='Sch Parent TB Converter'!E42 -> 0 | F41: 0
A42: 1430 | B42: =IFERROR(VLOOKUP($A42,SchParentTBConverter,2,),"Missing") -> Student Contributions | C42: ='Sch Parent TB Converter'!C43 -> 0 | D42: ='Sch Parent TB Converter'!D43 -> 0 | E42: ='Sch Parent TB Converter'!E43 -> 0 | F42: 0
B43: Total Revenue Hostel | C43: =SUBTOTAL(9,C40:C42) -> 0 | D43: =SUBTOTAL(9,D40:D42) -> 0 | E43: =SUBTOTAL(9,E40:E42) -> 0 | F43: =SUBTOTAL(9,F40:F42) -> 0
B45: Expenditure
A46: 2024 | B46: =IFERROR(VLOOKUP($A46,SchParentTBConverter,2,),"Missing") -> Other Hostel Expenses | C46: ='Sch Parent TB Converter'!C46 -> 0 | D46: ='Sch Parent TB Converter'!D46 -> 0 | E46: ='Sch Parent TB Converter'!E46 -> 0 | F46: 0
A47: 2038 | B47: =IFERROR(VLOOKUP($A47,SchParentTBConverter,2,),"Missing") -> Employee Benefit - Salaries | C47: ='Sch Parent TB Converter'!C47 -> 0 | D47: ='Sch Parent TB Converter'!D47 -> 0 | E47: ='Sch Parent TB Converter'!E47 -> 0 | F47: 0
B48: Total Expenses Hostel | C48: =SUBTOTAL(9,C46:C47) -> 0 | D48: =SUBTOTAL(9,D46:D47) -> 0 | E48: =SUBTOTAL(9,E46:E47) -> 0 | F48: =SUBTOTAL(9,F46:F47) -> 0
B50: 4. Learning Resources
B51: Expenses
A52: 2310 | B52: =IFERROR(VLOOKUP($A52,SchParentTBConverter,2,),"Missing") -> Curricular | C52: ='Sch Parent TB Converter'!C51 -> 0 | D52: ='Sch Parent TB Converter'!D51 -> 0 | E52: ='Sch Parent TB Converter'!E51 -> 0 | F52: 0
A53: 2325 | B53: =IFERROR(VLOOKUP($A53,SchParentTBConverter,2,),"Missing") -> Information and Communication Technology | C53: ='Sch Parent TB Converter'!C52 -> 0 | D53: ='Sch Parent TB Converter'!D52 -> 0 | E53: ='Sch Parent TB Converter'!E52 -> 0 | F53: 0
A54: 2360 | B54: =IFERROR(VLOOKUP($A54,SchParentTBConverter,2,),"Missing") -> Other Learning Resource Expenses | C54: ='Sch Parent TB Converter'!C55 -> 0 | D54: ='Sch Parent TB Converter'!D55 -> 0 | E54: ='Sch Parent TB Converter'!E55 -> 0 | F54: ='Sch Parent TB Converter'!F55 -> 0
A55: 2370 | B55: =IFERROR(VLOOKUP($A55,SchParentTBConverter,2,),"Missing") -> Employee Benefits - Salaries | C55: ='Sch Parent TB Converter'!C53 -> 0 | D55: ='Sch Parent TB Converter'!D53 -> 0 | E55: ='Sch Parent TB Converter'!E53 -> 0 | F55: 0
A56: 2380 | B56: =IFERROR(VLOOKUP($A56,SchParentTBConverter,2,),"Missing") -> Staff Development | C56: ='Sch Parent TB Converter'!C54 -> 0 | D56: ='Sch Parent TB Converter'!D54 -> 0 | E56: ='Sch Parent TB Converter'!E54 -> 0 | F56: 0
B57: Total Expenses Learning Resources | C57: =SUBTOTAL(9,C52:C56) -> 0 | D57: =SUBTOTAL(9,D52:D56) -> 0 | E57: =SUBTOTAL(9,E52:E56) -> 0 | F57: =SUBTOTAL(9,F52:F56) -> 0
B59: 5. Administration
B60: Expenses
A61: 2120 | B61: =IFERROR(VLOOKUP($A61,SchParentTBConverter,2,),"Missing") -> Audit Fee | C61: ='Sch Parent TB Converter'!C60 -> 0 | D61: ='Sch Parent TB Converter'!D60 -> 0 | E61: ='Sch Parent TB Converter'!E60 -> 0 | F61: 0
A62: 2130 | B62: =IFERROR(VLOOKUP($A62,SchParentTBConverter,2,),"Missing") -> Board Fees and Expenses | C62: ='Sch Parent TB Converter'!C61 -> 0 | D62: ='Sch Parent TB Converter'!D61 -> 0 | E62: ='Sch Parent TB Converter'!E61 -> 0 | F62: 0
A63: 2136 | B63: =IFERROR(VLOOKUP($A63,SchParentTBConverter,2,),"Missing") -> Intervention Costs | C63: ='Sch Parent TB Converter'!C62 -> 0 | D63: ='Sch Parent TB Converter'!D62 -> 0 | E63: ='Sch Parent TB Converter'!E62 -> 0 | F63: 0
A64: 2170 | B64: =IFERROR(VLOOKUP($A64,SchParentTBConverter,2,),"Missing") -> Operating Lease | C64: ='Sch Parent TB Converter'!C63 -> 0 | D64: ='Sch Parent TB Converter'!D63 -> 0 | E64: ='Sch Parent TB Converter'!E63 -> 0 | F64: 0
A65: 2155 | B65: =IFERROR(VLOOKUP($A65,SchParentTBConverter,2,),"Missing") -> Legal Fees | C65: ='Sch Parent TB Converter'!C64 -> 0 | D65: ='Sch Parent TB Converter'!D64 -> 0 | E65: ='Sch Parent TB Converter'!E64 -> 0 | F65: 0
A66: 2160 | B66: =IFERROR(VLOOKUP($A66,SchParentTBConverter,2,),"Missing") -> Other Adminstration Expenses | C66: ='Sch Parent TB Converter'!C65 -> 0 | D66: ='Sch Parent TB Converter'!D65 -> 0 | E66: ='Sch Parent TB Converter'!E65 -> 0 | F66: 0
A67: 2180 | B67: =IFERROR(VLOOKUP($A67,SchParentTBConverter,2,),"Missing") -> Employee Benefits - Salaries | C67: ='Sch Parent TB Converter'!C66 -> 0 | D67: ='Sch Parent TB Converter'!D66 -> 0 | E67: ='Sch Parent TB Converter'!E66 -> 0 | F67: 0
A68: 2195 | B68: =IFERROR(VLOOKUP($A68,SchParentTBConverter,2,),"Missing") -> Insurance | C68: ='Sch Parent TB Converter'!C67 -> 0 | D68: ='Sch Parent TB Converter'!D67 -> 0 | E68: ='Sch Parent TB Converter'!E67 -> 0 | F68: 0
A69: 2110 | B69: =IFERROR(VLOOKUP($A69,SchParentTBConverter,2,),"Missing") -> Service Providers, Contractors and Consultancy | C69: ='Sch Parent TB Converter'!C59 -> 0 | D69: ='Sch Parent TB Converter'!D59 -> 0 | E69: ='Sch Parent TB Converter'!E59 -> 0 | F69: 0
A70: 2196 | B70: =IFERROR(VLOOKUP($A70,SchParentTBConverter,2,),"Missing") -> Ka Ora, Ka Ako - Healthy School Lunches Programme | C70: ='Sch Parent TB Converter'!C68 -> 0 | D70: ='Sch Parent TB Converter'!D68 -> 0 | E70: ='Sch Parent TB Converter'!E68 -> 0 | F70: 0
B71: Total Expenses Administration | C71: =SUBTOTAL(9,C61:C70) -> 0 | D71: =SUBTOTAL(9,D61:D70) -> 0 | E71: =SUBTOTAL(9,E61:E70) -> 0 | F71: =SUBTOTAL(9,F61:F70) -> 0
B73: 6. Other Revenue and Expenses
B74: Revenue
A75: 1710 | B75: =IFERROR(VLOOKUP($A75,SchParentTBConverter,2,),"Missing") -> Gain/Loss on Sale of Assets | C75: ='Sch Parent TB Converter'!C72 -> 0 | D75: ='Sch Parent TB Converter'!D72 -> 0 | E75: ='Sch Parent TB Converter'!E72 -> 0 | F75: 0
A76: 1320 | B76: =IFERROR(VLOOKUP($A76,SchParentTBConverter,2,),"Missing") -> Interest Received | C76: ='Sch Parent TB Converter'!C73 -> 0 | D76: ='Sch Parent TB Converter'!D73 -> 0 | E76: ='Sch Parent TB Converter'!E73 -> 0 | F76: 0
A77: 1330 | B77: =IFERROR(VLOOKUP($A77,SchParentTBConverter,2,),"Missing") -> Other Investment Income | C77: ='Sch Parent TB Converter'!C74 -> 0 | D77: ='Sch Parent TB Converter'!D74 -> 0 | E77: ='Sch Parent TB Converter'!E74 -> 0 | F77: 0
A78: 1720 | B78: =IFERROR(VLOOKUP($A78,SchParentTBConverter,2,),"Missing") -> Other Revenue | C78: ='Sch Parent TB Converter'!C75 -> 0 | D78: ='Sch Parent TB Converter'!D75 -> 0 | E78: ='Sch Parent TB Converter'!E75 -> 0 | F78: 0
A79: 1703 | B79: =IFERROR(VLOOKUP($A79,SchParentTBConverter,2,),"Missing") -> Use of Land and Buildings Integrated | C79: ='Sch Parent TB Converter'!C76 -> 0 | D79: ='Sch Parent TB Converter'!D76 -> 0 | E79: ='Sch Parent TB Converter'!E76 -> 0 | F79: 0
B80: Total Other Revenue | C80: =SUBTOTAL(9,C75:C79) -> 0 | D80: =SUBTOTAL(9,D75:D79) -> 0 | E80: =SUBTOTAL(9,E75:E79) -> 0 | F80: =SUBTOTAL(9,F75:F79) -> 0
B82: Expenses
A83: 2090 | B83: =IFERROR(VLOOKUP($A83,SchParentTBConverter,2,),"Missing") -> Interest | C83: ='Sch Parent TB Converter'!C79 -> 0 | D83: ='Sch Parent TB Converter'!D79 -> 0 | E83: ='Sch Parent TB Converter'!E79 -> 0 | F83: 0
A84: 2084 | B84: =IFERROR(VLOOKUP($A84,SchParentTBConverter,2,),"Missing") -> Impairment of PPE | C84: ='Sch Parent TB Converter'!C80 -> 0 | D84: ='Sch Parent TB Converter'!D80 -> 0 | E84: ='Sch Parent TB Converter'!E80 -> 0 | F84: 0
A85: 2070 | B85: =IFERROR(VLOOKUP($A85,SchParentTBConverter,2,),"Missing") -> Loss on Disposal of Assets | C85: ='Sch Parent TB Converter'!C81 -> 0 | D85: ='Sch Parent TB Converter'!D81 -> 0 | E85: ='Sch Parent TB Converter'!E81 -> 0 | F85: 0
A86: 2082 | B86: =IFERROR(VLOOKUP($A86,SchParentTBConverter,2,),"Missing") -> Loss on Uncollectable Accounts Receivable | C86: ='Sch Parent TB Converter'!C82 -> 0 | D86: ='Sch Parent TB Converter'!D82 -> 0 | E86: ='Sch Parent TB Converter'!E82 -> 0 | F86: 0
A87: 2086 | B87: =IFERROR(VLOOKUP($A87,SchParentTBConverter,2,),"Missing") -> Impairment Loss - Other | C87: ='Sch Parent TB Converter'!C83 -> 0 | D87: ='Sch Parent TB Converter'!D83 -> 0 | E87: ='Sch Parent TB Converter'!E83 -> 0 | F87: 0
A88: 2185 | B88: =IFERROR(VLOOKUP($A88,SchParentTBConverter,2,),"Missing") -> Transport Expenditure | C88: ='Sch Parent TB Converter'!C84 -> 0 | D88: ='Sch Parent TB Converter'!D84 -> 0 | E88: ='Sch Parent TB Converter'!E84 -> 0 | F88: 0
A89: 2840 | B89: =IFERROR(VLOOKUP($A89,SchParentTBConverter,2,),"Missing") -> Revaluation of equity investments | C89: ='Sch Parent TB Converter'!C85 -> 0 | D89: ='Sch Parent TB Converter'!D85 -> 0 | E89: ='Sch Parent TB Converter'!E85 -> 0 | F89: 0
B90: Total Other Expenses | C90: =SUBTOTAL(9,C83:C88) -> 0 | D90: =SUBTOTAL(9,D83:D88) -> 0 | E90: =SUBTOTAL(9,E83:E88) -> 0 | F90: =SUBTOTAL(9,F83:F88) -> 0
B92: 7. Property
B93: Expenses
A94: 2520 | B94: =IFERROR(VLOOKUP($A94,SchParentTBConverter,2,),"Missing") -> Consultancy and Contract Services | C94: ='Sch Parent TB Converter'!C89 -> 0 | D94: ='Sch Parent TB Converter'!D89 -> 0 | E94: ='Sch Parent TB Converter'!E89 -> 0 | F94: 0
A95: 2530 | B95: =IFERROR(VLOOKUP($A95,SchParentTBConverter,2,),"Missing") -> Cyclical Maintenance | C95: ='Sch Parent TB Converter'!C90 -> 0 | D95: ='Sch Parent TB Converter'!D90 -> 0 | E95: ='Sch Parent TB Converter'!E90 -> 0 | F95: 0
A96: 2550 | B96: =IFERROR(VLOOKUP($A96,SchParentTBConverter,2,),"Missing") -> Heat, Light and Water | C96: ='Sch Parent TB Converter'!C91 -> 0 | D96: ='Sch Parent TB Converter'!D91 -> 0 | E96: ='Sch Parent TB Converter'!E91 -> 0 | F96: 0
A97: 2575 | B97: =IFERROR(VLOOKUP($A97,SchParentTBConverter,2,),"Missing") -> Rates | C97: ='Sch Parent TB Converter'!C92 -> 0 | D97: ='Sch Parent TB Converter'!D92 -> 0 | E97: ='Sch Parent TB Converter'!E92 -> 0 | F97: 0
A98: 2580 | B98: =IFERROR(VLOOKUP($A98,SchParentTBConverter,2,),"Missing") -> Repairs and Maintenance | C98: ='Sch Parent TB Converter'!C93 -> 0 | D98: ='Sch Parent TB Converter'!D93 -> 0 | E98: ='Sch Parent TB Converter'!E93 -> 0 | F98: 0
A99: 2585 | B99: =IFERROR(VLOOKUP($A99,SchParentTBConverter,2,),"Missing") -> Use of Land and Buildings | C99: ='Sch Parent TB Converter'!C94 -> 0 | D99: ='Sch Parent TB Converter'!D94 -> 0 | E99: ='Sch Parent TB Converter'!E94 -> 0 | F99: 0
A100: 2560 | B100: =IFERROR(VLOOKUP($A100,SchParentTBConverter,2,),"Missing") -> Other Property Expenses | C100: ='Sch Parent TB Converter'!C96 -> 0 | D100: ='Sch Parent TB Converter'!D96 -> 0 | E100: ='Sch Parent TB Converter'!E96 -> 0 | F100: ='Sch Parent TB Converter'!F96 -> 0
A101: 2570 | B101: =IFERROR(VLOOKUP($A101,SchParentTBConverter,2,),"Missing") -> Employee Benefits - Salaries | C101: ='Sch Parent TB Converter'!C95 -> 0 | D101: ='Sch Parent TB Converter'!D95 -> 0 | E101: ='Sch Parent TB Converter'!E95 -> 0 | F101: 0
B102: Total Expenses Property | C102: =SUBTOTAL(9,C94:C101) -> 0 | D102: =SUBTOTAL(9,D94:D101) -> 0 | E102: =SUBTOTAL(9,E94:E101) -> 0 | F102: =SUBTOTAL(9,F94:F101) -> 0
B104: 8. Depreciation
B105: Expenses
A106: 2210 | B106: =IFERROR(VLOOKUP($A106,SchParentTBConverter,2,),"Missing") -> Buildings - School | C106: ='Sch Parent TB Converter'!C100 -> 0 | D106: ='Sch Parent TB Converter'!D100 -> 0 | E106: ='Sch Parent TB Converter'!E100 -> 0 | F106: 0
A107: 2215 | B107: =IFERROR(VLOOKUP($A107,SchParentTBConverter,2,),"Missing") -> Building Improvements - Crown | C107: ='Sch Parent TB Converter'!C101 -> 0 | D107: ='Sch Parent TB Converter'!D101 -> 0 | E107: ='Sch Parent TB Converter'!E101 -> 0 | F107: 0
B108: =IFERROR(VLOOKUP($A108,SchParentTBConverter,2,),"Missing") -> Missing | C108: ='Sch Parent TB Converter'!C102 -> 0 | D108: ='Sch Parent TB Converter'!D102 -> 0 | E108: ='Sch Parent TB Converter'!E102 -> 0 | F108: 0
A109: 2230 | B109: =IFERROR(VLOOKUP($A109,SchParentTBConverter,2,),"Missing") -> Furniture and Equipment | C109: ='Sch Parent TB Converter'!C103 -> 0 | D109: ='Sch Parent TB Converter'!D103 -> 0 | E109: ='Sch Parent TB Converter'!E103 -> 0 | F109: 0
A110: 2220 | B110: =IFERROR(VLOOKUP($A110,SchParentTBConverter,2,),"Missing") -> Information and Communication Technology | C110: ='Sch Parent TB Converter'!C104 -> 0 | D110: ='Sch Parent TB Converter'!D104 -> 0 | E110: ='Sch Parent TB Converter'!E104 -> 0 | F110: 0
A111: 2280 | B111: =IFERROR(VLOOKUP($A111,SchParentTBConverter,2,),"Missing") -> Intangible Assets | C111: ='Sch Parent TB Converter'!C105 -> 0 | D111: ='Sch Parent TB Converter'!D105 -> 0 | E111: ='Sch Parent TB Converter'!E105 -> 0 | F111: 0
A112: 2255 | B112: =IFERROR(VLOOKUP($A112,SchParentTBConverter,2,),"Missing") -> Motor Vehicles | C112: ='Sch Parent TB Converter'!C106 -> 0 | D112: ='Sch Parent TB Converter'!D106 -> 0 | E112: ='Sch Parent TB Converter'!E106 -> 0 | F112: 0
...

Sheet Subsidiary Trial Balance Input
C1: =IF(ROUND(SUM(C3:C808),0)=0,"Balances","Does Not Balance") -> Balances | D1: =IF(ROUND(SUM(D3:D808),0)=0,"Balances","Does Not Balance") -> Balances | E1: =IF(ROUND(SUM(E3:E808),0)=0,"Balances","Does Not Balance") -> Balances | F1: =IF(ROUND(SUM(F3:F808),0)=0,"Balances","Does Not Balance") -> Balances | G1: hide columns G+H before publishing
A2: Code | B2: Description | C2: ="Actual "&FY&" Amount" -> Actual 2026 Amount | D2: ="Budget "&FY&" Amount" -> Budget 2026 Amount | E2: ="Actual "&PY&" Amount" -> Actual 2025 Amount | F2: ="Opening B/S for Budget "&FY -> Opening B/S for Budget 2026 | I2: MOE Account Description | J2: Referencing Worksheet:
G3: =IF($A3="","",IFERROR(ROW(INDEX('Subsidiary TB Converter'!$ED$1:$ED$254,MATCH(TRUE,INDEX(ISNUMBER(SEARCH("x"&A3&"x",'Subsidiary TB Converter'!$ED$1:$ED$254)),0),0))),"")) | I3: =IF(AND($G3="",$A3=""),"",IF(AND($G3="",$A3<>""),"Missing from Converter Sheet",INDIRECT("'"&$J$3&"'!B"&G3))) | J3: =RIGHT(CELL("filename",'Subsidiary TB Converter'!$A$4),LEN(CELL("filename",'Subsidiary TB Converter'!$A$4))-FIND("]",CELL("filename",'Subsidiary TB Converter'!$A$4))) -> Subsidiary TB Converter
G4: =IF($A4="","",IFERROR(ROW(INDEX('Subsidiary TB Converter'!$ED$1:$ED$254,MATCH(TRUE,INDEX(ISNUMBER(SEARCH("x"&A4&"x",'Subsidiary TB Converter'!$ED$1:$ED$254)),0),0))),"")) | I4: =IF(AND($G4="",$A4=""),"",IF(AND($G4="",$A4<>""),"Missing from Converter Sheet",INDIRECT("'"&$J$3&"'!B"&G4)))
G5: =IF($A5="","",IFERROR(ROW(INDEX('Subsidiary TB Converter'!$ED$1:$ED$254,MATCH(TRUE,INDEX(ISNUMBER(SEARCH("x"&A5&"x",'Subsidiary TB Converter'!$ED$1:$ED$254)),0),0))),"")) | I5: =IF(AND($G5="",$A5=""),"",IF(AND($G5="",$A5<>""),"Missing from Converter Sheet",INDIRECT("'"&$J$3&"'!B"&G5)))
G6: =IF($A6="","",IFERROR(ROW(INDEX('Subsidiary TB Converter'!$ED$1:$ED$254,MATCH(TRUE,INDEX(ISNUMBER(SEARCH("x"&A6&"x",'Subsidiary TB Converter'!$ED$1:$ED$254)),0),0))),"")) | I6: =IF(AND($G6="",$A6=""),"",IF(AND($G6="",$A6<>""),"Missing from Converter Sheet",INDIRECT("'"&$J$3&"'!B"&G6)))
G7: =IF($A7="","",IFERROR(ROW(INDEX('Subsidiary TB Converter'!$ED$1:$ED$254,MATCH(TRUE,INDEX(ISNUMBER(SEARCH("x"&A7&"x",'Subsidiary TB Converter'!$ED$1:$ED$254)),0),0))),"")) | I7: =IF(AND($G7="",$A7=""),"",IF(AND($G7="",$A7<>""),"Missing from Converter Sheet",INDIRECT("'"&$J$3&"'!B"&G7)))
G8: =IF($A8="","",IFERROR(ROW(INDEX('Subsidiary TB Converter'!$ED$1:$ED$254,MATCH(TRUE,INDEX(ISNUMBER(SEARCH("x"&A8&"x",'Subsidiary TB Converter'!$ED$1:$ED$254)),0),0))),"")) | I8: =IF(AND($G8="",$A8=""),"",IF(AND($G8="",$A8<>""),"Missing from Converter Sheet",INDIRECT("'"&$J$3&"'!B"&G8)))
G9: =IF($A9="","",IFERROR(ROW(INDEX('Subsidiary TB Converter'!$ED$1:$ED$254,MATCH(TRUE,INDEX(ISNUMBER(SEARCH("x"&A9&"x",'Subsidiary TB Converter'!$ED$1:$ED$254)),0),0))),"")) | I9: =IF(AND($G9="",$A9=""),"",IF(AND($G9="",$A9<>""),"Missing from Converter Sheet",INDIRECT("'"&$J$3&"'!B"&G9)))
G10: =IF($A10="","",IFERROR(ROW(INDEX('Subsidiary TB Converter'!$ED$1:$ED$254,MATCH(TRUE,INDEX(ISNUMBER(SEARCH("x"&A10&"x",'Subsidiary TB Converter'!$ED$1:$ED$254)),0),0))),"")) | I10: =IF(AND($G10="",$A10=""),"",IF(AND($G10="",$A10<>""),"Missing from Converter Sheet",INDIRECT("'"&$J$3&"'!B"&G10)))
G11: =IF($A11="","",IFERROR(ROW(INDEX('Subsidiary TB Converter'!$ED$1:$ED$254,MATCH(TRUE,INDEX(ISNUMBER(SEARCH("x"&A11&"x",'Subsidiary TB Converter'!$ED$1:$ED$254)),0),0))),"")) | I11: =IF(AND($G11="",$A11=""),"",IF(AND($G11="",$A11<>""),"Missing from Converter Sheet",INDIRECT("'"&$J$3&"'!B"&G11)))
G12: =IF($A12="","",IFERROR(ROW(INDEX('Subsidiary TB Converter'!$ED$1:$ED$254,MATCH(TRUE,INDEX(ISNUMBER(SEARCH("x"&A12&"x",'Subsidiary TB Converter'!$ED$1:$ED$254)),0),0))),"")) | I12: =IF(AND($G12="",$A12=""),"",IF(AND($G12="",$A12<>""),"Missing from Converter Sheet",INDIRECT("'"&$J$3&"'!B"&G12)))
G13: =IF($A13="","",IFERROR(ROW(INDEX('Subsidiary TB Converter'!$ED$1:$ED$254,MATCH(TRUE,INDEX(ISNUMBER(SEARCH("x"&A13&"x",'Subsidiary TB Converter'!$ED$1:$ED$254)),0),0))),"")) | I13: =IF(AND($G13="",$A13=""),"",IF(AND($G13="",$A13<>""),"Missing from Converter Sheet",INDIRECT("'"&$J$3&"'!B"&G13)))
G14: =IF($A14="","",IFERROR(ROW(INDEX('Subsidiary TB Converter'!$ED$1:$ED$254,MATCH(TRUE,INDEX(ISNUMBER(SEARCH("x"&A14&"x",'Subsidiary TB Converter'!$ED$1:$ED$254)),0),0))),"")) | I14: =IF(AND($G14="",$A14=""),"",IF(AND($G14="",$A14<>""),"Missing from Converter Sheet",INDIRECT("'"&$J$3&"'!B"&G14)))
G15: =IF($A15="","",IFERROR(ROW(INDEX('Subsidiary TB Converter'!$ED$1:$ED$254,MATCH(TRUE,INDEX(ISNUMBER(SEARCH("x"&A15&"x",'Subsidiary TB Converter'!$ED$1:$ED$254)),0),0))),"")) | I15: =IF(AND($G15="",$A15=""),"",IF(AND($G15="",$A15<>""),"Missing from Converter Sheet",INDIRECT("'"&$J$3&"'!B"&G15)))
... G505: =IF($A505="","",IFERROR(ROW(INDEX('Subsidiary TB Converter'!$ED$1:$ED$254,MATCH(TRUE,INDEX(ISNUMBER(SEARCH("x"&A505&"x",'Subsidiary TB Converter'!$ED$1:$ED$254)),0),0))),"")) | I505: =IF(AND($G505="",$A505=""),"",IF(AND($G505="",$A505<>""),"Missing from Converter Sheet",INDIRECT("'"&$J$3&"'!B"&G505)))
G506: =IF($A506="","",IFERROR(ROW(INDEX('Subsidiary TB Converter'!$ED$1:$ED$254,MATCH(TRUE,INDEX(ISNUMBER(SEARCH("x"&A506&"x",'Subsidiary TB Converter'!$ED$1:$ED$254)),0),0))),"")) | H506: 1 | I506: 0

Sheet Subsidiary TB Converter
A1: Subsidiary Trial Balance Converter
